Workbook

Sheet Daily Cost Calc
A1: DAILY COST OF CARE CALCULATIONS
A2: Total Institutional Costs | B2: ='BILLING RATE CALC'!F24 -> 2.6065306e+08
A3: Daily Cost (Divided by 365 days) | B3: =B2/365 -> 714117.98
A4: Average Daily Institutional Population for Fiscal Year 2017 | B4: =B5/365 -> 4394.9592
A5: Annual Total Mandays for Fiscal Year 2017 | B5: ='Inmate Avg Daily Population'!O18 -> 1604160.1
A6: Daily Cost per Institutional Prisoner | B6: ='BILLING RATE CALC'!G24 -> 162.48569
A9: Total Community Residential Centers Costs | B9: ='COST ALLOCATION'!J36 -> 20743454
A10: Daily Cost (Divided by 365 days) | B10: =B9/365 -> 56831.381
A11: Average Daily CRC Population for Fiscal Year 2017 | B11: ='Inmate Avg Daily Population'!N20+'Inmate Avg Daily Population'!N21 -> 443.80167
A12: Annual Total Mandays for Fiscal Year 2017 | B12: =B11*365 -> 161987.61
A13: Daily Cost Per Community Residential Center Inmate | B13: =B10/B11 -> 128.05581
A16: Total Probation/Parole Costs | B16: ='COST ALLOCATION'!J33+'COST ALLOCATION'!J32 -> 18125814
A17: Daily Cost (Divided by 365 days) | B17: =B16/365 -> 49659.766
A18: Average Daily Probationers/Parole Served for Fiscal Year 2017 | B18: ='Monthly PO Workload Stats'!O297 -> 5187.0833 | C18: ?
A19: Annual Total Mandays for Fiscal Year 2017 | B19: =B18*365 -> 1893285.4
A20: Daily Cost per Probationer/Parolee | B20: =B17/B18 -> 9.5737359
A23: Total Community Jail Costs | B23: ='COST ALLOCATION'!J31 -> 7254130.1
A24: Daily Cost (Divided by 365 days) | B24: =B23/365 -> 19874.329
A25: Average Daily Community Jail Population for Fiscal Year 2017 | B25: ='Avg Daily Community Jails'!H105 -> 60.238904 | C25: ?
A26: Annual Total Mandays for Fiscal Year 2017 | B26: =B25*365 -> 21987.2
A27: Daily Cost per Prisoner | B27: =B24/B25 -> 329.92514
A30: Total Electronic Monitoring Costs | B30: ='COST ALLOCATION'!J35 -> 3011001
A31: Daily Cost (Divided by 365 days) | B31: =B30/365 -> 8249.3178
A32: Average Daily Electronic Monitoring Population for Fiscal Year 2017 | B32: ='Inmate Avg Daily Population'!N23 -> 286.83333 | C32: ?
A33: Annual Total Mandays for Fiscal Year 2017 | B33: =B32*365 -> 104694.17
A34: Daily Cost per Prisoner | B34: =B31/B32 -> 28.759969
A37: Total Out-of-State Contractual Costs | B37: ='COST ALLOCATION'!J34 -> 248874.41
A38: Daily Cost (Divided by 365 days) | B38: =B37/365 -> 681.84771
A39: Average Daily Out-of-State Population for Fiscal Year 2017 | B39: ='Inmate Avg Daily Population'!N24+'Inmate Avg Daily Population'!N25 -> 9
A40: Annual Total Mandays for Fiscal Year 2017 | B40: =B39*365 -> 3285
A41: Daily Cost Per Prisoner | B41: =B38/B39 -> 75.760857
A44: Revised 10/26/17 lj

Sheet Sched-A
A1: COST SHEET FOR DETENTION SERVICES
A2: Section I - General Information
A3: Name of Facility: | B3: Department of Corrections | E3: Physical Address of Facility: | H3: Juneau, Alaska
A4: Phone Number: | B4: (907) 465-3460
A5: Section II - Financial Data Summary
A6: Total Operating Cost for Jail:
A7: A. Time Frame | C7: From: | D7: 42552 | E7: To: | F7: 42916
D8: (month/year) | F8: (month/year) | H8: Annual Cost
A9: B. Total Personnel salary/wage costs (Schedule B - Part I) | H9: ='Sched-B1'!B17 -> 90461084
A10: C. Total Personnel Benefits/Other Personnel Services (Schedule B - Part II) | H10: ='Sched-B1'!C17+'Sched-B1'!D17 -> 54585144
A11: D. Total Consultants and Contract Services (Schedule C) | H11: ='Sched-C'!D24 -> 23049571
A12: E. Other Direct Operating costs (Schedule D1 and D2) | H12: ='Sched-D1'!F659+'Sched-D2'!F123 -> 74540064
A13: F. Indirect Costs (Schedule E)* | H13: ='Sched-E'!E3 -> 10413322
A14: G. Equipment Depreciation costs (Schedule F) | H14: ='Sched-F-G'!C18 -> 611345
A15: H. Building Depreciation Costs (Schedule G) | H15: ='Sched-F-G'!D38 -> 7493031.7
A16: I. Total Operating Costs (Sum of Schedules B-G) | H16: =SUM(H9:H15) -> 2.6115356e+08
A17: Total Actual Operating Cost for Prior Fiscal Year
A19: COST SHEET FOR DETENTION SERVICES (continued)
A20: Section III - Prisoner Population Information
A21: Time Frame of Prisoner Information | E21: FROM: | F21: 42552 | G21: TO: | H21: 42916
A22: (must correspond with time frame on previous page) | F22: (month/year) | H22: (month/year)
A23: Inmate Capacity of Jail: | D23: MALE | F23: FEMALE | H23: TOTAL
D24: - | F24: - | H24: 4838
A25: Average Daily Population: | D25: MALE | F25: FEMALE | H25: TOTAL
A26: Type of Prisoner | C26: Federal | D26: - | F26: -
C27: Local | D27: - | F27: -
C28: State | D28: - | F28: -
C29: Total | D29: =H29-F29 -> 3957.6003 | F29: ='IADP-By Gender'!J21 -> 436.2414 | H29: ='Inmate Avg Daily Population'!N18 -> 4393.8417
A30: Section IV - Per Diem
A31: Proposed Per Diem Rate for Federal Prisoners: | F31: ='BILLING RATE CALC'!G24 -> 162.48569
A32: State Prisoner Per Diem Rate: | F32: ='BILLING RATE CALC'!G24 -> 162.48569
A33: Section V - Local Government Contact
A34: Please provide the name of the individual authorized to represent and to act for the Local Government in jail day rate negotiations.
A35: Name | B35: April Wilkerson | E35: Department/Office | G35: State of Alaska, Dept of Corrections
A36: Title | B36: Director, Admin. Services | E36: Street | G36: PO Box 112000
A37: Phone | B37: (907) 269-7397 | E37: City | F37: Juneau | G37: State/Zip | H37: AK, 99811
A38: Fax | B38: (907) 465-3315
A39: Section VI - Certification Statement
A40: This is to certify that, to the vest of my knowledge and belief, the data furnished in Schedules B through G are accurate, complete and current, and do not include any unallocable, or unallowable costs prohibited by OMB Circular No. A-87 (Cost Principles for State and Local Governments) or any cost not related to the jail facility as discussed on Form USM-243 (Cost Sheet for Detention Services.) The records of this agency are available for review and audit by the authorized representative of the U.S. Government to verify any jail per diem rate negotiated.
A41: Signature | F41: Date
A42: Name | B42: April Wilkerson | F42: Title | G42: Director, Administrative Services

Sheet Sched-B1
A1: TOTAL PERSONAL SERVICES
A2: BY INDIVIDUAL INSTITUTIONS
A3: Facility | B3: Total Wages | C3: Total Benefits | D3: Other Personal Services | E3: Total Personal Services | F3: Number of Employees | G3: General Capacity
A4: Anchorage Complex | B4: 16161220 | C4: 9864166.8 | D4: 13252.86 | E4: =SUM(B4:D4) -> 26038640 | F4: 240 | G4: 829
A5: Anvil Mtn. CC | B5: 3368640.4 | C5: 1848353.5 | D5: -20.1 | E5: =SUM(B5:D5) -> 5216973.9 | F5: 39 | G5: 126
A6: Comb Hiland Mtn. CC | B6: 7063369.5 | C6: 4189129.8 | D6: 2723.97 | E6: =SUM(B6:D6) -> 11255223 | F6: 96 | G6: 395
A7: Fairbanks CC | B7: 6040861 | C7: 3649796.3 | D7: 3638.88 | E7: =SUM(B7:D7) -> 9694296.1 | F7: 89 | G7: 248
A8: Goose Creek CC | B8: 19390841 | C8: 12538097 | D8: 14653.67 | E8: =SUM(B8:D8) -> 31943591 | F8: 333 | G8: 1408
A9: Ketchikan CC | B9: 2456623.4 | C9: 1473252.1 | D9: 2456.08 | E9: =SUM(B9:D9) -> 3932331.5 | F9: 35 | G9: 52
A10: Lemon Creek CC | B10: 5316581.7 | C10: 3085329.2 | D10: 4198.43 | E10: =SUM(B10:D10) -> 8406109.3 | F10: 74 | G10: 226
A11: Mat-Su CC | B11: 3344930.8 | C11: 2001965.5 | D11: 2059.18 | E11: =SUM(B11:D11) -> 5348955.5 | F11: 38 | G11: 98
A12: Palmer CC & PMCF | B12: 3382878.1 | C12: 2003771 | D12: 1122.14 | E12: =SUM(B12:D12) -> 5387771.3 | F12: 95 | G12: 128
A13: Spring Creek CC | B13: 11762011 | C13: 6908768.2 | D13: 9269.54 | E13: =SUM(B13:D13) -> 18680049 | F13: 171 | G13: 535
A14: Wildwood CC | B14: 7587144.3 | C14: 4599044 | D14: 5122.03 | E14: =SUM(B14:D14) -> 12191310 | F14: 115 | G14: =320+110 -> 430
A15: Yukon Kuskokwim CC | B15: 4585982.7 | C15: 2360319.3 | D15: 4674.77 | E15: =SUM(B15:D15) -> 6950976.7 | F15: 41 | G15: 189
A16: Pt. MacKenzie CF | B16: 0 | C16: 0 | D16: 0 | E16: =SUM(B16:D16) -> 0 | F16: 0 | G16: 0
A17: Total | B17: =SUM(B4:B16) -> 90461084 | C17: =SUM(C4:C16) -> 54521993 | D17: =SUM(D4:D16) -> 63151.45 | E17: =SUM(E4:E16) -> 1.4504623e+08 | F17: =SUM(F4:F16) -> 1366 | G17: =SUM(G4:G16) -> 4664
A19: Revised 9/15/17 lj

Sheet Sched-B2
A1: PERSONAL SERVICES BENEFITS BY INDIVIDUAL INSTITUTIONS
A2: Institution | B2: Benefit | C2: %Employer Contribution | D2: Annual Cost | E2: Sub-Total | F2: IRIS Codes
A3: Anchorage Complex | B3: Annual Physical Reimbursement | C3: not a set $ | F3: 1027
B4: AK Supplemental Benefit | C4: 0.0613 | F4: 1028
B5: Public Employee's Retirement System Defined Benefits | C5: 0.22 | F5: 1029
B6: Public Employee's Retirement System Defined Contribution | C6: - | F6: 1030
B7: Public Employee's Retirement System Defined Cont Health Reim | C7: - | F7: 1034
B8: Public Employee's Retiremnt Sys Defined Cont Retiree Medical | C8: - | F8: 1035
B9: Public Employee's Retiremnt Sys Defined Benefit Unfnd Liab | C9: - | F9: 1037
B10: Unemployment Insurance | C10: 0.004 | F10: 1039
B11: Group Health Insurance | C11: $1350.25/mo | F11: 1040
B12: Basic Life and Travel | C12: $0.00/mo.pp | F12: 1041
B13: Worker's Compensation Insurance | C13: 0.0004 | F13: 1042
B14: Leave Cash In Employer Charge | C14: 0.0226 | F14: 1047
B15: Terminal Leave Employer Charge | C15: 0.0103 | F15: 1048
B16: ACOA Injury Leave Contribution | C16: $8.00/mo | F16: 1049
B17: Leave- Holiday
B18: Medicare Tax | C18: 0.0145 | F18: 1053
B19: Other Personal Services | F19: 1004 | G19: :Total Object Category
E20: 9877419.7 | G20: ='Sched-B1'!C4+'Sched-B1'!D4 -> 9877419.7 | H20: =E20-G20 -> 0
A21: Anvil Mtn. CC | B21: Annual Physical Reimbursement | C21: not a set $ | D21: 0
B22: AK Supplemental Benefit | C22: 0.0613
B23: Public Employee's Retirement System Defined Benefits | C23: 0.22
B24: Public Employee's Retirement System Defined Contribution | C24: -
B25: Public Employee's Retirement System Defined Cont Health Reim | C25: -
B26: Public Employee's Retiremnt Sys Defined Cont Retiree Medical | C26: -
B27: Public Employee's Retiremnt Sys Defined Benefit Unfnd Liab | C27: -
B28: Unemployment Insurance | C28: =C10 -> 0.004
B29: Group Health Insurance | C29: =C11 -> $1350.25/mo
B30: Basic Life & Travel | C30: $0.00/mo.pp
B31: Workman's Compensation | C31: =C13 -> 0.0004
B32: Leave Cash-in/Payout | C32: =C14 -> 0.0226
B33: Terminal Leave Charge | C33: =C15 -> 0.0103
B34: Injury Leave Contribution | C34: =C16 -> $8.00/mo
B35: Medicare Tax | C35: =C18 -> 0.0145
B36: Other Personal Services
E37: 1848333.4 | G37: ='Sched-B1'!C5+'Sched-B1'!D5 -> 1848333.4 | H37: =E37-G37 -> 0
A38: Comb Hiland Mt.CC | B38: Annual Physical Reimbursement | C38: not a set $
B39: AK Supplemental Benefit | C39: 0.0613
B40: Public Employee's Retirement System Defined Benefits | C40: =C5 -> 0.22
B41: Public Employee's Retirement System Defined Contribution | C41: -
B42: Public Employee's Retirement System Defined Cont Health Reim | C42: -
B43: Public Employee's Retiremnt Sys Defined Cont Retiree Medical | C43: -
B44: Public Employee's Retiremnt Sys Defined Benefit Unfnd Liab | C44: -
B45: Unemployment Insurance | C45: =C10 -> 0.004
B46: Group Health Insurance | C46: =C11 -> $1350.25/mo
B47: Basic Life & Travel | C47: $0.00/mo.pp
B48: Workman's Compensation | C48: =C13 -> 0.0004
B49: Leave Cash-in/Payout | C49: =C14 -> 0.0226
B50: Terminal Leave Charge | C50: =C15 -> 0.0103
B51: Injury Leave Contribution | C51: $8.00/mo
B52: Medicare Tax | C52: =C18 -> 0.0145
B53: Other Personal Services
E54: 4191853.7 | G54: ='Sched-B1'!C6+'Sched-B1'!D6 -> 4191853.7 | H54: =E54-G54 -> 0
A55: Fairbanks CC | B55: Annual Physical Reimbursement | C55: not a set $
B56: AK Supplemental Benefit | C56: 0.0613
B57: Public Employee's Retirement System Defined Benefits | C57: 0.22
B58: Public Employee's Retirement System Defined Contribution | C58: -
B59: Public Employee's Retirement System Defined Cont Health Reim | C59: -
B60: Public Employee's Retiremnt Sys Defined Cont Retiree Medical | C60: -
B61: Public Employee's Retiremnt Sys Defined Benefit Unfnd Liab | C61: -
B62: Unemployment Insurance | C62: 0.0036
B63: Group Health Insurance | C63: =C11 -> $1350.25/mo
B64: Basic Life & Travel | C64: $0.00/mo.pp
B65: Workman's Compensation | C65: =C13 -> 0.0004
B66: Leave Cash-in/Payout | C66: =C14 -> 0.0226
B67: Terminal Leave Charge | C67: =C15 -> 0.0103
B68: Injury Leave Contribution | C68: $8.00/mo
B69: Medicare Tax | C69: 0.0145
B70: Other Personal Services
E71: 3653435.1 | G71: ='Sched-B1'!C7+'Sched-B1'!D7 -> 3653435.1 | H71: =E71-G71 -> 0
A72: Goose Creek CC | B72: Annual Physical Reimbursement | C72: not a set $ | D72: 0
B73: AK Supplemental Benefit | C73: 0.0613
B74: Public Employee's Retirement System Defined Benefits | C74: 0.22
B75: Public Employee's Retirement System Defined Contribution | C75: -
B76: Public Employee's Retirement System Defined Cont Health Reim | C76: -
B77: Public Employee's Retiremnt Sys Defined Cont Retiree Medical | C77: -
B78: Public Employee's Retiremnt Sys Defined Benefit Unfnd Liab | C78: -
B79: Unemployment Insurance | C79: 0.0036
B80: Group Health Insurance | C80: =C11 -> $1350.25/mo
B81: Basic Life & Travel | C81: $0.00/mo.pp
B82: Workman's Compensation | C82: =C13 -> 0.0004
B83: Leave Cash-in/Payout | C83: =C14 -> 0.0226
B84: Terminal Leave Charge | C84: =C15 -> 0.0103
B85: Injury Leave Contribution | C85: $8.00/mo
B86: Medicare Tax | C86: 0.0145
B87: Other Personal Services
E88: 12552751 | G88: ='Sched-B1'!C8+'Sched-B1'!D8 -> 12552751 | H88: =E88-G88 -> 0
A89: Ketchikan CC | B89: Annual Physical Reimbursement | C89: not a set $ | D89: 0
B90: AK Supplemental Benefit | C90: 0.0613
B91: Public Employee's Retirement System Defined Benefits | C91: 0.22
B92: Public Employee's Retirement System Defined Contribution | C92: -
B93: Public Employee's Retirement System Defined Cont Health Reim | C93: -
B94: Public Employee's Retiremnt Sys Defined Cont Retiree Medical | C94: -
B95: Public Employee's Retiremnt Sys Defined Benefit Unfnd Liab | C95: -
B96: Unemployment Insurance | C96: 0.0036
B97: Group Health Insurance | C97: =C11 -> $1350.25/mo
B98: Basic Life & Travel | C98: $0.00/mo.pp
B99: Workman's Compensation | C99: =C13 -> 0.0004
B100: Leave Cash-in/Payout | C100: =C14 -> 0.0226
...

Sheet Sched-C
A1: CONSULTANTS & CONTRACT SERVICES
A2: Type of Service | B2: Description of Service | C2: Number of Contracts | D2: Annual Cost | E2: IRIS CODES
A3: MEDICAL | B3: Non-employee contracted | C3: =29+6+12 -> 47 | D3: 19122219 | E3: 3041
B4: physicians/nurses/PAs/X-ray
B5: Non-employee fee for services | C5: -
B6: physicians/nurses/PAs/X-ray
A8: DENTAL | B8: Non-employee contracted | C8: =6 -> 6 | D8: 337011.47 | E8: 3042
B9: dentist/hygienist/assistant
B10: Non-employee fee for service | C10: -
B11: dentist/hygienist/assistant
A13: SOCIAL COUNSELING | B13: Non-employee contracted | C13: =1+1+23 -> 25 | D13: =1341550.89+1312460.31+68500+106200 -> 2828711.2 | E13: 3040 | F13: Batterer's RSA | G13: FY17: 2 RSA's (BIP $ 68,500 /PBP $ 106,200): DPS
B14: substance abuse,batterers & | G14: =68500+106200 -> 174700
B15: sex offender treatment
A17: PSYCHOLOGICAL | B17: Non-employee contracted | C17: =1+10+5 -> 16 | D17: =3415640-1341550.89-1312460.31 -> 761628.8 | E17: 3040
A18: COUNSELING | B18: mental health,psychiatric &
B19: psychological services
B20: Non-employee fee for service | C20: -
B21: mental health,psychiatric &
B22: psychological services
A24: TOTAL | C24: =SUM(C3:C23) -> 94 | D24: =SUM(D3:D23) -> 23049571
A26: Revised 10/09/17 lj

Sheet Sched-D1
A1: OTHER DIRECT JAIL OPERATING COSTS
A2: Institution | B2: Description of Cost | D2: Annual Cost | F2: Total | G2: IRIS CODES | H2: CK
A3: Anchorage Complex | B3: Travel | E3: 1247.11 | G3: 2000
B4: Non-Interagency Svcs | D4: =857225.33-491598.64 -> 365626.69 | E4: =SUM(D4:D33) -> 2040042.4
B5: Training/Conferences | G5: 3000
B6: Memberships | G6: 3002
B7: Penalties And Fines | G7: 3013
B8: Claim/Judgement Non-Taxable | G8: 3016
B9: Uncleared 1Card Transactions | G9: 3019
B10: Utilities | D10: 1674415.7 | G10: 2100 | H10: :From Alder Report by Location
B11: Software Licensing | G11: 3032
B12: Software Maintenance | G12: 3033
B13: Long Distance | G13: 3035
B14: Local/Equipment Charges | G14: 3036
B15: Data/Network | G15: 3037
B16: Cellular Phones | G16: 3038
B17: Psychiatric | G17: 3040
B18: Medical | G18: 3041
B19: Freight | G19: 3043
B20: Courier | G20: 3044
B21: Postage | G21: 3045
B22: Water and Sewage | G22: 3049
... B32: Commission Sales | G32: 3069
B34: Interagency Services | D34: 549052.8 | E34: =SUM(D34) -> 549052.8 | G34: 3001
B35: Commodities / Supplies | E35: =SUM(D36:D41) -> 2445672.7
C36: Business | D36: 348416.82 | G36: 4000
C37: Agricultural
C38: Household/Institutional | D38: 1822117.8
C39: Scientific & Medical | D39: 7795.54
C40: Safety | D40: 74399.66
C41: Repair/Maintenance Supplies | D41: 192942.92
B42: Capital Outlay
B43: Equipment & Industrial | D43: 15000 | E43: =D43 -> 15000 | G43: 5000 | J43: =F44-4950063 -> 100952.02
F44: =SUM(E3:E43) -> 5051015 | H44: ='Sched-B1'!B4+'Sched-B2'!E20+'Sched-D1'!F44-29906837.97-1674415.73 -> -491598.64
A45: Anvil Mtn. Correctional | B45: Travel | E45: =11794.07+167.95 -> 11962.02
B46: Non-Interagency Svcs | D46: =174666.35-60007.35 -> 114659 | E46: =SUM(D46:D78) -> 413091.81 | H46: =E46+30371.22 -> 443463.03
B47: Less: DHSS RSA Youth Meals | D47: -30371.22 | H47: =H46-E46 -> 30371.22 | I47: Budgeted
B48: Training/Conferences | G48: 3000
B49: Memberships | G49: 3002
B50: Penalties And Fines | G50: 3013
B51: Claim/Judgement Non-Taxable | G51: 3016
B52: Uncleared 1Card Transactions | G52: 3019
B53: Utilities | D53: 328804.03
B54: Software Licensing | G54: 3032
B55: Software Maintenance | G55: 3033
B56: Television | G56: 3034
B57: Long Distance | G57: 3035
B58: Local/Equipment Charges | G58: 3036
B59: Data/Network | G59: 3037
B60: Cellular Phones | G60: 3038
B61: Psychiatric | G61: 3040
B62: Medical | G62: 3041
B63: Freight | G63: 3043
B64: Courier | G64: 3044
B65: Postage | G65: 3045
B66: Electricity | G66: 3048
B67: Water and Sewage | G67: 3049
B68: Disposal | G68: 3050
B69: Inspections/Testing | G69: 3055
B70: Structure, Infrastructure and Land - Rentals/Leases | G70: 3057
B71: Equipment and Machinery - Repairs/Maintenance | G71: 3058
B72: Equipment and Machinery - Rentals/Leases | G72: 3059
B73: Conservation/Enviromental | G73: 3061
B74: Interpreter | G74: 3064
B75: Print/Copy/Graphics | G75: 3066
B76: Honorariums/Stipend | G76: 3067
B77: Laundry | G77: 3068
B78: Commission Sales | G78: 3069
B79: Interagency Services | D79: 101450.35 | E79: =SUM(D79) -> 101450.35
B80: Commodities / Supplies | E80: =SUM(D81:D87) -> 463308.93
C81: Business | D81: 119946.43
C82: Agricultural | D82: 0
C83: Household/Institutional | D83: 306387
C84: Scientific & Medical | D84: 3057.19
C85: Safety | D85: 12852.41
C86: Repair/Maintenance Supplies | D86: 21065.9 | G86: 4005
B87: Capital Outlay | D87: 0
B88: Equipment & Industrial | D88: 0 | E88: =D88 -> 0
F89: =SUM(E45:E89) -> 989813.11 | H89: ='Sched-B1'!B5+'Sched-B2'!E37+'Sched-D1'!F89-5968361.51-328804.03+30371.22 -> -60007.35
A90: Hiland Mtn. Correctional | B90: Travel | E90: 0 | G90: 2000
B91: Non-Interagency Svcs | D91: =515641.96-233105.46 -> 282536.5 | E91: =SUM(D91:D127) -> 1090756.5
B92: Training/Conferences | G92: 3000
B93: Memberships | G93: 3002
B94: Employee Tuition | G94: 3003
B95: Penalties And Fines | G95: 3013
B96: Claim/Judgement Non-Taxable | G96: 3016
B97: Uncleared 1Card Transactions | G97: 3019
B98: Utilities | D98: 808220.02
B99: Software Licensing | G99: 3032
B100: Software Maintenance | G100: 3033
B101: Television | G101: 3034
B102: Long Distance | G102: 3035
B103: Local/Equipment Charges | G103: 3036
B104: Data/Network | G104: 3037
B105: Cellular Phones | G105: 3038
B106: Psychiatric | G106: 3040
B107: Medical | G107: 3041
B108: Freight | G108: 3043
B109: Courier | G109: 3044
B110: Postage | G110: 3045
...

Sheet Sched-D2
A1: OTHER DIRECT JAIL OPERATING COSTS
A2: Institution | B2: Description of Cost | D2: Annual Cost | F2: Total | G2: IRIS CODES
A3: Prison System | B3: Personnel Services | E3: 0
A4: Expansion | B4: Travel | E4: 0
B5: Other Services & Charges | E5: =SUM(D6:D10) -> 0
C6: Education Services | D6: 0
C7: Telecommunications | D7: 0
C8: Delivery Services | D8: 0
C9: Equipment/Machinery | D9: 0
C10: Other Services | D10: 0
C11: Interagency Services | D11: 0 | E11: =SUM(D11) -> 0
B12: Commodities / Supplies | E12: =SUM(D13:D15) -> 0
C13: Business | D13: 0
C14: Safety | D14: 0
C15: Repair/Maintenance Supplies | D15: 0
B16: Capital Outlay | D16: 0 | E16: =SUM(D16) -> 0
F17: =SUM(E3:E16) -> 0 | H17: =F17-0 -> 0
A18: Facility-CAP Imp Unit | B18: Personnel Services | E18: =316719.35+181872.14+609.45 -> 499200.94 | G18: 1001 | H18: 1002 and 1004
B19: Travel
B20: Non-Interagency Svcs | E20: =SUM(D21:D23) -> 0
B21: Uncleared 1Card Transactions | G21: 3019
B22: Software Maintenance | D22: 0 | G22: 3033
B23: Commission Sales | D23: 0 | G23: 3069
B24: Interagency Services | D24: 47076.85 | E24: =SUM(D24) -> 47076.85
B25: Commodities / Supplies | E25: =D26+D27 -> 0
C26: Business | D26: 0
C27: Repair/Maintenance Supplies | D27: 0
F28: =SUM(E18:E27) -> 546277.79 | H28: =F28-546277.79 -> 0
A29: Health & Rehabilitation | B29: Personnel Services | E29: =18479341.81+9546110.2+41645.2 -> 28067097 | H29: Grand Total of 6 components $ 56,852,183.28 ( BHC, PHC, HRDirector,Domestic V, Substance, Sex Offender)
A30: Services | B30: Travel / Moving Costs | E30: =223448.06+15752.99+18504.85+6.05 -> 257711.95
B31: Non-Interagency Svcs | D31: 23026086 | E31: =D31 -> 23026086 | G31: 3000
B32: Interagency Services | D32: 1670030.6 | E32: =D32 -> 1670030.6
B33: Commodities / Supplies | E33: =SUM(D34:D38) -> 3794887.1
C34: Business | D34: 175333.52
C35: Household/Institutional | D35: 3326.79
C36: Scientific & Medical | D36: 3609238.4
C37: Safety | D37: 118.86
C38: Repair/Maintenance Supplies | D38: 6869.61
B39: Capital Outlay | D39: =30000+6370 -> 36370 | E39: =SUM(D39) -> 36370
B40: Less: Reimb from Courts (Mental Health Court) | E40: 0
B41: Less: Reimb. from Federal Public Protection: RSAT Grant | E41: -58016 | H41: From ALDER Revenue Report
B42: Less: Alcohol Tax RSA (SCCC Men's Sub-Acute & Juvenile Offender Pgm) | E42: -52400 | H42: From ALDER Revenue Report
B43: Less: Reimb. from Dept. H&SS RSAT RSA | E43: -70800
H44: =52400+58016+70800 -> 181216 | I44: Total Alder Revenue Report (budgeted RSA's)
F45: =SUM(E29:E45) -> 56670967 | H45: =F45+H44 -> 56852183 | I45: Grand Total (HRS RDU) 6 components $ 56,852,183.28 ( BHC, PHC, HRDirector,Domestic V, Substance, Sex Offender)
A46: Offender Habilitation | B46: Personnel Services | E46: =140009.21+84445.9+205.78 -> 224660.89
A47: Programs | B47: Travel / Moving Costs | E47: =8707.41+6615.67 -> 15323.08
B48: Non-Interagency Svcs | D48: 594410.19 | E48: =D48 -> 594410.19 | G48: 3000
B49: Interagency Services | D49: 36653.76 | E49: =D49 -> 36653.76
B50: Commodities / Supplies | E50: =SUM(D51:D56) -> 234154.09
C51: Business | D51: 128585.23
C52: Agricultural | D52: 0 | G52: 4001
C53: Household/Institutional | D53: 9084.74
C54: Scientific & Medical | D54: 428.49 | G54: 4004
C55: Safety | D55: 19709.05 | G55: 4004
C56: Repair/Maintenance Supplies | D56: 76346.58
B57: Capital Outlay | D57: 23527.9 | E57: =SUM(D57) -> 23527.9
B59: Less: Reimb. from Dept. Education (Carl Perkings | E59: -59970.84
B60: Less: Reimb. from Dept. Education (MOS) | E60: -8289.18 | H60: 0 | I60: No Unbudgeted RSAs FY2017 (Step C + Step H )
B61: Less: Reimb. from Dept. Labor (ABE/GED RSA) | E61: -35000 | G61: 70200 | H61: =8289.18+59970.84+35000 -> 103260.02 | I61: Total Alder Revenue Report (budgeted RSA's)
F62: =SUM(E46:E62) -> 1025469.9 | G62: 70200 | H62: =F62+H61 -> 1128729.9 | I62: Grand Total (OFH RDU) 2 components $ 1,128,729.91 ( Education Programs & Vocational Education Programs)
A63: IDO | B63: Personnel Services | E63: =883378.39+517502.47+154.94 -> 1401035.8
B64: Travel | E64: =23536.53+3749.91 -> 27286.44
B65: Non-Interagency Svcs | D65: 50916.16 | E65: =D65 -> 50916.16
B66: Interagency Services | D66: 313846.2 | E66: =D66 -> 313846.2
B67: Commodities / Supplies | E67: =SUM(D68:D70) -> 11562.71
C68: Business | D68: 11296.69 | G68: 4000
C69: Household/Institutional | D69: 182.12 | G69: 4002
C70: Repair/Maintenance Supplies | D70: 83.9 | G70: 4005
B71: Capital Outlay | D71: 0 | E71: =SUM(D71) -> 0
F72: =SUM(E63:E71) -> 1804647.3 | H72: =F72-1804647.31 -> 0
A73: Classification & Furlough | B73: Personnel Services | E73: =620594.04+368541.25+1839.54 -> 990974.83
B74: Travel | E74: =2465.33 -> 2465.33
B75: Non-Interagency Svcs | D75: 4472.53 | E75: =D75 -> 4472.53
B76: Interagency Services | D76: 20558.32 | E76: =D76 -> 20558.32
B77: Commodities / Supplies | E77: =SUM(D78:D80) -> 1257.24
C78: Business | D78: 1241.32 | G78: 4000
C79: Household/Institutional | D79: 0 | G79: 4002
C80: Scientific and Medical | D80: 15.92 | G80: 4005
B81: Capital Outlay | D81: 0 | E81: =SUM(D81) -> 0
F82: =SUM(E73:E81) -> 1019728.2 | H82: =F82-1019728.25 -> 0
A83: Transportation | B83: Personnel Services | E83: =1500831.86+771574.64-1106.54 -> 2271300
B84: Travel | E84: =71291.61+15136.68 -> 86428.29
B85: Non-Interagency Svcs | D85: 100291.07 | E85: =D85 -> 100291.07
B86: Interagency Services | D86: 199093.32 | E86: =D86 -> 199093.32
B87: Commodities / Supplies | E87: =SUM(D88:D92) -> 6919.95
C88: Business | D88: 324.38
C89: Household/Institutional | D89: 4834.94
C90: Scientific and Medical | D90: 806.18
C91: Safety | D91: 954.45
C92: Repair/Maintenance Supplies | D92: 0
B93: Capital Outlay | D93: 0 | E93: =SUM(D93) -> 0 | H93: 140000 | I93: Budgeted RSA
B94: Less: Reimb. from Dept. Public Safety | E94: -140000 | F94: =SUM(E83:E94) -> 2524032.6 | H94: =F94-2664032.59+H93 -> 0
A95: Point of Arrest | B95: Personnel Services | E95: 0 | G95: 1000
B96: Travel | E96: 562159.1 | G96: 2000
B97: Non-Interagency Svcs | D97: 18587.1 | E97: =D97 -> 18587.1 | G97: 3000
B98: Interagency Services | D98: 0 | E98: =SUM(D98) -> 0
B99: Capital Outlay | D99: 0 | E99: =D99 -> 0
F100: =SUM(E96:E100) -> 580746.2 | H100: =F100-580746.2 -> 0
A101: Pretrial Services | B101: Personnel Services | E101: =339088.68 -> 339088.68 | G101: 1000
...

Sheet Sched-E
A1: COST ALLOCATION PLANS / INDIRECT COST PROPOSALS
A2: Organization Providing Service | B2: Appr Type | C2: Total Expenditures | D2: % of Time Spent in Support of Jail Operators | E2: Allowable Indirect Cost
A3: Administration & Support* | B3: JADS / JCOA JCOM / JINT JPAB / JREN JRRE | C3: 12382749 | D3: ='COST ALLOCATION'!H6 -> 0.84095395 | E3: =C3*D3 -> 10413322
A4: TOTAL | E4: =E3 -> 10413322
A6: Note*: Includes SF Rent, Correctional Academy, and Parole Board Expenditues
A7: Revised 10/11/17 lj

Sheet Summary-Sched-E
A2: BRU | B2: Appr Type | C2: Total Expenditures of FY2017
A3: Commissioner | B3: JCOM | C3: 938123 | E3: FY2015: Total Exp AR less SB64 PACE RSA, less SB64 1st DUI (JCOM)
A4: Admin Services | B4: JADS | C4: 4102040.4
A5: Info Tech MIS | B5: JINT | C5: 2721635.8
A6: Research & Rcrds | B6: JRRE | C6: 514760.56
A7: Facilities Rent | B7: JREN | C7: 289900
A8: Academy | B8: JCOA | C8: 2428994.9
A9: Parole Board | B9: JPAB | C9: 1387294.1
B10: Total | C10: =SUM(C3:C9) -> 12382749
A16: Revised: 10/11/17 lj

Sheet Sched-F-G
A1: EQUIPMENT COST | D1: SCHEDULE F
A2: By Individual Institution
A3: Institutions | B3: Cost of Equipment | C3: Equipment Allowance 6.666%
A4: Anchorage Complex | B4: ='Property Inventory'!D34 -> 2003325.1 | C4: =B4*0.06666 -> 133541.65
A5: Anvil Mt. C.C. | B5: ='Property Inventory'!D25 -> 230254.24 | C5: =B5*0.06666 -> 15348.748
A6: Comb Hiland Mt.CC | B6: ='Property Inventory'!D33 -> 303690.55 | C6: =B6*0.06666 -> 20244.012
A7: Fairbanks CC | B7: ='Property Inventory'!D24 -> 405139.64 | C7: =B7*0.06666 -> 27006.608
A8: Goose Creek CC | B8: ='Property Inventory'!D37 -> 1400583 | C8: =B8*0.06666 -> 93362.863
A9: Ketchikan CC | B9: ='Property Inventory'!D46 -> 83614 | C9: =B9*0.06666 -> 5573.7092
A10: Lemon Creek CC | B10: ='Property Inventory'!D45 -> 703664.19 | C10: =B10*0.06666 -> 46906.255
A11: Mat-Su Pre-Trial | B11: ='Property Inventory'!D32 -> 98627.26 | C11: =B11*0.06666 -> 6574.4932
A12: Palmer CC | B12: ='Property Inventory'!D31 -> 959895 | C12: =B12*0.06666 -> 63986.601
A13: Pt. MacKenzie Correctional Farm | B13: ='Property Inventory'!D51 -> 519421 | C13: =B13*0.06666 -> 34624.604
A14: Spring Creek CC | B14: ='Property Inventory'!D36 -> 1461238 | C14: =B14*0.06666 -> 97406.125
A15: Wildwood CC | B15: ='Property Inventory'!D35 -> 843914 | C15: =B15*0.06666 -> 56255.307
A16: Yukon Kuskokwim | B16: ='Property Inventory'!D26 -> 157726.14 | C16: =B16*0.06666 -> 10514.024
A18: Total Equipment Cost | B18: =SUM(B4:B17) -> 9171092.1 | C18: =SUM(C4:C17) -> 611345
A22: BUILDING DEPRECIATION | D22: SCHEDULE G
A23: By Individual Institution (Based on FY2017 Actuals)
A24: Institutions | B24: All Buildings Construction Cost | C24: Additional Construction Cost | D24: Annual Depreciation @ 2%
A25: Anchorage Complex | B25: 36522437 | C25: 0 | D25: =B25*0.02 -> 730448.74
A26: Anvil Mt. CC | B26: 16192923 | C26: 0 | D26: =B26*0.02 -> 323858.46
A27: Comb Hiland Mt.CC | B27: 45066600 | C27: 0 | D27: =B27*0.02 -> 901332
A28: Fairbanks CC | B28: 34112840 | C28: 0 | D28: =B28*0.02 -> 682256.8
A29: Ketchikan CC | B29: 7691306 | C29: 0 | D29: =B29*0.02 -> 153826.12
A30: Lemon Creek CC | B30: 28845762 | C30: 0 | D30: =B30*0.02 -> 576915.24
A31: Mat-Su Pre-Trial | B31: 10392719 | C31: 0 | D31: =B31*0.02 -> 207854.38
A32: Palmer CC | B32: 41211974 | C32: 0 | D32: =B32*0.02 -> 824239.48
A33: Pt. MacKenzie Correctional Farm | B33: 12269054 | C33: 0 | D33: =B33*0.02 -> 245381.08
A34: Spring Creek CC | B34: 78360986 | C34: 0 | D34: =B34*0.02 -> 1567219.7
A35: Wildwood CC | B35: 51709708 | C35: 0 | D35: =B35*0.02 -> 1034194.2
A36: Yukon Kuskokwim | B36: 12275277 | C36: 0 | D36: =B36*0.02 -> 245505.54
A38: Total Building Depreciation | B38: =SUM(B25:B37) -> 374651586 | C38: =SUM(C25:C37) -> 0 | D38: =SUM(D25:D37) -> 7493031.7
A40: Total Equipment Cost & Building Depreciation | B40: (Schedule F + Schedule G) | D40: =C18+D38 -> 8104376.7
A42: Revised 10/11/17 lj

Sheet Property Inventory
A1: PROPERTY INVENTORY
A2: Division | B2: Division/Institution | C2: IRIS Unit | D2: Total as of 6/30/17 | E2: Aquired in FY2017 | F2: FY2017 Vehicle Inventory Total | G2: Grand Total
A3: 3 | B3: Commissioner's Office Jnu/Anch | C3: 1000 | D3: 38726.07 | F3: 12818 | G3: =SUM(D3:F3) -> 51544.07
B4: Human Resources | C4: 1400 | D4: 3044.6 | G4: =SUM(D4:F4) -> 3044.6
B5: Procurement | C5: 1500 | D5: 5775.64 | G5: =SUM(D5:F5) -> 5775.64
B6: Research & Records | C6: 1200 | D6: 486947 | F6: 806 | G6: =SUM(D6:F6) -> 487753
A7: 28A | B7: Parole Board | C7: 3000 | D7: 22837.78 | F7: 4433 | G7: =SUM(D7:F7) -> 27270.78
B8: Facility Cap Imp Unit | C8: 2250 | D8: 66251.49 | F8: 4615 | G8: =SUM(D8:F8) -> 70866.49
B9: Prison System Expansion | C9: 2230 | D9: 5450 | G9: =SUM(D9:F9) -> 5450
A10: 1 | B10: Juneau Central Office / Admin Svcs | C10: 1100 | D10: 1315672.7 | F10: 13297 | G10: =SUM(D10:F10) -> 1328969.7
B11: Information Technology | C11: 1300 | D11: 37084.83 | G11: =SUM(D11:F11) -> 37084.83
A12: 4 | B12: Training Academy | C12: 2260 | D12: 257581.95 | F12: 14456 | G12: =SUM(D12:F12) -> 272037.95
B13: Education Programs / Palmer | C13: 2300 | D13: 13381.04 | F13: =2812+308 -> 3120 | G13: =SUM(D13:F13) -> 16501.04
B14: Institution Education Programs | C14: 20661367 | G14: =SUM(D14:F14) -> 0
A15: 7 | B15: Transportation | C15: 2210 | D15: 32118 | F15: 63702 | G15: =SUM(D15:F15) -> 95820
B16: Classification & Furlough | C16: 20661382 | F16: 7745 | G16: =SUM(D16:F16) -> 7745
B17: Electronic Monitoring | C17: 2410 | D17: 0 | F17: 24947 | G17: =SUM(D17:F17) -> 24947
A18: 36B | B18: Laundry - Lemon Creek | C18: 20661420 | F18: 10573 | G18: =SUM(D18:F18) -> 10573
A19: 37 | B19: Out of State | C19: 2220 | D19: 31189 | G19: =SUM(D19:F19) -> 31189
B20: Physical Health Care | C20: 4100 | D20: 33572.57 | F20: 3588 | G20: =SUM(D20:F20) -> 37160.57
B21: Health & Rehabilitation Services | C21: 4001 | D21: 64067.04
B22: Sex Offender Managemnet Pr | C22: 4400 | D22: 709.07
B23: IDO Institution Director's Office | C23: 2000 | D23: 14414 | F23: 12288 | G23: =SUM(D23:F23) -> 26702
A24: 14 | B24: FCC | C24: 2103 | D24: 405139.64 | F24: 25363 | G24: =SUM(D24:F24) -> 430502.64
A25: 15 | B25: AMCC | C25: 2101 | D25: 230254.24 | F25: 43431 | G25: =SUM(D25:F25) -> 273685.24
A26: 18 | B26: YKCC | C26: 2110 | D26: 157726.14 | F26: 26000 | G26: =SUM(D26:F26) -> 183726.14
A27: 21A | B27: Fairbanks Probation | C27: 2441 | D27: 67889 | F27: 13411 | G27: =SUM(D27:F27) -> 81300
A28: 21C | B28: Nome Probation | C28: 2442 | D28: 11615 | F28: 6067 | G28: =SUM(D28:F28) -> 17682
A29: 21D | B29: Barrow Probation | C29: 2443 | D29: 28466 | F29: 2938 | G29: =SUM(D29:F29) -> 31404
A30: 21E | B30: Kotzebue Probation | C30: 2444 | D30: 4115 | F30: 5023 | G30: =SUM(D30:F30) -> 9138
A31: 13 | B31: PCC | C31: 2107 | D31: 959895 | F31: 103949 | G31: =SUM(D31:F31) -> 1063844
A32: 10 | B32: MSCC | C32: 2106 | D32: 98627.26 | F32: 8291 | G32: =SUM(D32:F32) -> 106918.26
A33: 11 | B33: CHMCC | C33: 2102 | D33: 303690.55 | F33: 87241 | G33: =SUM(D33:F33) -> 390931.55
A34: 8/9 | B34: ACC Anchorage Complex | C34: 2100 | D34: 2003325.1 | F34: 50174 | G34: =SUM(D34:F34) -> 2053499.1
A35: 30 | B35: WCC | C35: 2109 | D35: 843914 | F35: 150672 | G35: =SUM(D35:F35) -> 994586
A36: 16 | B36: SCCC | C36: 2108 | D36: 1461238 | F36: 226500 | G36: =SUM(D36:F36) -> 1687738
A37: 39 | B37: GCCC | C37: 2112 | D37: 1400583 | F37: 321179 | G37: =SUM(D37:F37) -> 1721762
B38: Probation Region ONE | C38: 2420 | D38: 4973.07 | F38: 7178 | G38: =SUM(D38:F38) -> 12151.07
A39: 19A | B39: Anchorage Probation | C39: 2421 | D39: 443800 | F39: 41479 | G39: =SUM(D39:F39) -> 485279
A40: 19C | B40: Kenai Probation | C40: 2422 | D40: 34749 | F40: 10412 | G40: =SUM(D40:F40) -> 45161
A41: 19B | B41: Kodiak Probation | F41: 2945 | G41: =SUM(D41:F41) -> 2945
A42: 19D | B42: Palmer Probation | C42: 2424 | D42: 66032 | F42: 22817 | G42: =SUM(D42:F42) -> 88849
A43: 19E | B43: Dillingham Probation | C43: 2425 | D43: 31845 | F43: 3642 | G43: =SUM(D43:F43) -> 35487
A44: 21B | B44: Bethel Probation | C44: 2426 | D44: 38553 | F44: 9385 | G44: =SUM(D44:F44) -> 47938
A45: 6 | B45: LCCC | C45: 2105 | D45: 703664.19 | F45: 40659 | G45: =SUM(D45:F45) -> 744323.19
A46: 5 | B46: KCC | C46: 2104 | D46: 83614 | F46: 12928 | G46: =SUM(D46:F46) -> 96542
A47: 20A | B47: Juneau Probation | C47: 2445 | D47: 60370 | F47: 2377 | G47: =SUM(D47:F47) -> 62747
A48: 20B | B48: Ketchikan Probation | C48: 2446 | D48: 22700.14 | F48: 2377 | G48: =SUM(D48:F48) -> 25077.14
A49: 20C | B49: Sitka Probation | C49: 2447 | D49: 36837 | F49: 2488 | G49: =SUM(D49:F49) -> 39325
B50: Probation & Parole Director Ofc | C50: 2400 | D50: 9518 | F50: 3195 | G50: =SUM(D50:F50) -> 12713
A51: 31 | B51: Pt.Mackenzie Correctional Center | C51: 2111 | D51: 519421 | F51: 133536 | G51: =SUM(D51:F51) -> 652957
B52: Probation Region TWO | C52: 2440 | D52: 3056.89 | G52: =SUM(D52:F52) -> 3056.89
B53: Pre-Trial Services | C53: 2800 | D53: 12116 | F53: 62549 | G53: =SUM(D53:F53) -> 74665
A54: UUU | B54: UUU (Unidentified) | G54: =SUM(D54:F54) -> 0
A55: TOTAL | D55: =SUM(D3:D54) -> 12476550 | E55: =SUM(E3:E54) -> 0 | F55: =SUM(F3:F54) -> 1604594 | G55: =SUM(G3:G54) -> 14016368
D57: 12476550 | F57: 1604594
D58: =D55-D57 -> 0 | F58: =F55-F57 -> 0
A59: Updated: 9/15/17 lj

Sheet CostReim
A1: Budgeted Revenue Interagency Receipts (I/A)
A2: Division/Institution | B2: Appr Group | C2: ApprType | D2: Total Reimbursement | E2: Outstanding Balance of RSA | F2: Total | G2: Revenue
A3: Commissioner's Office | D3: 0 | F3: =SUM(D3:E3) -> 0
A4: Parole Board | D4: 0 | F4: =SUM(D4:E4) -> 0
A5: Correctional Academy | D5: 0 | F5: =SUM(D5:E5) -> 0
A6: Administrative Services | D6: 0 | F6: =SUM(D6:E6) -> 0
A7: Data & Word Processing | D7: 0 | F7: =SUM(D7:E7) -> 0
A8: Facility-Capital Improvement | D8: 0 | F8: =SUM(D8:E8) -> 0
A9: Health & Rehabilitation Services | B9: JHRS | C9: JSAP | D9: =-'Sched-D2'!E41 -> 58016 | F9: =SUM(D9:E9) -> 58016 | G9: 5014
A10: Health & Rehabilitation Services | B10: JHRS | C10: JSAP | D10: =-'Sched-D2'!E43 -> 70800 | F10: =SUM(D10:E10) -> 70800 | G10: 5301
A11: Health & Rehabilitation Services | B11: JHRS | C11: JBHC | D11: =-'Sched-D2'!E42 -> 52400 | F11: =SUM(D11:E11) -> 52400 | G11: 5007
A12: Offender Habilitation Programs | B12: JOHP | C12: JEDP | D12: =-'Sched-D2'!E59-'Sched-D2'!E60-'Sched-D2'!E61 -> 103260.02 | F12: =SUM(D12:E12) -> 103260.02 | G12: 5301 | H12: (3 budgeted RSA's)
A13: Correctional Academy | D13: 0 | F13: =SUM(D13:E13) -> 0
A14: Institution Director's Office | D14: 0 | F14: =SUM(D14:E14) -> 0
A15: Transportation | B15: JPOP | C15: JTRN | D15: =-'Sched-D2'!E94 -> 140000 | F15: =SUM(D15:E15) -> 140000
A16: Out of State | D16: 0 | F16: =SUM(D16:E16) -> 0
A17: Anchorage Complex
A18: Anvil Mtn. CC | B18: JPOP | C18: JAMC | D18: =-'Sched-D1'!D47 -> 30371.22 | F18: =SUM(D18:E18) -> 30371.22 | G18: 5301
A19: Combined Hiland Mtn. CC | D19: 0 | F19: =SUM(D19:E19) -> 0
A20: Fairbanks CC | D20: 0 | F20: =SUM(D20:E20) -> 0
A21: Goose Creek CC | B21: JPOP | C21: JGCC | D21: =-'Sched-D2'!E113 -> 0 | F21: =SUM(D21:E21) -> 0
A22: Ketchikan CC | D22: 0 | F22: =SUM(D22:E22) -> 0
A23: Lemon Creek CC | B23: JPOP | C23: JLCC | D23: =-'Sched-D1'!D299-'Sched-D1'!D298 -> 437564.48 | F23: =SUM(D23:E23) -> 437564.48 | H23: (2 budgeted RSA's)
A24: Mat-Su Pre-Trial | D24: 0 | F24: =SUM(D24:E24) -> 0
A25: Palmer CC | D25: 0 | F25: =SUM(D25:E25) -> 0
A26: Spring Creek CC | D26: 0 | F26: =SUM(D26:E26) -> 0
A27: Wildwood CC | D27: 0 | F27: =SUM(D27:E27) -> 0
A28: Yukon Kuskokwim CC | B28: JPOP | C28: JYKC | D28: =-'Sched-D1'!D557 -> 42664.97 | F28: =SUM(D28:E28) -> 42664.97 | G28: 5301
A29: Out-of-State Contractual | D29: 0 | F29: =SUM(D29:E29) -> 0
A30: Point Mackenzie | D30: 0 | F30: =SUM(D30:E30) -> 0
A31: Totals | D31: =SUM(D3:D30) -> 935076.69 | E31: =SUM(E3:E30) -> 0 | F31: =SUM(F3:F30) -> 935076.69
A33: Revised: 10/11/17 lj

Sheet COST ALLOCATION
A1: COST ALLOCATION
A2: COMPONENT | E2: Appr Type | F2: TOTAL COSTS | H2: % OF TOTAL | I2: ADMIN & SUPPORT | J2: TOTAL ALL COSTS
A3: INDIRECT COST | I3: TOTAL
B4: Administration & Support RDU | E4: JCOM | I4: ='Sched-E'!C3 -> 12382749 | K4: Unbudgeted RSA (20-X020 Public Info Officer Sherie D)
A5: DIRECT COST | I5: % by entity | K5: No RS in FY217
H6: =G7/$G$37 -> 0.84095395 | I6: =SUM($I$4*H6) -> 10413322
B7: INSTITUTIONS | G7: =SUM(F4:F30) -> 2.5070012e+08 | J7: =SUM(I6+G7) -> 2.6111344e+08
C8: 13 Institutions | F8: ='Sched-B1'!E17+'Sched-D1'!F659+CostReim!D18+CostReim!D23+CostReim!D28 -> 1.7847409e+08 | K8: Decreased by RSAs
C9: Less: DOT/Laundry RSA | E9: JLCC | F9: ='Sched-D1'!D299 -> -368402.09
C10: Less: DNR/MMM&S RSA (Unbudgeted) | E10: JPCC | F10: -29795.4
C11: Less: GCCC Security DPS RS (Unbudgeted) | E11: JGCCC | F11: -10329
C12: Less: DHSS 4 RSAs Youth Meals | E12: JAMC /JLCC / JKCC / JYKC | F12: ='Sched-D1'!D47+'Sched-D1'!D557+'Sched-D1'!D298 -> -142198.58
C13: Facility Planning - Capital Improvement Program | E13: JCIM | F13: ='Sched-D2'!F28 -> 546277.79
C14: Pretrial Services Division | E14: JPTS | F14: ='Sched-D2'!F107 -> 0 | K14: Decreased as Pretrial was not fully implemented FY2017
B15: Health & Rehabilitation Services RDU | E15: JHRS | F15: ='Sched-D2'!F45+58016+52400+70800 -> 56852183
C16: Less: Reimb. from Federal Public Protection: RSAT Grant | E16: JSAP | F16: ='Sched-D2'!E41 -> -58016
C17: Less: Alcohol Tax RSA (SCCC Men's Sub-Acute & Juvenile Offender Pgm) | E17: JBHC | F17: ='Sched-D2'!E42 -> -52400
C18: Less: DH&S/ RSAT RSA | E18: JSAP | F18: ='Sched-D2'!E43 -> -70800
B19: Offender Habilitation Programs RDU | E19: JOFH | F19: ='Sched-D2'!F62+103260.02 -> 1128729.9 | K19: Decreased by 3 RSAs (ABE/CARL P/MOS)
C20: Less: 3 Education RSAs | E20: JEDP | F20: ='Sched-D2'!E59+'Sched-D2'!E60+'Sched-D2'!E61 -> -103260.02
C21: Less: 2 Voc Ed Programs RSA's (Unbudgeted) | E21: JVEP | F21: 0 | K21: Decreased by 2 Unbudgeted RSA's (Step C / Step H) - No in FY17
B22: Institutions Director's Office | E22: JIDO | F22: ='Sched-D2'!F72 -> 1804647.3
C23: Less: DPS PREA RSA | E23: JIDO | F23: 0 | K23: No RSA in FY2017
B24: Prison System Expansion | E24: JPSE | F24: ='Sched-D2'!F17 -> 0
B25: Classification & Furlough | E25: JCLF | F25: ='Sched-D2'!F82 -> 1019728.2
B26: Inmate Transportation Unit | E26: JTRN | F26: ='Sched-D2'!F94+140000 -> 2664032.6 | K26: Decreased by RSA
C27: Less: DPS Transportation RSA | F27: ='Sched-D2'!E94 -> -140000
B28: Point of Arrest | E28: JPOA | F28: ='Sched-D2'!F100 -> 580746.2
B29: Recidivism Reduction Grant | E29: JRRG | F29: ='Sched-D2'!F113 -> 500500
B30: Equipment & Building Depreciation | F30: ='Sched-F-G'!D40 -> 8104376.7
B31: Regional & Community Jails | E31: JCOJ | G31: 6964832.1 | H31: =G31/$G$37 -> 0.023362985 | I31: =$I$4*H31 -> 289297.98 | J31: =SUM(I31+G31) -> 7254130.1
B32: Probation & Parole Director's Office | E32: JPPD | G32: 950006.16 | H32: =G32/$G$37 -> 0.0031867215 | I32: =$I$4*H32 -> 39460.371 | J32: =SUM(I32+G32) -> 989466.53
B33: State-wide Probation & Parole | E33: JSPP | G33: 16452943 | H33: =G33/$G$37 -> 0.055190111 | I33: =$I$4*H33 -> 683405.28 | J33: =SUM(I33+G33) -> 17136348 | K33: No RSA in FY2017 | L33: SB64 PACE RSA
B34: Out of State Contractual | E34: JOOS | G34: 238949.19 | H34: =G34/$G$37 -> 0.00080153639 | I34: =$I$4*H34 -> 9925.2238 | J34: =SUM(I34+G34) -> 248874.41
B35: Electronic Monitoring | E35: JELM | G35: 2890920.9 | H35: =G35/$G$37 -> 0.0096973684 | I35: =$I$4*H35 -> 120080.08 | J35: =SUM(I35+G35) -> 3011001 | K35: No RSA in FY2017 | L35: SB64 1st DUI
B36: Community Residential Centers | E36: JCRC | G36: 19916196 | H36: =G36/$G$37 -> 0.066807323 | I36: =$I$4*H36 -> 827258.3 | J36: =SUM(I36+G36) -> 20743454
A37: TOTAL: | G37: =SUM(G3:G36) -> 2.9811396e+08 | H37: =SUM(H3:H36) -> 1 | I37: =SUM(I6:I36) -> 12382749 | J37: =SUM(J7:J36) -> 3.1049671e+08
C38: Reconciliation to Actuals
C39: DOC Total Cost: ( By Appr Type Alder Report ) | F39: 3.1041748e+08
C40: Add: Depreciation Calculation | F40: =F30 -> 8104376.7
D41: Facilities Maintenance | E41: JFAC | F41: 0 | K41: FY2017 Restricted in full
C42: Subtract: | D42: Budgeted DPS Transport RSA | E42: JTRN | F42: =F27 -> -140000
D43: Youth Meals (3) Budgeted RSAs | E43: =E12 -> JAMC /JLCC / JKCC / JYKC | F43: =F12 -> -142198.58
D44: Budgeted DOT/LCCC Laundry RSA | E44: JLCC | F44: =F9 -> -368402.09
D45: Budgeted MMM&S/PCC | E45: JPCC | F45: =F10 -> -29795.4
D46: Unbudgeted DPS/GCCC Security | E46: JGCCC | F46: =F11 -> -10329
D47: Unbudgeted RSA SpecAsst (20-X020) | E47: JCOM | F47: 0
D48: Unbudgeted SB64 RSAs (PACE / 1ST DUI) | E48: JELM | F48: 0
D49: Unbudgeted Step C / Step H RSAs | E49: JVEP | F49: 0
D50: Health & Rehab Svcs: RSAT GRANT | E50: JSAP | F50: =F16 -> -58016
D51: Health & Rehab Svcs: SCCC Men's RSA | E51: JBHC | F51: =F17 -> -52400
D52: Health & Rehab Svcs: RSAT RSA | E52: JSAP | F52: =F18 -> -70800
D53: Budg /Un-budg - Offender Programs (3) RSAs | E53: JEDP | F53: =F20 -> -103260.02
D54: Adjusted for Siemen's one-time payment | E54: Institutions | F54: -4268785.7
D55: Adjusted/ Pretrial Not Fully Implemented | E55: JPTS | F55: -2781158.7
A56: TOTAL: | F56: =SUM(F39:F55) -> 3.1049671e+08
F58: =F56-J37 -> 0 | G58: ck
A59: Revised: 10/11/17 lj

Sheet BILLING RATE CALC
A1: BILLING RATE CALCULATION
A2: ANNUAL TOTAL MANDAYS | E2: ='Qtrly''s-Cntsht Book'!Y20 -> 1604160.1
A3: COMPONENT | C3: TOTAL EXPENSES | E3: LESS REIMB | F3: ADJUSTED COSTS | G3: BILLING RATE
A4: INSTITUTIONS | D4: =SUM(C5:C7) -> 1.7847409e+08 | F4: =SUM(D4,E6) -> 1.7796349e+08 | G4: =F4/$E$2 -> 110.93874
B5: Institutions | C5: ='COST ALLOCATION'!F8 -> 1.7847409e+08
B6: Less: DHSS & DOT RSAs | E6: ='COST ALLOCATION'!F12+'COST ALLOCATION'!F9 -> -510600.67
B7: Alternative Housing | C7: 0
A8: OFFENDER HABILITATION PROGRAMS | C8: ='COST ALLOCATION'!F19 -> 1128729.9 | D8: =SUM(C8:C8) -> 1128729.9 | F8: =SUM(D8,E9) -> 1025469.9 | G8: =F8/$E$2 -> 0.63925657
B9: Education (3) RSAs | E9: ='COST ALLOCATION'!F20 -> -103260.02
A10: HEALTH & REHABILITATION SERVICES | C10: =D10 -> 56852183 | D10: ='COST ALLOCATION'!F15 -> 56852183 | E10: ='COST ALLOCATION'!F16+'COST ALLOCATION'!F17+'COST ALLOCATION'!F18 -> -181216 | F10: =SUM(D10:E10) -> 56670967 | G10: =F10/$E$2 -> 35.327501
A11: ADMIN & SUPPORT | D11: =SUM(C12) -> 10413322 | E11: 0 | F11: =SUM(D11:E11) -> 10413322 | G11: =F11/$E$2 -> 6.4914478
B12: % for Institution Operations | C12: ='COST ALLOCATION'!I6 -> 10413322
A13: STATEWIDE DIRECT COSTS | D13: =SUM(C14:C23)+E16 -> 14719809 | F13: =SUM(D13+E21+E23) -> 14579809 | G13: =F13/$E$2 -> 9.0887492
B14: Institutions Director's Office | C14: ='COST ALLOCATION'!F22 -> 1804647.3
B15: Prison System Expansion | C15: ='COST ALLOCATION'!F24 -> 0
B16: Equipment & Bldg. Depreciation | C16: ='COST ALLOCATION'!F30 -> 8104376.7
B17: Facility Planning - CIP | C17: ='COST ALLOCATION'!F13 -> 546277.79
B18: Pretrial Services Unit | C18: ='COST ALLOCATION'!F14 -> 0
B19: Classification & Furlough | C19: ='COST ALLOCATION'!F25 -> 1019728.2
B20: Transportation | C20: ='COST ALLOCATION'!F26 -> 2664032.6
B21: Less: DPS RSA Transport | E21: ='COST ALLOCATION'!F27 -> -140000
B22: Point of Arrest | C22: ='COST ALLOCATION'!F28 -> 580746.2
A24: BILLING RATE | D24: =SUM(D4:D17) -> 2.6158814e+08 | E24: =SUM(E4:E23) -> -935076.69 | F24: =SUM(F4:F22) -> 2.6065306e+08 | G24: =SUM(G4:G22) -> 162.48569
A25: INDIVIDUAL INSTITUTION RATES
A26: Institutions | C26: Total Cost | D26: Mandays | E26: Inst. Cost | F26: Inmate Programs | G26: Inmate Health Care | H26: Div.of Admin.& Support Cost | I26: Statewide Direct Cost | J26: TOTAL
A27: Anchorage Complex | C27: ='Sched-B1'!E4+'Sched-D1'!F44 -> 31089655 | D27: ='Inmate Avg Daily Population'!O4 -> 313486.33 | E27: =C27/D27 -> 99.173877 | F27: =$G$8 -> 0.63925657 | G27: =$G$10 -> 35.327501 | H27: =$G$11 -> 6.4914478 | I27: =$G$13 -> 9.0887492 | J27: =SUM(E27:I27) -> 150.72083
A28: Anvil Mtn. Correctional | C28: ='Sched-B1'!E5+'Sched-D1'!F89 -> 6206787 | D28: ='Inmate Avg Daily Population'!O5 -> 37880.917 | E28: =C28/D28 -> 163.84997 | F28: =$G$8 -> 0.63925657 | G28: =$G$10 -> 35.327501 | H28: =$G$11 -> 6.4914478 | I28: =$G$13 -> 9.0887492 | J28: =SUM(E28:I28) -> 215.39692
A29: Fairbanks Correctional | C29: ='Sched-B1'!E7+'Sched-D1'!F190 -> 11964771 | D29: ='Inmate Avg Daily Population'!O6 -> 98108.958 | E29: =C29/D29 -> 121.95391 | F29: =$G$8 -> 0.63925657 | G29: =$G$10 -> 35.327501 | H29: =$G$11 -> 6.4914478 | I29: =$G$13 -> 9.0887492 | J29: =SUM(E29:I29) -> 173.50087
A30: Goose Creek Correctional | C30: ='Sched-B1'!E8+'Sched-D1'!F241 -> 41672576 | D30: ='Inmate Avg Daily Population'!O7 -> 461764.54 | E30: =C30/D30 -> 90.246376 | F30: =$G$8 -> 0.63925657 | G30: =$G$10 -> 35.327501 | H30: =$G$11 -> 6.4914478 | I30: =$G$13 -> 9.0887492 | J30: =SUM(E30:I30) -> 141.79333
A31: Hiland Mtn. Correctional | C31: ='Sched-B1'!E6+'Sched-D1'!F138 -> 13492285 | D31: ='Inmate Avg Daily Population'!O8 -> 110652.79 | E31: =C31/D31 -> 121.93353 | F31: =$G$8 -> 0.63925657 | G31: =$G$10 -> 35.327501 | H31: =$G$11 -> 6.4914478 | I31: =$G$13 -> 9.0887492 | J31: =SUM(E31:I31) -> 173.48048
A32: Ketchikan Correctional | C32: ='Sched-B1'!E9+'Sched-D1'!F295 -> 4510730.7 | D32: ='Inmate Avg Daily Population'!O9 -> 18812.708 | E32: =C32/D32 -> 239.7704 | F32: =$G$8 -> 0.63925657 | G32: =$G$10 -> 35.327501 | H32: =$G$11 -> 6.4914478 | I32: =$G$13 -> 9.0887492 | J32: =SUM(E32:I32) -> 291.31736
A33: Lemon Creek Correctional | C33: ='Sched-B1'!E10+'Sched-D1'!F344 -> 10004180 | D33: ='Inmate Avg Daily Population'!O10 -> 77267.458 | E33: =C33/D33 -> 129.47469 | F33: =$G$8 -> 0.63925657 | G33: =$G$10 -> 35.327501 | H33: =$G$11 -> 6.4914478 | I33: =$G$13 -> 9.0887492 | J33: =SUM(E33:I33) -> 181.02165
A34: Mat-Su Correctional | C34: ='Sched-B1'!E11+'Sched-D1'!F397 -> 6077488.1 | D34: ='Inmate Avg Daily Population'!O11 -> 34811.875 | E34: =C34/D34 -> 174.58089 | F34: =$G$8 -> 0.63925657 | G34: =$G$10 -> 35.327501 | H34: =$G$11 -> 6.4914478 | I34: =$G$13 -> 9.0887492 | J34: =SUM(E34:I34) -> 226.12784
A35: Palmer Correctional | C35: ='Sched-B1'!E12+'Sched-D1'!F446 -> 7181922.3 | D35: ='Inmate Avg Daily Population'!O12 -> 37628.775 | E35: =C35/D35 -> 190.86251 | F35: =$G$8 -> 0.63925657 | G35: =$G$10 -> 35.327501 | H35: =$G$11 -> 6.4914478 | I35: =$G$13 -> 9.0887492 | J35: =SUM(E35:I35) -> 242.40946
A36: Pt. MacKenzie Correctional Farm | C36: ='Sched-B1'!E16+'Sched-D1'!F658 -> 210708.57 | D36: ='Inmate Avg Daily Population'!O13 -> 35222.5 | E36: =C36/D36 -> 5.9822151 | F36: =$G$8 -> 0.63925657 | G36: =$G$10 -> 35.327501 | H36: =$G$11 -> 6.4914478 | I36: =$G$13 -> 9.0887492 | J36: =SUM(E36:I36) -> 57.529169
A37: Spring Creek Correctional | C37: ='Sched-B1'!E13+'Sched-D1'!F500 -> 22206670 | D37: ='Inmate Avg Daily Population'!O14 -> 178512.38 | E37: =C37/D37 -> 124.39849 | F37: =$G$8 -> 0.63925657 | G37: =$G$10 -> 35.327501 | H37: =$G$11 -> 6.4914478 | I37: =$G$13 -> 9.0887492 | J37: =SUM(E37:I37) -> 175.94545
A38: Wildwood Correctional | C38: ='Sched-B1'!E14+'Sched-D1'!F554 -> 14957571 | D38: ='Inmate Avg Daily Population'!O15 -> 140722.71 | E38: =C38/D38 -> 106.2911 | F38: =$G$8 -> 0.63925657 | G38: =$G$10 -> 35.327501 | H38: =$G$11 -> 6.4914478 | I38: =$G$13 -> 9.0887492 | J38: =SUM(E38:I38) -> 157.83805
A39: Yukon Kuskokwim Correctional | C39: ='Sched-B1'!E15+'Sched-D1'!F604 -> 8388146.8 | D39: ='Inmate Avg Daily Population'!O16 -> 59288.167 | E39: =C39/D39 -> 141.48096 | F39: =$G$8 -> 0.63925657 | G39: =$G$10 -> 35.327501 | H39: =$G$11 -> 6.4914478 | I39: =$G$13 -> 9.0887492 | J39: =SUM(E39:I39) -> 193.02792
A40: Totals | C40: =SUM(C27:C39) -> 1.7796349e+08 | D40: =SUM(D27:D39) -> 1604160.1 | E40: =G4 -> 110.93874 | F40: =G8 -> 0.63925657 | G40: =G10 -> 35.327501 | H40: =G11 -> 6.4914478 | I40: =G13 -> 9.0887492 | J40: =SUM(E40:I40) -> 162.48569
A44: Revised: 10/11/17 lj

Sheet Inmate Avg Daily Population
A1: ANNUAL TOTAL MANDAYS
B2: AVERAGE DAILY INMATE POPULATION | N2: ANNUAL AVERAGE DAILY POPULATION | O2: ANNUAL TOTAL MANDAYS
A3: Institutions | B3: 42560 | C3: 42591 | D3: 42622 | E3: 42652 | F3: 42683 | G3: 42713 | H3: 42744 | I3: 42775 | J3: 42803 | K3: 42834 | L3: 42864 | M3: 42895
A4: Anchorage Complex | B4: ='Qtrly''s-Cntsht Book'!D6 -> 822.4 | C4: ='Qtrly''s-Cntsht Book'!E6 -> 823 | D4: ='Qtrly''s-Cntsht Book'!F6 -> 813 | E4: ='Qtrly''s-Cntsht Book'!I6 -> 973 | F4: ='Qtrly''s-Cntsht Book'!J6 -> 874.1 | G4: ='Qtrly''s-Cntsht Book'!K6 -> 860.7 | H4: ='Qtrly''s-Cntsht Book'!N6 -> 845.2 | I4: ='Qtrly''s-Cntsht Book'!O6 -> 844.3 | J4: ='Qtrly''s-Cntsht Book'!P6 -> 863 | K4: ='Qtrly''s-Cntsht Book'!S6 -> 857 | L4: ='Qtrly''s-Cntsht Book'!T6 -> 868.2 | M4: ='Qtrly''s-Cntsht Book'!U6 -> 862.5 | N4: =SUM(B4:M4)/12 -> 858.86667 | O4: =N4*365 -> 313486.33
A5: Anvil Mountain CC | B5: ='Qtrly''s-Cntsht Book'!D7 -> 107.5 | C5: ='Qtrly''s-Cntsht Book'!E7 -> 98 | D5: ='Qtrly''s-Cntsht Book'!F7 -> 100 | E5: ='Qtrly''s-Cntsht Book'!I7 -> 100 | F5: ='Qtrly''s-Cntsht Book'!J7 -> 104 | G5: ='Qtrly''s-Cntsht Book'!K7 -> 105.1 | H5: ='Qtrly''s-Cntsht Book'!N7 -> 97 | I5: ='Qtrly''s-Cntsht Book'!O7 -> 105.9 | J5: ='Qtrly''s-Cntsht Book'!P7 -> 111.3 | K5: ='Qtrly''s-Cntsht Book'!S7 -> 105 | L5: ='Qtrly''s-Cntsht Book'!T7 -> 100.6 | M5: ='Qtrly''s-Cntsht Book'!U7 -> 111 | N5: =SUM(B5:M5)/12 -> 103.78333 | O5: =N5*365 -> 37880.917
A6: Fairbanks CC | B6: ='Qtrly''s-Cntsht Book'!D8 -> 288.9 | C6: ='Qtrly''s-Cntsht Book'!E8 -> 284 | D6: ='Qtrly''s-Cntsht Book'!F8 -> 262 | E6: ='Qtrly''s-Cntsht Book'!I8 -> 252 | F6: ='Qtrly''s-Cntsht Book'!J8 -> 240.2 | G6: ='Qtrly''s-Cntsht Book'!K8 -> 242.9 | H6: ='Qtrly''s-Cntsht Book'!N8 -> 255.4 | I6: ='Qtrly''s-Cntsht Book'!O8 -> 262 | J6: ='Qtrly''s-Cntsht Book'!P8 -> 270.8 | K6: ='Qtrly''s-Cntsht Book'!S8 -> 283 | L6: ='Qtrly''s-Cntsht Book'!T8 -> 294.5 | M6: ='Qtrly''s-Cntsht Book'!U8 -> 289.8 | N6: =SUM(B6:M6)/12 -> 268.79167 | O6: =N6*365 -> 98108.958
A7: Goose Creek CC | B7: ='Qtrly''s-Cntsht Book'!D9 -> 1145.8 | C7: ='Qtrly''s-Cntsht Book'!E9 -> 1238 | D7: ='Qtrly''s-Cntsht Book'!F9 -> 1268 | E7: ='Qtrly''s-Cntsht Book'!I9 -> 1311 | F7: ='Qtrly''s-Cntsht Book'!J9 -> 1334.8 | G7: ='Qtrly''s-Cntsht Book'!K9 -> 1326.3 | H7: ='Qtrly''s-Cntsht Book'!N9 -> 1271.3 | I7: ='Qtrly''s-Cntsht Book'!O9 -> 1250 | J7: ='Qtrly''s-Cntsht Book'!P9 -> 1242.9 | K7: ='Qtrly''s-Cntsht Book'!S9 -> 1257 | L7: ='Qtrly''s-Cntsht Book'!T9 -> 1240.6 | M7: ='Qtrly''s-Cntsht Book'!U9 -> 1295.6 | N7: =SUM(B7:M7)/12 -> 1265.1083 | O7: =N7*365 -> 461764.54
A8: Combined Hiland Mtn CC | B8: ='Qtrly''s-Cntsht Book'!D10 -> 348.5 | C8: ='Qtrly''s-Cntsht Book'!E10 -> 349 | D8: ='Qtrly''s-Cntsht Book'!F10 -> 347 | E8: ='Qtrly''s-Cntsht Book'!I10 -> 325 | F8: ='Qtrly''s-Cntsht Book'!J10 -> 304.9 | G8: ='Qtrly''s-Cntsht Book'!K10 -> 291.6 | H8: ='Qtrly''s-Cntsht Book'!N10 -> 275.4 | I8: ='Qtrly''s-Cntsht Book'!O10 -> 264 | J8: ='Qtrly''s-Cntsht Book'!P10 -> 267.5 | K8: ='Qtrly''s-Cntsht Book'!S10 -> 269 | L8: ='Qtrly''s-Cntsht Book'!T10 -> 297.9 | M8: ='Qtrly''s-Cntsht Book'!U10 -> 298.1 | N8: =SUM(B8:M8)/12 -> 303.15833 | O8: =N8*365 -> 110652.79
A9: Ketchikan CC | B9: ='Qtrly''s-Cntsht Book'!D11 -> 50 | C9: ='Qtrly''s-Cntsht Book'!E11 -> 50 | D9: ='Qtrly''s-Cntsht Book'!F11 -> 47 | E9: ='Qtrly''s-Cntsht Book'!I11 -> 53 | F9: ='Qtrly''s-Cntsht Book'!J11 -> 49 | G9: ='Qtrly''s-Cntsht Book'!K11 -> 46.1 | H9: ='Qtrly''s-Cntsht Book'!N11 -> 46.1 | I9: ='Qtrly''s-Cntsht Book'!O11 -> 55 | J9: ='Qtrly''s-Cntsht Book'!P11 -> 58 | K9: ='Qtrly''s-Cntsht Book'!S11 -> 56 | L9: ='Qtrly''s-Cntsht Book'!T11 -> 56.5 | M9: ='Qtrly''s-Cntsht Book'!U11 -> 51.8 | N9: =SUM(B9:M9)/12 -> 51.541667 | O9: =N9*365 -> 18812.708
A10: Lemon Creek CC | B10: ='Qtrly''s-Cntsht Book'!D12 -> 216.2 | C10: ='Qtrly''s-Cntsht Book'!E12 -> 220 | D10: ='Qtrly''s-Cntsht Book'!F12 -> 229 | E10: ='Qtrly''s-Cntsht Book'!I12 -> 230 | F10: ='Qtrly''s-Cntsht Book'!J12 -> 216 | G10: ='Qtrly''s-Cntsht Book'!K12 -> 216.8 | H10: ='Qtrly''s-Cntsht Book'!N12 -> 208.4 | I10: ='Qtrly''s-Cntsht Book'!O12 -> 202 | J10: ='Qtrly''s-Cntsht Book'!P12 -> 195.3 | K10: ='Qtrly''s-Cntsht Book'!S12 -> 208 | L10: ='Qtrly''s-Cntsht Book'!T12 -> 205.1 | M10: ='Qtrly''s-Cntsht Book'!U12 -> 193.5 | N10: =SUM(B10:M10)/12 -> 211.69167 | O10: =N10*365 -> 77267.458
A11: Mat-Su CC | B11: ='Qtrly''s-Cntsht Book'!D13 -> 101.3 | C11: ='Qtrly''s-Cntsht Book'!E13 -> 100 | D11: ='Qtrly''s-Cntsht Book'!F13 -> 91 | E11: ='Qtrly''s-Cntsht Book'!I13 -> 102 | F11: ='Qtrly''s-Cntsht Book'!J13 -> 101.5 | G11: ='Qtrly''s-Cntsht Book'!K13 -> 98.4 | H11: ='Qtrly''s-Cntsht Book'!N13 -> 87.8 | I11: ='Qtrly''s-Cntsht Book'!O13 -> 89 | J11: ='Qtrly''s-Cntsht Book'!P13 -> 98.2 | K11: ='Qtrly''s-Cntsht Book'!S13 -> 90 | L11: ='Qtrly''s-Cntsht Book'!T13 -> 92 | M11: ='Qtrly''s-Cntsht Book'!U13 -> 93.3 | N11: =SUM(B11:M11)/12 -> 95.375 | O11: =N11*365 -> 34811.875
A12: Palmer CC | B12: ='Qtrly''s-Cntsht Book'!D14 -> 477.7 | C12: ='Qtrly''s-Cntsht Book'!E14 -> 357 | D12: ='Qtrly''s-Cntsht Book'!F14 -> 279 | E12: ='Qtrly''s-Cntsht Book'!I14 -> 110 | F12: ='Qtrly''s-Cntsht Book'!J14 -> 0 | G12: ='Qtrly''s-Cntsht Book'!K14 -> 0 | H12: ='Qtrly''s-Cntsht Book'!N14 -> 0 | I12: ='Qtrly''s-Cntsht Book'!O14 -> 0 | J12: ='Qtrly''s-Cntsht Book'!P14 -> 0 | K12: ='Qtrly''s-Cntsht Book'!S14 -> 0 | L12: ='Qtrly''s-Cntsht Book'!T14 -> 0 | M12: ='Qtrly''s-Cntsht Book'!U14 -> 0 | N12: =SUM(B12:M12)/4 -> 305.925 | O12: =N12*123 -> 37628.775 | P12: *
A13: Pt. MacKenzie | B13: ='Qtrly''s-Cntsht Book'!D15 -> 52.8 | C13: ='Qtrly''s-Cntsht Book'!E15 -> 54 | D13: ='Qtrly''s-Cntsht Book'!F15 -> 57 | E13: ='Qtrly''s-Cntsht Book'!I15 -> 69 | F13: ='Qtrly''s-Cntsht Book'!J15 -> 108.9 | G13: ='Qtrly''s-Cntsht Book'!K15 -> 125.3 | H13: ='Qtrly''s-Cntsht Book'!N15 -> 125 | I13: ='Qtrly''s-Cntsht Book'!O15 -> 125 | J13: ='Qtrly''s-Cntsht Book'!P15 -> 123.2 | K13: ='Qtrly''s-Cntsht Book'!S15 -> 119 | L13: ='Qtrly''s-Cntsht Book'!T15 -> 110.8 | M13: ='Qtrly''s-Cntsht Book'!U15 -> 88 | N13: =SUM(B13:M13)/12 -> 96.5 | O13: =N13*365 -> 35222.5
A14: Spring Creek CC | B14: ='Qtrly''s-Cntsht Book'!D16 -> 523.6 | C14: ='Qtrly''s-Cntsht Book'!E16 -> 516 | D14: ='Qtrly''s-Cntsht Book'!F16 -> 518 | E14: ='Qtrly''s-Cntsht Book'!I16 -> 520 | F14: ='Qtrly''s-Cntsht Book'!J16 -> 494.8 | G14: ='Qtrly''s-Cntsht Book'!K16 -> 491.1 | H14: ='Qtrly''s-Cntsht Book'!N16 -> 484 | I14: ='Qtrly''s-Cntsht Book'!O16 -> 491 | J14: ='Qtrly''s-Cntsht Book'!P16 -> 485.5 | K14: ='Qtrly''s-Cntsht Book'!S16 -> 485 | L14: ='Qtrly''s-Cntsht Book'!T16 -> 463 | M14: ='Qtrly''s-Cntsht Book'!U16 -> 396.9 | N14: =SUM(B14:M14)/12 -> 489.075 | O14: =N14*365 -> 178512.38
A15: Wildwood CC | B15: ='Qtrly''s-Cntsht Book'!D17 -> 372.5 | C15: ='Qtrly''s-Cntsht Book'!E17 -> 389 | D15: ='Qtrly''s-Cntsht Book'!F17 -> 379 | E15: ='Qtrly''s-Cntsht Book'!I17 -> 390 | F15: ='Qtrly''s-Cntsht Book'!J17 -> 400.1 | G15: ='Qtrly''s-Cntsht Book'!K17 -> 394.2 | H15: ='Qtrly''s-Cntsht Book'!N17 -> 394 | I15: ='Qtrly''s-Cntsht Book'!O17 -> 374.9 | J15: ='Qtrly''s-Cntsht Book'!P17 -> 368.9 | K15: ='Qtrly''s-Cntsht Book'!S17 -> 376 | L15: ='Qtrly''s-Cntsht Book'!T17 -> 377.7 | M15: ='Qtrly''s-Cntsht Book'!U17 -> 410.2 | N15: =SUM(B15:M15)/12 -> 385.54167 | O15: =N15*365 -> 140722.71
A16: Yukon-Kuskokwim CC | B16: ='Qtrly''s-Cntsht Book'!D18 -> 177.7 | C16: ='Qtrly''s-Cntsht Book'!E18 -> 158 | D16: ='Qtrly''s-Cntsht Book'!F18 -> 166 | E16: ='Qtrly''s-Cntsht Book'!I18 -> 175 | F16: ='Qtrly''s-Cntsht Book'!J18 -> 181.1 | G16: ='Qtrly''s-Cntsht Book'!K18 -> 172.9 | H16: ='Qtrly''s-Cntsht Book'!N18 -> 167.4 | I16: ='Qtrly''s-Cntsht Book'!O18 -> 150 | J16: ='Qtrly''s-Cntsht Book'!P18 -> 139.5 | K16: ='Qtrly''s-Cntsht Book'!S18 -> 149 | L16: ='Qtrly''s-Cntsht Book'!T18 -> 152.8 | M16: ='Qtrly''s-Cntsht Book'!U18 -> 159.8 | N16: =SUM(B16:M16)/12 -> 162.43333 | O16: =N16*365 -> 59288.167
A17: Tents | B17: ='Qtrly''s-Cntsht Book'!D19 -> 0 | C17: ='Qtrly''s-Cntsht Book'!E19 -> 0 | D17: ='Qtrly''s-Cntsht Book'!F19 -> 0 | E17: ='Qtrly''s-Cntsht Book'!I19 -> 0 | F17: ='Qtrly''s-Cntsht Book'!J19 -> 0 | G17: ='Qtrly''s-Cntsht Book'!K19 -> 0 | H17: ='Qtrly''s-Cntsht Book'!N19 -> 0 | I17: ='Qtrly''s-Cntsht Book'!O19 -> 0 | J17: ='Qtrly''s-Cntsht Book'!P19 -> 0 | K17: ='Qtrly''s-Cntsht Book'!S19 -> - | L17: ='Qtrly''s-Cntsht Book'!T19 -> - | M17: ='Qtrly''s-Cntsht Book'!U19 -> - | N17: =SUM(B17:M17)/12 -> 0 | O17: =N17*365 -> 0
A18: TOTAL INSTITUTIONS | B18: =SUM(B4:B17) -> 4684.9 | C18: =SUM(C4:C17) -> 4636 | D18: =SUM(D4:D17) -> 4556 | E18: =SUM(E4:E17) -> 4610 | F18: =SUM(F4:F17) -> 4409.4 | G18: =SUM(G4:G17) -> 4371.4 | H18: =SUM(H4:H17) -> 4257 | I18: =SUM(I4:I17) -> 4213.1 | ... M18: =SUM(M4:M17) -> 4250.5 | N18: =SUM(B18:M18)/12 -> 4393.8417 | O18: =SUM(O4:O17) -> 1604160.1
A19: Other
A20: CRC's | B20: ='Qtrly''s-Cntsht Book'!D22 -> 495.61 | C20: ='Qtrly''s-Cntsht Book'!E22 -> 470 | D20: ='Qtrly''s-Cntsht Book'!F22 -> 476 | E20: ='Qtrly''s-Cntsht Book'!I22 -> 430 | F20: ='Qtrly''s-Cntsht Book'!J22 -> 435 | G20: ='Qtrly''s-Cntsht Book'!K22 -> 424 | H20: ='Qtrly''s-Cntsht Book'!N22 -> 412 | I20: ='Qtrly''s-Cntsht Book'!O22 -> 432 | J20: ='Qtrly''s-Cntsht Book'!P22 -> 398 | K20: ='Qtrly''s-Cntsht Book'!S22 -> 408 | L20: ='Qtrly''s-Cntsht Book'!T22 -> 396.97 | M20: ='Qtrly''s-Cntsht Book'!U22 -> 386 | N20: =SUM(B20:M20)/12 -> 430.29833 | O20: =N20*365 -> 157058.89
A21: CRC Offender Supervision | B21: ='Qtrly''s-Cntsht Book'!D23 -> 15.49 | C21: ='Qtrly''s-Cntsht Book'!E23 -> 9 | D21: ='Qtrly''s-Cntsht Book'!F23 -> 10 | E21: ='Qtrly''s-Cntsht Book'!I23 -> 12 | F21: ='Qtrly''s-Cntsht Book'!J23 -> 16 | G21: ='Qtrly''s-Cntsht Book'!K23 -> 14 | H21: ='Qtrly''s-Cntsht Book'!N23 -> 15 | I21: ='Qtrly''s-Cntsht Book'!O23 -> 15 | J21: ='Qtrly''s-Cntsht Book'!P23 -> 15 | K21: ='Qtrly''s-Cntsht Book'!S23 -> 15 | L21: ='Qtrly''s-Cntsht Book'!T23 -> 13.55 | M21: ='Qtrly''s-Cntsht Book'!U23 -> 12 | N21: =SUM(B21:M21)/12 -> 13.503333 | O21: =N21*365 -> 4928.7167
A22: Treatment Beds | B22: ='Qtrly''s-Cntsht Book'!D24 -> 14 | C22: ='Qtrly''s-Cntsht Book'!E24 -> 15 | D22: ='Qtrly''s-Cntsht Book'!F24 -> 15 | E22: ='Qtrly''s-Cntsht Book'!I24 -> 15 | F22: ='Qtrly''s-Cntsht Book'!J24 -> 15 | G22: ='Qtrly''s-Cntsht Book'!K24 -> 16 | H22: ='Qtrly''s-Cntsht Book'!N24 -> 14 | I22: ='Qtrly''s-Cntsht Book'!O24 -> 14 | J22: ='Qtrly''s-Cntsht Book'!P24 -> 17 | K22: ='Qtrly''s-Cntsht Book'!S24 -> 21 | L22: ='Qtrly''s-Cntsht Book'!T24 -> 23.13 | M22: ='Qtrly''s-Cntsht Book'!U24 -> 21 | N22: =SUM(B22:M22)/12 -> 16.6775 | O22: =N22*365 -> 6087.2875
A23: Electronic Monitoring | B23: ='Qtrly''s-Cntsht Book'!D25 -> 335 | C23: ='Qtrly''s-Cntsht Book'!E25 -> 303 | D23: ='Qtrly''s-Cntsht Book'!F25 -> 291 | E23: ='Qtrly''s-Cntsht Book'!I25 -> 282 | F23: ='Qtrly''s-Cntsht Book'!J25 -> 279 | G23: ='Qtrly''s-Cntsht Book'!K25 -> 286 | H23: ='Qtrly''s-Cntsht Book'!N25 -> 275 | I23: ='Qtrly''s-Cntsht Book'!O25 -> 263 | J23: ='Qtrly''s-Cntsht Book'!P25 -> 253 | K23: ='Qtrly''s-Cntsht Book'!S25 -> 290 | L23: ='Qtrly''s-Cntsht Book'!T25 -> 299 | M23: ='Qtrly''s-Cntsht Book'!U25 -> 286 | N23: =SUM(B23:M23)/12 -> 286.83333 | O23: =N23*365 -> 104694.17
A24: Colorado | B24: ='Qtrly''s-Cntsht Book'!D26 -> N/A | C24: ='Qtrly''s-Cntsht Book'!E26 -> N/A | D24: ='Qtrly''s-Cntsht Book'!F26 -> N/A | E24: ='Qtrly''s-Cntsht Book'!I26 -> N/A | F24: ='Qtrly''s-Cntsht Book'!J26 -> N/A | G24: ='Qtrly''s-Cntsht Book'!K26 -> N/A | H24: ='Qtrly''s-Cntsht Book'!N26 -> N/A | I24: ='Qtrly''s-Cntsht Book'!O26 -> N/A | J24: ='Qtrly''s-Cntsht Book'!P26 -> N/A | K24: ='Qtrly''s-Cntsht Book'!S26 -> N/A | L24: ='Qtrly''s-Cntsht Book'!T26 -> N/A | M24: ='Qtrly''s-Cntsht Book'!U26 -> N/A | N24: =SUM(B24:M24)/3 -> 0 | O24: =N24*365 -> 0
A25: Other Out Of State | B25: ='Qtrly''s-Cntsht Book'!D27 -> 9 | C25: ='Qtrly''s-Cntsht Book'!E27 -> 9 | D25: ='Qtrly''s-Cntsht Book'!F27 -> 9 | E25: ='Qtrly''s-Cntsht Book'!I27 -> 9 | F25: ='Qtrly''s-Cntsht Book'!J27 -> 9 | G25: ='Qtrly''s-Cntsht Book'!K27 -> 9 | H25: ='Qtrly''s-Cntsht Book'!N27 -> 9 | I25: ='Qtrly''s-Cntsht Book'!O27 -> 9 | J25: ='Qtrly''s-Cntsht Book'!P27 -> 9 | K25: ='Qtrly''s-Cntsht Book'!S27 -> 9 | L25: ='Qtrly''s-Cntsht Book'!T27 -> 9 | M25: ='Qtrly''s-Cntsht Book'!U27 -> 9 | N25: =SUM(B25:M25)/12 -> 9 | O25: =N25*365 -> 3285
A26: TOTAL OTHER | B26: =SUM(B20:B25) -> 869.1 | C26: =SUM(C20:C25) -> 806 | D26: =SUM(D20:D25) -> 801 | E26: =SUM(E20:E25) -> 748 | F26: =SUM(F20:F25) -> 754 | G26: =SUM(G20:G25) -> 749 | H26: =SUM(H20:H25) -> 725 | I26: =SUM(I20:I25) -> 733 | ... O26: =SUM(O20:O25) -> 276054.06
A27: GRAND TOTAL | B27: =B18+B26 -> 5554 | C27: =C18+C26 -> 5442 | D27: =D18+D26 -> 5357 | E27: =E18+E26 -> 5358 | F27: =F18+F26 -> 5163.4 | G27: =G18+G26 -> 5120.4 | H27: =H18+H26 -> 4982 | I27: =I18+I26 -> 4946.1 | ... M27: =M18+M26 -> 4964.5 | N27: =SUM(B27:M27)/12 -> 5150.1542 | O27: =O18+O26 -> 1880214.2
A33: Updated: 9/15/17 lj

Sheet Avg Daily Community Jails
A1: JULY 2014 TO JUNE 2015--NUMBER OF MAN-DAYS
A3: CAP DAYS | B3: 15 | C3: 7 | D3: 15 | E3: 20 | F3: 14 | G3: 10 | H3: 30 | I3: 30 | J3: 30 | K3: 15 | L3: 30 | M3: 10 | N3: 30 | O3: 10 | P3: 30
B4: Bristol Bay | C4: Cordova | D4: Craig | E4: Dillingham | F4: Haines | G4: Homer | H4: Kodiak | I4: Kotzebue | J4: NSB | K4: Petersburg | L4: Seward | M4: Sitka | N4: Unalaska | O4: Valdez | P4: Wrangell
A5: July | B5: 77 | C5: 50.5 | D5: 129 | E5: 274 | F5: 14 | G5: 87.5 | H5: 773.5 | I5: 309 | J5: 452.5 | K5: 91 | L5: 104.5 | M5: 151 | N5: 38 | O5: 118 | P5: 114
A6: August | B6: 50 | C6: 65 | D6: 160.5 | E6: 270 | F6: 24 | G6: 96 | H6: 913 | I6: 305 | J6: 405.5 | K6: 29.5 | L6: 104 | M6: 223 | N6: 82 | O6: 120 | P6: 106
A7: September | B7: 36 | C7: 37 | D7: 203.5 | E7: 230 | F7: 42 | G7: 105.5 | H7: 817 | I7: 148.5 | J7: 361 | K7: 83 | L7: 103.5 | M7: 255 | N7: 74 | O7: 88 | P7: 120
A8: October | B8: 37 | C8: 51.5 | D8: 205.5 | E8: 263 | F8: 6 | G8: 56 | H8: 764.5 | I8: 290.5 | J8: 376 | K8: 25.5 | L8: 247.5 | M8: 247.5 | N8: 59 | O8: 65 | P8: 101
A9: November | B9: 15 | C9: 20.5 | D9: 135.5 | E9: 143 | F9: 6 | G9: 73.5 | H9: 792.5 | I9: 275 | J9: 224.5 | K9: 36 | L9: 120 | M9: 185.5 | N9: 103 | O9: 116.5 | P9: 55
A10: December | B10: 39 | C10: 16 | D10: 95.5 | E10: 183 | F10: 16 | G10: 69 | H10: 865 | I10: 279.5 | J10: 149 | K10: 28 | L10: 153.5 | M10: 170 | N10: 117 | O10: 37 | P10: 51
A11: January | B11: 34.5 | C11: 18 | D11: 157.5 | E11: 261 | F11: 13 | G11: 90 | H11: 876.5 | I11: 263 | J11: 206 | K11: 25.5 | L11: 55.5 | M11: 317.5 | N11: 202 | O11: 53 | P11: 7
A12: February | B12: 18 | C12: 18.5 | D12: 171.5 | E12: 195 | F12: 2 | G12: 56 | H12: 914.5 | I12: 307.5 | J12: 223 | K12: 63.5 | L12: 64.5 | M12: 141 | N12: 87.5 | O12: 79 | P12: 59
A13: March | B13: 31 | C13: 49 | D13: 158 | E13: 138 | F13: 4.5 | G13: 54.5 | H13: 866 | I13: 292.5 | J13: 304 | K13: 48.5 | L13: 56.5 | M13: 239 | N13: 106 | O13: 41.5 | P13: 77
A14: April | B14: 14 | C14: 46 | D14: 106.5 | E14: 187 | F14: 31 | G14: 77.5 | H14: 1051.5 | I14: 347.5 | J14: 207 | K14: 36.5 | L14: 91 | M14: 253.5 | N14: 109 | O14: 61 | P14: 66
A15: May | B15: 25.5 | C15: 2 | D15: 117.5 | E15: 182 | F15: 11 | G15: 86 | H15: 929.5 | I15: 386.5 | J15: 260.5 | K15: 24 | L15: 34.5 | M15: 209 | N15: 71.5 | O15: 67 | P15: 79
A16: June | B16: 53 | C16: 25.5 | D16: 87.5 | E16: 191 | F16: 22 | G16: 82 | H16: 841.5 | I16: 284.5 | J16: 340.5 | K16: 8.5 | L16: 59 | M16: 209.5 | N16: 136.5 | O16: 107.5 | P16: 53 | Q16: Total
A17: Total | B17: =SUM(B5:B16) -> 430 | C17: =SUM(C5:C16) -> 399.5 | D17: =SUM(D5:D16) -> 1728 | E17: =SUM(E5:E16) -> 2517 | F17: =SUM(F5:F16) -> 191.5 | G17: =SUM(G5:G16) -> 933.5 | H17: =SUM(H5:H16) -> 10405 | I17: =SUM(I5:I16) -> 3489 | ... P17: =SUM(P5:P16) -> 888 | Q17: Man-days
A18: Average | B18: =AVERAGE(B5:B16) -> 35.833333 | C18: =AVERAGE(C5:C16) -> 33.291667 | D18: =AVERAGE(D5:D16) -> 144 | E18: =AVERAGE(E5:E16) -> 209.75 | F18: =AVERAGE(F5:F16) -> 15.958333 | G18: =AVERAGE(G5:G16) -> 77.791667 | H18: =AVERAGE(H5:H16) -> 867.08333 | I18: =AVERAGE(I5:I16) -> 290.75 | ... P18: =AVERAGE(P5:P16) -> 74 | Q18: =SUM(B17:P17) -> 30925
A20: COC CY2016 | B20: =Q18/365 -> 84.726027
A21: Average Daily Community Jail Population for Fiscal Year 2015 | H21: =B20 -> 84.726027
A24: JULY 2015 TO JUNE 2016-NUMBER OF PERSONS
A26: BEDS | B26: 4 | C26: 6 | D26: 7 | E26: 8 | F26: 6 | G26: 7 | H26: 22 | I26: 12 | J26: 9 | K26: 12 | L26: 14 | M26: 15 | N26: 10 | O26: 13 | P26: 12 | Q26: =SUM(B26:P26) -> 157
B27: Bristol Bay | C27: Cordova | D27: Craig | E27: Dillingham | F27: Haines | G27: Homer | H27: Kodiak | I27: Kotzebue | J27: NSB | K27: Petersburg | L27: Seward | M27: Sitka | N27: Unalaska | O27: Valdez | P27: Wrangell
A28: July | B28: 46 | C28: 8 | D28: 38 | E28: 58 | F28: 2 | G28: 44 | H28: 92 | I28: 93 | J28: 74 | K28: 7 | L28: 47 | M28: 42 | N28: 22 | O28: 25 | P28: 8
A29: August | B29: 10 | C29: 5 | D29: 37 | E29: 71 | F29: 5 | G29: 67 | H29: 86 | I29: 88 | J29: 55 | K29: 17 | L29: 65 | M29: 56 | N29: 23 | O29: 22 | P29: 5
A30: September | B30: 12 | C30: 8 | D30: 33 | E30: 72 | F30: 5 | G30: 39 | H30: 87 | I30: 104 | J30: 72 | K30: 14 | L30: 32 | M30: 63 | N30: 17 | O30: 22 | P30: 6
A31: October | B31: 15 | C31: 4 | D31: 46 | E31: 65 | F31: 5 | G31: 44 | H31: 84 | I31: 114 | J31: 72 | K31: 9 | L31: 21 | M31: 67 | N31: 32 | O31: 24 | P31: 8
A32: November | B32: 3 | C32: 6 | D32: 36 | E32: 40 | F32: 4 | G32: 33 | H32: 71 | I32: 69 | J32: 55 | K32: 4 | L32: 18 | M32: 44 | N32: 31 | O32: 18 | P32: 3
A33: December | B33: 6 | C33: 6 | D33: 17 | E33: 48 | F33: 2 | G33: 37 | H33: 91 | I33: 83 | J33: 59 | K33: 5 | L33: 17 | M33: 51 | N33: 23 | O33: 18 | P33: 10
A34: January | B34: 1 | C34: 5 | D34: 25 | E34: 41 | F34: 4 | G34: 41 | H34: 82 | I34: 97 | J34: 63 | K34: 12 | L34: 18 | M34: 55 | N34: 15 | O34: 16 | P34: 10
A35: February | B35: 9 | C35: 8 | D35: 19 | E35: 34 | F35: 11 | G35: 50 | H35: 62 | I35: 94 | J35: 49 | K35: 1 | L35: 25 | M35: 34 | N35: 25 | O35: 13 | P35: 5
A36: March | B36: 4 | C36: 5 | D36: 25 | E36: 58 | F36: 4 | G36: 38 | H36: 87 | I36: 96 | J36: 61 | K36: 9 | L36: 24 | M36: 49 | N36: 23 | O36: 16 | P36: 6
A37: April | B37: 2 | C37: 7 | D37: 29 | E37: 48 | F37: 8 | G37: 34 | H37: 73 | I37: 101 | J37: 44 | K37: 10 | L37: 33 | M37: 55 | N37: 20 | O37: 11 | P37: 5
A38: May | B38: 5 | C38: 7 | D38: 18 | E38: 60 | F38: 4 | G38: 53 | H38: 60 | I38: 103 | J38: 50 | K38: 8 | L38: 31 | M38: 44 | N38: 15 | O38: 12 | P38: 7
A39: June | B39: 15 | C39: 5 | D39: 18 | E39: 70 | F39: 4 | G39: 49 | H39: 57 | I39: 122 | J39: 65 | K39: 11 | L39: 29 | M39: 41 | N39: 15 | O39: 17 | P39: 6 | Q39: Total
A40: Total | B40: =SUM(B28:B39) -> 128 | C40: =SUM(C28:C39) -> 74 | D40: =SUM(D28:D39) -> 341 | E40: =SUM(E28:E39) -> 665 | F40: =SUM(F28:F39) -> 58 | G40: =SUM(G28:G39) -> 529 | H40: =SUM(H28:H39) -> 932 | I40: =SUM(I28:I39) -> 1164 | ... P40: =SUM(P28:P39) -> 79 | Q40: Persons
A41: Average | B41: =AVERAGE(B28:B39) -> 10.666667 | C41: =AVERAGE(C28:C39) -> 6.1666667 | D41: =AVERAGE(D28:D39) -> 28.416667 | E41: =AVERAGE(E28:E39) -> 55.416667 | F41: =AVERAGE(F28:F39) -> 4.8333333 | G41: =AVERAGE(G28:G39) -> 44.083333 | H41: =AVERAGE(H28:H39) -> 77.666667 | I41: =AVERAGE(I28:I39) -> 97 | ... P41: =AVERAGE(P28:P39) -> 6.5833333 | Q41: =SUM(B40:P40) -> 6232
A43: JULY 2015 TO JUNE 2016--NUMBER OF MAN-DAYS
A45: CAP DAYS | B45: 15 | C45: 7 | D45: 15 | E45: 20 | F45: 14 | G45: 10 | H45: 30 | I45: 30 | J45: 30 | K45: 15 | L45: 30 | M45: 10 | N45: 30 | O45: 10 | P45: 30
B46: Bristol Bay | C46: Cordova | D46: Craig | E46: Dillingham | F46: Haines | G46: Homer | H46: Kodiak | I46: Kotzebue | J46: NSB | K46: Petersburg | L46: Seward | M46: Sitka | N46: Unalaska | O46: Valdez | P46: Wrangell
A47: July | B47: 98 | C47: 19.5 | D47: 136 | E47: 212 | F47: 2 | G47: 57 | H47: 936.5 | I47: 282 | J47: 359.5 | K47: 17.5 | L47: 76.5 | M47: 238 | N47: 124.5 | O47: 106 | P47: 62
A48: August | B48: 55.5 | C48: 19 | D48: 151 | E48: 267 | F48: 28 | G48: 89.5 | H48: 790 | I48: 289.5 | J48: 226.5 | K48: 40.5 | L48: 165.5 | M48: 194.5 | N48: 91.5 | O48: 64 | P48: 47
A49: September | B49: 36.5 | C49: 34.5 | D49: 197.5 | E49: 173 | F49: 8.5 | G49: 65.5 | H49: 848 | I49: 312.5 | J49: 246.5 | K49: 58 | L49: 109.5 | M49: 275 | N49: 120 | O49: 164 | P49: 13
A50: October | B50: 53 | C50: 8 | D50: 184.5 | E50: 226 | F50: 13 | G50: 81.5 | H50: 764 | I50: 357.5 | J50: 320.5 | K50: 25.5 | L50: 80 | M50: 351 | N50: 134.5 | O50: 98.5 | P50: 41
A51: November | B51: 5 | C51: 25.5 | D51: 151 | E51: 182 | F51: 10 | G51: 66 | H51: 647 | I51: 218 | J51: 264 | K51: 32 | L51: 59.5 | M51: 239.5 | N51: 161.5 | O51: 81 | P51: 21
A52: December | B52: 27 | C52: 22.5 | D52: 103.5 | E52: 211 | F52: 3 | G52: 66.5 | H52: 781.5 | I52: 266 | J52: 193 | K52: 19.5 | L52: 64 | M52: 168.5 | N52: 133.5 | O52: 50.5 | P52: 70
A53: January | B53: 1 | C53: 28 | D53: 154.5 | E53: 154 | F53: 26.5 | G53: 71 | H53: 645.5 | I53: 281 | J53: 225.5 | K53: 88 | L53: 53 | M53: 255 | N53: 87 | O53: 80 | P53: 131
A54: February | B54: 20 | C54: 17.5 | D54: 107 | E54: 156 | F54: 34 | G54: 121 | H54: 618.5 | I54: 272 | J54: 208 | K54: 11.5 | L54: 80 | M54: 134 | N54: 93 | O54: 72 | P54: 61
A55: March | B55: 6 | C55: 9.5 | D55: 101 | E55: 147 | F55: 16 | G55: 68.5 | H55: 887 | I55: 300.5 | J55: 296.5 | K55: 50.5 | L55: 76 | M55: 195.5 | N55: 111 | O55: 68 | P55: 83
A56: April | B56: 6.5 | C56: 13 | D56: 146.5 | E56: 220 | F56: 8.5 | G56: 37 | H56: 640 | I56: 268.5 | J56: 208.8 | K56: 65.5 | L56: 73.5 | M56: 291.5 | N56: 194.5 | O56: 37 | P56: 114
A57: May | B57: 9 | C57: 32 | D57: 101.5 | E57: 253 | F57: 7.5 | G57: 100 | H57: 574.5 | I57: 323 | J57: 193.5 | K57: 18 | L57: 62 | M57: 243.5 | N57: 73 | O57: 90 | P57: 77
A58: June | B58: 35.5 | C58: 21 | D58: 76.5 | E58: 188 | F58: 1.5 | G58: 40 | H58: 485.5 | I58: 331 | J58: 317.5 | K58: 55 | L58: 60.5 | M58: 195.5 | N58: 66.5 | O58: 65.5 | P58: 26 | Q58: Total
A59: Total | B59: =SUM(B47:B58) -> 353 | C59: =SUM(C47:C58) -> 250 | D59: =SUM(D47:D58) -> 1610.5 | E59: =SUM(E47:E58) -> 2389 | F59: =SUM(F47:F58) -> 158.5 | G59: =SUM(G47:G58) -> 863.5 | H59: =SUM(H47:H58) -> 8618 | I59: =SUM(I47:I58) -> 3501.5 | ... P59: =SUM(P47:P58) -> 746 | Q59: Man-days
A60: Average | B60: =AVERAGE(B47:B58) -> 29.416667 | C60: =AVERAGE(C47:C58) -> 20.833333 | D60: =AVERAGE(D47:D58) -> 134.20833 | E60: =AVERAGE(E47:E58) -> 199.08333 | F60: =AVERAGE(F47:F58) -> 13.208333 | G60: =AVERAGE(G47:G58) -> 71.958333 | H60: =AVERAGE(H47:H58) -> 718.16667 | I60: =AVERAGE(I47:I58) -> 291.79167 | ... P60: =AVERAGE(P47:P58) -> 62.166667 | Q60: =SUM(B59:P59) -> 28139.8
A62: COC CY2017 | B62: =Q60/365 -> 77.095342
A63: Average Daily Community Jail Population for Fiscal Year 2016 | H63: =B62 -> 77.095342
A66: JULY 2016 TO JUNE 2017-NUMBER OF PERSONS
A68: BEDS | B68: 4 | C68: 6 | D68: 7 | E68: 8 | F68: 6 | G68: 7 | H68: 22 | I68: 12 | J68: 9 | K68: 12 | L68: 14 | M68: 15 | N68: 10 | O68: 13 | P68: 12 | Q68: 157
B69: Bristol Bay | C69: Cordova | D69: Craig | E69: Dillingham | F69: Haines | G69: Homer | H69: Kodiak | I69: Kotzebue | J69: NSB | K69: Petersburg | L69: Seward | M69: Sitka | N69: Unalaska | O69: Valdez | P69: Wrangell
A70: July | B70: 22 | C70: 10 | D70: 24 | E70: 68 | F70: 3 | G70: 42 | H70: 63 | I70: 103 | J70: 46 | K70: 12 | L70: 53 | M70: 35 | N70: 12 | O70: 22 | P70: 5
A71: August | B71: 7 | C71: 11 | D71: 19 | E71: 89 | F71: 7 | G71: 57 | H71: 66 | I71: 90 | J71: 44 | K71: 10 | L71: 39 | M71: 52 | N71: 12 | O71: 21 | P71: 3
A72: September | B72: 4 | C72: 10 | D72: 15 | E72: 58 | F72: 8 | G72: 46 | H72: 62 | I72: 87 | J72: 68 | K72: 11 | L72: 29 | M72: 60 | N72: 17 | O72: 23 | P72: 7
A73: October | B73: 5 | C73: 3 | D73: 27 | E73: 39 | F73: 3 | G73: 40 | H73: 50 | I73: 91 | J73: 50 | K73: 6 | L73: 22 | M73: 42 | N73: 13 | O73: 15 | P73: 5
A74: November | B74: 6 | C74: 1 | D74: 26 | E74: 47 | F74: 4 | G74: 37 | H74: 57 | I74: 85 | J74: 53 | K74: 3 | L74: 17 | M74: 40 | N74: 18 | O74: 17 | P74: 6
A75: December | B75: 3 | C75: 0 | D75: 15 | E75: 58 | F75: 1 | G75: 31 | H75: 57 | I75: 132 | J75: 56 | K75: 2 | L75: 16 | M75: 38 | N75: 28 | O75: 9 | P75: 7
A76: January | B76: 5 | C76: 5 | D76: 20 | E76: 33 | F76: 5 | G76: 39 | H76: 71 | I76: 95 | J76: 49 | K76: 4 | L76: 14 | M76: 39 | N76: 20 | O76: 9 | P76: 11
A77: February | B77: 2 | C77: 3 | D77: 20 | E77: 52 | F77: 4 | G77: 32 | H77: 74 | I77: 78 | J77: 56 | K77: 2 | L77: 14 | M77: 33 | N77: 15 | O77: 8 | P77: 6
A78: March | B78: 5 | C78: 1 | D78: 23 | E78: 45 | F78: 6 | G78: 43 | H78: 80 | I78: 91 | J78: 64 | K78: 7 | L78: 8 | M78: 34 | N78: 16 | O78: 11 | P78: 3
A79: April | B79: 2 | C79: 0 | D79: 24 | E79: 45 | F79: 12 | G79: 35 | H79: 82 | I79: 98 | J79: 54 | K79: 7 | L79: 16 | M79: 47 | N79: 22 | O79: 8 | P79: 2
A80: May | B80: 3 | C80: 2 | D80: 21 | E80: 40 | F80: 4 | G80: 34 | H80: 79 | I80: 87 | J80: 48 | K80: 13 | L80: 20 | M80: 49 | N80: 17 | O80: 9 | P80: 1
A81: June | B81: 4 | C81: 2 | D81: 22 | E81: 44 | F81: 2 | G81: 31 | H81: 46 | I81: 93 | J81: 44 | K81: 7 | L81: 17 | M81: 54 | N81: 11 | O81: 9 | P81: 10 | Q81: Total
A82: Total | B82: 68 | C82: 48 | D82: 256 | E82: 618 | F82: 59 | G82: 467 | H82: 787 | I82: 1130 | J82: 632 | K82: 84 | L82: 265 | M82: 523 | N82: 201 | O82: 161 | P82: 66 | Q82: Persons
A83: Average | B83: 5.6666667 | C83: 4 | D83: 21.333333 | E83: 51.5 | F83: 4.9166667 | G83: 38.916667 | H83: 65.583333 | I83: 94.166667 | J83: 52.666667 | K83: 7 | L83: 22.083333 | M83: 43.583333 | N83: 16.75 | O83: 13.416667 | P83: 5.5 | Q83: 5365
A85: JULY 2016 TO JUNE 2017--NUMBER OF MAN-DAYS
A87: CAP DAYS | B87: 15 | C87: 7 | D87: 15 | E87: 20 | F87: 14 | G87: 10 | H87: 30 | I87: 30 | J87: 30 | K87: 15 | L87: 30 | M87: 10 | N87: 30 | O87: 10 | P87: 30 | Q87: 266
B88: Bristol Bay | C88: Cordova | D88: Craig | E88: Dillingham | F88: Haines | G88: Homer | H88: Kodiak | I88: Kotzebue | J88: NSB | K88: Petersburg | L88: Seward | M88: Sitka | N88: Unalaska | O88: Valdez | P88: Wrangell
A89: July | B89: 35.5 | C89: 13 | D89: 139 | E89: 170 | F89: 3 | G89: 54.5 | H89: 394 | I89: 311.5 | J89: 248.7 | K89: 28 | L89: 91.5 | M89: 129 | N89: 51.5 | O89: 56.5 | P89: 11
A90: August | B90: 16 | C90: 30.5 | D90: 73 | E90: 257 | F90: 14.5 | G90: 86 | H90: 307.5 | I90: 246.5 | J90: 146.5 | K90: 47 | L90: 88.5 | M90: 245 | N90: 23 | O90: 61 | P90: 15
A91: September | B91: 7 | C91: 39 | D91: 70.5 | E91: 158 | F91: 26.5 | G91: 79 | H91: 535.5 | I91: 268 | J91: 258 | K91: 77 | L91: 77.5 | M91: 203.5 | N91: 72.5 | O91: 123 | P91: 24
A92: October | B92: 12 | C92: 29 | D92: 165 | E92: 183 | F92: 2 | G92: 70 | H92: 577 | I92: 266 | J92: 300.5 | K92: 47 | L92: 66.5 | M92: 173 | N92: 61.5 | O92: 106 | P92: 21
A93: November | B93: 21 | C93: 13 | D93: 102.5 | E93: 182 | F93: 4.5 | G93: 51 | H93: 597.5 | I93: 256.5 | J93: 352 | K93: 29 | L93: 65.5 | M93: 125 | N93: 142 | O93: 53 | P93: 22
A94: December | B94: 17 | C94: 0 | D94: 86.5 | E94: 123 | F94: 20 | G94: 52 | H94: 559 | I94: 269 | J94: 267 | K94: 18 | L94: 52 | M94: 106 | N94: 112.5 | O94: 102 | P94: 73
A95: January | B95: 10 | C95: 21 | D95: 145 | E95: 173 | F95: 6 | G95: 87 | H95: 738.5 | I95: 311 | J95: 185.5 | K95: 6 | L95: 30.5 | M95: 108.5 | N95: 135.5 | O95: 33 | P95: 53
A96: February | B96: 2 | C96: 3 | D96: 102.5 | E96: 112 | F96: 1.5 | G96: 42 | H96: 729.5 | I96: 252.5 | J96: 214.5 | K96: 6 | L96: 52.5 | M96: 102 | N96: 30 | O96: 22.5 | P96: 40
A97: March | B97: 17 | C97: 1 | D97: 65 | E97: 162 | F97: 5.5 | G97: 76 | H97: 656 | I97: 253 | J97: 364 | K97: 37 | L97: 42.5 | M97: 97.5 | N97: 56 | O97: 57.5 | P97: 18
A98: April | B98: 2 | C98: 0 | D98: 67.5 | E98: 194 | F98: 48.5 | G98: 77.5 | H98: 626.5 | I98: 278.5 | J98: 192 | K98: 20 | L98: 44.5 | M98: 158 | N98: 105 | O98: 15.5 | P98: 15
A99: May | B99: 5 | C99: 14 | D99: 97.5 | E99: 172 | F99: 22 | G99: 49 | H99: 473 | I99: 289.5 | J99: 137 | K99: 107 | L99: 75.5 | M99: 182.5 | N99: 94.5 | O99: 18 | P99: 1
A100: June | B100: 3.5 | C100: 1.5 | D100: 87.5 | E100: 87 | F100: 1.5 | G100: 44.5 | H100: 289 | I100: 286.5 | J100: 176 | K100: 59 | L100: 36 | M100: 166.5 | N100: 77 | O100: 17 | P100: 43 | Q100: Total
A101: Total | B101: 148 | C101: 165 | D101: 1201.5 | E101: 1973 | F101: 155.5 | G101: 768.5 | H101: =SUM(H89:H100) -> 6483 | I101: 3288.5 | J101: 2841.7 | K101: 481 | L101: 723 | M101: 1796.5 | N101: 961 | O101: 665 | P101: 336 | Q101: Man-days
A102: Average | B102: 12.333333 | C102: 13.75 | D102: 100.125 | E102: 164.41667 | F102: 12.958333 | G102: 64.041667 | H102: 540.25 | I102: 274.04167 | J102: 236.80833 | K102: 40.083333 | L102: 60.25 | M102: 149.70833 | N102: 80.083333 | O102: 55.416667 | P102: 28 | Q102: =SUM(B101:P101) -> 21987.2
A104: COC CY2018 | B104: =Q102/365 -> 60.238904
A105: Average Daily Community Jail Population for Fiscal Year 2017 | H105: =B104 -> 60.238904

Sheet IADP-By Gender
A2: DAILY AVERAGE BY INSTITUTION BY SEX BY CRIME DEGREE: FY2017
A3: LOCATION | B3: Misd Male Sent | C3: Misd Male Unsent | D3: Misd Female Sent | E3: Misd Female Unsent | F3: Felony Female Sent | G3: Felony Female Unsent | H3: Grand Total
A4: ANCHORAGE CC EAST | B4: 2.1201 | C4: 101.121 | D4: 0.0472 | E4: 8.0131 | F4: 0.08 | G4: 7.771 | H4: 119.1524
A5: ANCHORAGE CC WEST | B5: 0.5897 | C5: 26.291 | D5: 0 | E5: 0 | F5: 0 | G5: 0 | H5: 26.8807
A6: ANVIL MTN CC | B6: 3.4442 | C6: 7.305 | D6: 0.6395 | E6: 1.4009 | F6: 0.449 | G6: 6.523 | H6: 19.7616
A7: FAIRBANKS CC | B7: 5.2377 | C7: 55.529 | D7: 0.2056 | E7: 11.4164 | F7: 0.994 | G7: 16.23 | H7: 89.6127
A8: GOOSE CREEK CC | B8: 15.47 | C8: 27.628 | D8: 0 | E8: 0 | F8: 0 | G8: 0 | H8: 43.098
A9: HILAND MTN CC | B9: 0 | C9: 0 | D9: 3.0497 | E9: 42.7831 | F9: 120.184 | G9: 144.072 | H9: 310.0888
A10: KETCHIKAN CC | B10: 1.6438 | C10: 2.809 | D10: 0.1697 | E10: 0.5788 | F10: 1.079 | G10: 8.363 | H10: 14.6433
A11: LEMON CREEK CC | B11: 4.9796 | C11: 15.375 | D11: 0.1541 | E11: 3.8286 | F11: 4.841 | G11: 9.269 | H11: 38.4473
A12: MATSU PRETRIAL | B12: 0.1536 | C12: 19.269 | D12: 0.0321 | E12: 4.7213 | F12: 0.204 | G12: 5.369 | H12: 29.749
A13: PALMER-MED CC | B13: 2.3536 | C13: 0.079 | D13: 0 | E13: 0.0038 | F13: 0 | G13: 0 | H13: 2.4364
A14: PALMER-MIN CC | B14: 1.2313 | C14: 0 | D14: 0 | E14: 0 | F14: 0 | G14: 0 | H14: 1.2313
A15: PT. MACKENZIE CF | B15: 0 | C15: 0 | D15: 0 | E15: 0 | F15: 0 | G15: 0 | H15: 0
A16: SPRING CREEK CC | B16: 10.6701 | C16: 0 | D16: 0 | E16: 0 | F16: 0 | G16: 0 | H16: 10.6701
A17: WILDWOOD CC | B17: 1.2382 | C17: 6.939 | D17: 0 | E17: 0 | F17: 0 | G17: 0 | H17: 8.1772 | J17: AVG Daily
A18: WILDWOOD PRETRIAL | B18: 0.1005 | C18: 5.668 | D18: 0.0497 | E18: 3.7612 | F18: 0.422 | G18: 21.751 | H18: 31.7524 | J18: Female
A19: WILDWOOD TRANSITIONAL | B19: 0.983 | C19: 2.976 | D19: 0 | E19: 0 | F19: 0 | G19: 0 | H19: 3.959 | J19: Population
A20: YUKON-KUSKOKWIM CC | B20: 1.3541 | C20: 22.963 | D20: 0.3473 | E20: 3.0013 | F20: 0.1 | G20: 4.337 | H20: 32.1027 | J20: (Sched-A)
A21: INSTITUTION TOTAL | B21: 51.5695 | C21: 293.952 | D21: 4.6949 | E21: 79.5085 | F21: 128.353 | G21: 223.685 | H21: 781.7629 | J21: 436.2414
A22: AKEELA HOUSE | B22: 0 | C22: 0 | D22: 0 | E22: 0 | F22: 0 | G22: 0 | H22: 0.47
A23: CLITHEROE | B23: 0 | C23: 0 | D23: 0 | E23: 0 | F23: 4.304 | G23: 0 | H23: 7.3
A24: CORDOVA CTR | B24: 29.6133 | C24: 59.044 | D24: 0.9258 | E24: 0.3038 | F24: 0.281 | G24: 0.285 | H24: 117.32
A25: GLACIER MANOR | B25: 1.401 | C25: 0.669 | D25: 0 | E25: 0.5646 | F25: 0.576 | G25: 0 | H25: 49.69
A26: GLENNWOOD CTR | B26: 0 | C26: 0 | D26: 0.2487 | E26: 0 | F26: 14.934 | G26: 0 | H26: 67.26
A27: MIDTOWN CTR - ANCH | B27: 0 | C27: 0 | D27: 10.2347 | E27: 4.0091 | F27: 10.14 | G27: 1.529 | H27: 25.91
A28: NORTH STAR CTR | B28: 6.8021 | C28: 11.214 | D28: 0.5814 | E28: 0.6869 | F28: 3.723 | G28: 0 | H28: 51.37
A29: PARKVIEW | B29: 1.0261 | C29: 4.818 | D29: 0 | E29: 0 | F29: 0 | G29: 0 | H29: 17.69
A30: PHILLIPS AYAGNIRVIK TC | B30: . | C30: . | D30: . | E30: . | F30: . | G30: . | H30: .
A31: SAARP | B31: 0 | C31: 0 | D31: 0 | E31: 0 | F31: 0 | G31: 0 | H31: 0.84
A32: SEASIDE CRC-NOME | B32: 2.512 | C32: 9.909 | D32: 0.1328 | E32: 0.6259 | F32: 1.155 | G32: 1.282 | H32: 36.26
A33: TUNDRA CTR | B33: 3.1098 | C33: 11.082 | D33: 0 | E33: 4.4565 | F33: 2.193 | G33: 0.283 | H33: 36.87
A34: CRC TOTAL | B34: 41.7075 | C34: 95.673 | D34: 9.1833 | E34: 11.701 | F34: 32.988 | G34: 3.146 | H34: 411.2
A35: ANCHORAGE EM | B35: 13.1377 | C35: 0.161 | D35: 5.8104 | E35: 0.1108 | F35: 42.104 | G35: 0.465 | H35: 61.7889
A36: BARROW EM | B36: 0.1041 | C36: 0 | D36: 0.3154 | E36: 0 | F36: 0 | G36: 0 | H36: 0.4195
A37: FAIRBANKS EM | B37: 6.5494 | C37: 0.617 | D37: 1.2331 | E37: 0.1515 | F37: 8.391 | G37: 0 | H37: 16.942
A38: JUNEAU EM | B38: 0.5834 | C38: 0.055 | D38: 0.3033 | E38: 0.18 | F38: 1.439 | G38: 0 | H38: 2.5607
A39: KENAI EM | B39: 1.2072 | C39: 0.278 | D39: 0.4576 | E39: 0.1949 | F39: 0 | G39: 0 | H39: 2.1377
A40: KETCHIKAN EM | B40: 0.5496 | C40: 0 | D40: 0.1088 | E40: 0 | F40: 0.444 | G40: 0 | H40: 1.1024
A41: KODIAK EM | B41: 0.1437 | C41: 0 | D41: 0 | E41: 0 | F41: 0 | G41: 0 | H41: 0.1437
A42: PALMER EM | B42: 3.616 | C42: 0 | D42: 0.5453 | E42: 0 | F42: 6.351 | G42: 0 | H42: 10.5123
... A48: TOTAL | B48: 0 | C48: 0 | D48: 0 | E48: 0 | F48: 1.002 | G48: 0 | H48: 1.002
A51: FY2016 COST OF CARE SPREADSHEET
A52: FY2016
A53: Location | B53: Misd male sent | C53: Misd male unsent | D53: Misd female sent | E53: Misd female unsent | F53: Felony male sent | G53: Felony male unsent | H53: Felony female sent | I53: Felony female unsent | J53: Grand Total
A54: ANCHORAGE CC EAST | B54: 34 | C54: 87 | D54: 2 | E54: 11 | F54: 81 | G54: 210 | H54: 2 | I54: 15 | J54: 442
A55: ANCHORAGE CC WEST | B55: 9 | C55: 33 | D55: 0 | E55: 0 | F55: 96 | G55: 273 | H55: 0 | I55: 0 | J55: 411
A56: ANVIL MTN CC | B56: 9 | C56: 16 | D56: 1 | E56: 3 | F56: 28 | G56: 50 | H56: 4 | I56: 4 | J56: 115
A57: FAIRBANKS CC | B57: 16 | C57: 60 | D57: 3 | E57: 11 | F57: 22 | G57: 150 | H57: 3 | I57: 16 | J57: 281
A58: GOOSE CREEK CC | B58: 85 | C58: 39 | D58: 0 | E58: 0 | F58: 893 | G58: 211 | H58: 0 | I58: 0 | J58: 1228
A59: HILAND MTN CC | B59: 0 | C59: 0 | D59: 34 | E59: 37 | F59: 0 | G59: 0 | H59: 207 | I59: 98 | J59: 376
A60: KETCHIKAN CC | B60: 5 | C60: 7 | D60: 1 | E60: 2 | F60: 11 | G60: 24 | H60: 1 | I60: 5 | J60: 56
A61: LEMON CREEK CC | B61: 20 | C61: 20 | D61: 2 | E61: 4 | F61: 110 | G61: 57 | H61: 6 | I61: 9 | J61: 228
A62: MATSU PRETRIAL | B62: 3 | C62: 19 | D62: 1 | E62: 5 | F62: 10 | G62: 60 | H62: 2 | I62: 8 | J62: 108
A63: PALMER-MED CC | B63: 25 | C63: 1 | D63: 0 | E63: 0 | F63: 289 | G63: 4 | H63: 0 | I63: 0 | J63: 319
A64: PALMER-MIN CC | B64: 9 | C64: 0 | D64: 0 | E64: 0 | F64: 167 | G64: 0 | H64: 0 | I64: 0 | J64: 176
A65: PT. MACKENZIE CF | B65: 2 | C65: 0 | D65: 0 | E65: 0 | F65: 35 | G65: 0 | H65: 0 | I65: 0 | J65: 37
A66: SPRING CREEK CC | B66: 19 | C66: 0 | D66: 0 | E66: 0 | F66: 493 | G66: 2 | H66: 0 | I66: 0 | J66: 514
A67: WILDWOOD CC | B67: 13 | C67: 7 | D67: 0 | E67: 0 | F67: 190 | G67: 30 | H67: 0 | I67: 0 | J67: 240 | L67: AVG Daily
A68: WILDWOOD PRETRIAL | B68: 2 | C68: 14 | D68: 3 | E68: 7 | F68: 4 | G68: 53 | H68: 5 | I68: 22 | J68: 110 | L68: Female
A69: WILDWOOD TRANSIT | B69: 6 | C69: 1 | D69: 0 | E69: 0 | F69: 50 | G69: 2 | H69: 0 | I69: 0 | J69: 59 | L69: Population
A70: YUKON-KUSKOKWIM CC | B70: 27 | C70: 37 | D70: 2 | E70: 4 | F70: 15 | G70: 97 | H70: 2 | I70: 5 | J70: 189 | L70: (Sched-A)
A71: INSTITUTION TOTAL | B71: 284 | C71: 341 | D71: 49 | E71: 84 | F71: 2494 | G71: 1223 | H71: 232 | I71: 182 | J71: 4889 | L71: =D71+E71+H71+I71 -> 547
A72: AKEELA HOUSE | B72: 0 | C72: 0 | D72: 0 | E72: 0 | F72: 0 | G72: 0 | H72: 0 | I72: 1 | J72: 1
A73: CLITHEROE | B73: 0 | C73: 0 | D73: 0 | E73: 0 | F73: 2 | G73: 0 | H73: 4 | I73: 0 | J73: 6
A74: CORDOVA CTR | B74: 39 | C74: 18 | D74: 1 | E74: 1 | F74: 46 | G74: 16 | H74: 0 | I74: 0 | J74: 121
A75: GLACIER MANOR | B75: 10 | C75: 3 | D75: 1 | E75: 0 | F75: 32 | G75: 6 | H75: 5 | I75: 0 | J75: 57
A76: GLENNWOOD CTR | B76: 2 | C76: 0 | D76: 2 | E76: 0 | F76: 56 | G76: 0 | H76: 16 | I76: 0 | J76: 76
A77: MIDTOWN CTR - ANCH | B77: 0 | C77: 0 | D77: 11 | E77: 3 | F77: 0 | G77: 0 | H77: 14 | I77: 1 | J77: 29
A78: NORTH STAR CTR | B78: 22 | C78: 10 | D78: 3 | E78: 2 | F78: 35 | G78: 11 | H78: 4 | I78: 3 | J78: 90
A79: PARKVIEW | B79: 34 | C79: 22 | D79: 0 | E79: 0 | F79: 39 | G79: 5 | H79: 0 | I79: 0 | J79: 100
A80: SEASIDE CRC-NOME | B80: 9 | C80: 5 | D80: 2 | E80: 1 | F80: 21 | G80: 3 | H80: 3 | I80: 2 | J80: 46
A81: TUNDRA CTR | B81: 23 | C81: 8 | D81: 4 | E81: 2 | F81: 16 | G81: 5 | H81: 4 | I81: 1 | J81: 63
A82: CRC Total | B82: 139 | C82: 66 | D82: 24 | E82: 9 | F82: 247 | G82: 46 | H82: 50 | I82: 8 | J82: 589
A83: ANCHORAGE EM | B83: 22 | C83: 0 | D83: 14 | E83: 0 | F83: 144 | G83: 5 | H83: 47 | I83: 3 | J83: 235
... A91: EM Total | B91: 48 | C91: 0 | D91: 21 | E91: 0 | F91: 228 | G91: 5 | H91: 74 | I91: 3 | J91: 379
A95: FY2015 COST OF CARE SPREADSHEET
A96: FY2015
A97: body_loc_desc2 | B97: location | C97: Misd male sent | D97: Misd male unsent | E97: Misd female sent | F97: Misd female unsent | G97: Felony male sent | H97: Felony male unsent | I97: Felony female sent | J97: Felony female unsent | K97: misd total | L97: felony total | M97: grand total
A98: ANCHORAGE CC EAST | B98: AK PRISON | C98: 3.1123 | D98: 89.201 | E98: 0.4496 | F98: 9.177 | G98: 20.87 | H98: 304.44 | I98: 0.275 | J98: 19.81 | K98: 101.94 | L98: 345.4 | M98: 447.34
A99: ANCHORAGE CC WEST | B99: AK PRISON | C99: 0 | D99: 11.208 | E99: 0 | F99: 0 | G99: 40.1 | H99: 351.65 | I99: 0 | J99: 0 | K99: 11.208 | L99: 391.75 | M99: 402.95
A100: ANVIL MTN CC | B100: AK PRISON | C100: 4.6639 | D100: 17.085 | E100: 0.6168 | F100: 3.138 | G100: 3.04 | H100: 70.17 | I100: 0.194 | J100: 13.279 | K100: 25.504 | L100: 86.69 | M100: 112.19
A101: FAIRBANKS CC | B101: AK PRISON | C101: 2.2191 | D101: 79.127 | E101: 0.3468 | F101: 12.252 | G101: 10.39 | H101: 150.29 | I101: 2.061 | J101: 12.652 | K101: 93.945 | L101: 175.39 | M101: 269.34
A102: GOOSE CREEK CC | B102: AK PRISON | C102: 19.4917 | D102: 68.557 | E102: 0 | F102: 0.019 | G102: 810.48 | H102: 503.13 | I102: 0 | J102: 0 | K102: 88.068 | L102: 1313.61 | M102: 1401.67
A103: HILAND MTN CC | B103: AK PRISON | C103: 0 | D103: 0.323 | E103: 6.6474 | F103: 40.567 | G103: 0 | H103: 1.14 | I103: 161.161 | J103: 213.819 | K103: 47.538 | L103: 376.12 | M103: 423.66
A104: KETCHIKAN CC | B104: AK PRISON | C104: 1.6698 | D104: 3.308 | E104: 0.2791 | F104: 1.993 | G104: 1.68 | H104: 44.4 | I104: 0.201 | J104: 9.436 | K104: 7.25 | L104: 55.72 | M104: 62.97
A105: LEMON CREEK CC | B105: AK PRISON | C105: 7.4816 | D105: 26.417 | E105: 0.3043 | F105: 6.87 | G105: 64.63 | H105: 106.81 | I105: 3.309 | J105: 20.865 | K105: 41.073 | L105: 195.61 | M105: 236.69
A106: MATSU PRETRIAL | B106: AK PRISON | C106: 0.5174 | D106: 24.119 | E106: 0.0373 | F106: 4.787 | G106: 5.77 | H106: 62.68 | I106: 0.067 | J106: 9.43 | K106: 29.46 | L106: 77.95 | M106: 107.41
A107: PALMER-MED CC | B107: AK PRISON | C107: 6.1944 | D107: 0.633 | E107: 0 | F107: 0 | G107: 303.32 | H107: 16.89 | I107: 0 | J107: 0 | K107: 6.827 | L107: 320.21 | M107: 327.04
A108: PALMER-MIN CC | B108: AK PRISON | C108: 3.2082 | D108: 0 | E108: 0 | F108: 0 | G108: 172.63 | H108: 0 | I108: 0 | J108: 0 | K108: 3.208 | L108: 172.63 | M108: 175.84
A109: PT. MACKENZIE CF | B109: AK PRISON | C109: . | D109: . | E109: . | F109: . | G109: . | H109: . | I109: . | J109: . | K109: . | L109: . | M109: .
A110: SPRING CREEK CC | B110: AK PRISON | C110: 13.36 | D110: 0 | E110: 0 | F110: 0 | G110: 509.45 | H110: 4.93 | I110: 0 | J110: 0 | K110: 13.36 | L110: 514.38 | M110: 527.74
A111: WILDWOOD CC | B111: AK PRISON | C111: 2.9034 | D111: 9.635 | E111: 0 | F111: 0 | G111: 180.12 | H111: 62.36 | I111: 0 | J111: 0 | K111: 12.538 | L111: 242.48 | M111: 255.02
A112: WILDWOOD PRETRIAL | B112: AK PRISON | C112: 0.1238 | D112: 6.637 | E112: 0.8615 | F112: 6.722 | G112: 2.03 | H112: 65.76 | I112: 0.568 | J112: 31.302 | K112: 14.344 | L112: 99.66 | M112: 114 | O112: AVG Daily
A113: WILDWOOD TRANSIT | B113: AK PRISON | C113: 2.558 | D113: 1.85 | E113: 0 | F113: 0 | G113: 51.01 | H113: 6.44 | I113: 0 | J113: 0 | K113: 4.408 | L113: 57.45 | M113: 61.86 | O113: Population/Female
A114: YUKON-KUSKOKWIM CC | B114: AK PRISON | C114: 3.4678 | D114: 35.848 | E114: 0.3777 | F114: 3.842 | G114: 2.82 | H114: 139.61 | I114: 0.45 | J114: 6.862 | K114: 43.535 | L114: 149.74 | M114: 193.28 | O114: (Sched-A)
A115: z_TOTAL | B115: AK PRISON | C115: 69.5214 | D115: 437.437 | E115: 10.8001 | F115: 100.767 | G115: 1834.97 | H115: 2143.43 | I115: 162.351 | J115: 364.385 | K115: 618.526 | L115: 4505.14 | M115: 5123.66 | O115: =E115+F115+I115+J115 -> 638.3031
A116: AKEELA HOUSE | B116: CRC | C116: . | D116: . | E116: . | F116: . | G116: . | H116: . | I116: . | J116: . | K116: . | L116: . | M116: .
A117: CHANLYUT | B117: CRC | C117: 0 | D117: 0 | E117: 0 | F117: 0.701 | G117: 0 | H117: 0 | I117: 0 | J117: 0 | K117: 0.701 | L117: 0 | M117: 0.7
A118: CLITHEROE | B118: CRC | C118: 0 | D118: 0 | E118: 0 | F118: 0 | G118: 0 | H118: 0 | I118: 5.015 | J118: 1.2 | K118: 0 | L118: 6.21 | M118: 6.21
...

Sheet Monthly PO Workload Stats
A2: Anchorage Probation Office | B2: Year | C2: Jul | D2: Aug | E2: Sep | F2: Oct | G2: Nov | H2: Dec | I2: Jan | J2: Feb | K2: Mar | L2: Apr | M2: May | N2: June | O2: Average Caseload | P2: Average Caseload Difference | Q2: Percent Caseload Difference
B3: FY00 | C3: 1998 | D3: 2016 | E3: 1984 | F3: 2010 | G3: 2067 | H3: 2078 | I3: 2078 | J3: 2085 | K3: 2134 | L3: 2136 | M3: 2135 | N3: 2143 | O3: =SUM(C3:N3)/12 -> 2072
B4: FY01 | C4: 2155 | D4: 2157 | E4: 2172 | F4: 2180 | G4: 2183 | H4: 2205 | I4: 2192 | J4: 2191 | K4: 2183 | L4: 2183 | M4: 2191 | N4: 2189 | O4: =SUM(C4:N4)/12 -> 2181.75 | P4: =SUM(O4-O3) -> 109.75 | Q4: =SUM(P4/O3) -> 0.052968147
B5: FY02 | C5: 2201 | D5: 2233 | E5: 2235 | F5: 2252 | G5: 2259 | H5: 2271 | I5: 2271 | J5: 2307 | K5: 2319 | L5: 2331 | M5: 2343 | N5: 2355 | O5: =SUM(C5:N5)/12 -> 2281.4167 | P5: =SUM(O5-O4) -> 99.666667 | Q5: =SUM(P5/O4) -> 0.045681983
B6: FY03 | C6: 2324 | D6: 2433 | E6: 2266 | F6: 2266 | G6: 2306 | H6: 2306 | I6: 2306 | J6: 2334 | K6: 2230 | L6: 2230 | M6: 2230 | N6: 2230 | O6: =SUM(C6:N6)/12 -> 2288.4167 | P6: =SUM(O6-O5) -> 7 | Q6: =SUM(P6/O5) -> 0.003068269
B7: FY04 | C7: 2408 | D7: 2335 | E7: 2353 | F7: 2353 | G7: 2311 | H7: 2367 | I7: 2367 | J7: 2352 | K7: 2336 | L7: 2336 | M7: 2292 | N7: 2318 | O7: =SUM(C7:N7)/12 -> 2344 | P7: =SUM(O7-O6) -> 55.583333 | Q7: =SUM(P7/O6) -> 0.024288992
B8: FY05 | C8: 2312 | D8: 2305 | E8: 2318 | F8: 2318 | G8: 2350 | H8: 2314 | I8: 2314 | J8: 2426 | K8: 2400 | L8: 2454 | M8: 2536 | N8: 2334 | O8: =SUM(C8:N8)/12 -> 2365.0833 | P8: =SUM(O8-O7) -> 21.083333 | Q8: =SUM(P8/O7) -> 0.0089945961
B9: FY06 | C9: 2357 | D9: 2384 | E9: 2387 | F9: 2410 | G9: 2414 | H9: 2444 | I9: 2444 | J9: 2433 | K9: 2417 | L9: 2424 | M9: 2443 | N9: 2445 | O9: =SUM(C9:N9)/12 -> 2416.8333 | P9: =SUM(O9-O8) -> 51.75 | Q9: =SUM(P9/O8) -> 0.021880836
B10: FY07 | C10: 2453 | D10: 2437 | E10: 2420 | F10: 2487 | G10: 2437 | H10: 2479 | I10: 2466 | J10: 2488 | K10: 2477 | L10: 2562 | M10: 2557 | N10: 2455 | O10: =SUM(C10:N10)/12 -> 2476.5 | P10: =SUM(O10-O9) -> 59.666667 | Q10: =SUM(P10/O9) -> 0.024687953
B11: FY08 | C11: 2495 | D11: 2542 | E11: 2644 | F11: 2580 | G11: 2273 | H11: 2302 | I11: 2395 | J11: 2404 | K11: 2394 | L11: 2426 | M11: 2689 | N11: 2739 | O11: =SUM(C11:N11)/12 -> 2490.25 | P11: =SUM(O11-O10) -> 13.75 | Q11: =SUM(P11/O10) -> 0.0055521906
B12: FY09 | C12: 2704 | D12: 2698 | E12: 2694 | F12: 2677 | G12: 2732 | H12: 2755 | I12: 2778 | J12: 2778 | K12: 2775 | L12: 2782 | M12: 2819 | N12: 2864 | O12: =SUM(C12:N12)/12 -> 2754.6667 | P12: =SUM(O12-O11) -> 264.41667 | Q12: =SUM(P12/O11) -> 0.10618077
B13: FY10 | C13: 2871 | D13: 2904 | E13: 2884 | F13: 2895 | G13: 2826 | H13: 2865 | I13: 2853 | J13: 2903 | K13: 2885 | L13: 2910 | M13: 2930 | N13: 2884 | O13: =SUM(C13:N13)/12 -> 2884.1667 | P13: =SUM(O13-O12) -> 129.5 | Q13: =SUM(P13/O12) -> 0.047011133
B14: FY11 | C14: 2896 | D14: 2980 | E14: 2969 | F14: 2961 | G14: 3022 | H14: 3037 | I14: 3049 | J14: 3076 | K14: 3088 | L14: 3074 | M14: 3058 | N14: 2954 | O14: =SUM(C14:N14)/12 -> 3013.6667 | P14: =SUM(O14-O13) -> 129.5 | Q14: =SUM(P14/O13) -> 0.044900318
B15: FY12 | C15: 3027 | D15: 3039 | E15: 3034 | F15: 3040 | G15: 3022 | H15: 3057 | I15: 3074 | J15: 3088 | K15: 3056 | L15: 3094 | M15: 3138 | N15: 3130 | O15: =SUM(C15:N15)/12 -> 3066.5833 | P15: =SUM(O15-O14) -> 52.916667 | Q15: =SUM(P15/O14) -> 0.017558898
... B20: FY17 | C20: 2481 | D20: 2502 | E20: 2560 | F20: 2577 | G20: 2485 | H20: 2505 | I20: 2521 | J20: 2517 | K20: 2505 | L20: 2411 | M20: 2387 | N20: 2391 | O20: =SUM(C20:N20)/12 -> 2486.8333 | P20: =SUM(O20-O19) -> -109.33333 | Q20: =SUM(P20/O19) -> -0.042113372
B21: FY18 | C21: 2371 | D21: 2284
A22: Barrow Probation Office | B22: Year | C22: Jul | D22: Aug | E22: Sep | F22: Oct | G22: Nov | H22: Dec | I22: Jan | J22: Feb | K22: Mar | L22: Apr | M22: May | N22: June
B23: FY00 | C23: 83 | D23: 80 | E23: 74 | F23: 78 | G23: 79 | H23: 81 | I23: 82 | J23: 83 | K23: 82 | L23: 83 | M23: 85 | N23: 87 | O23: =SUM(C23:N23)/12 -> 81.416667
B24: FY01 | C24: 92 | D24: 93 | E24: 94 | F24: 97 | G24: 98 | H24: 95 | I24: 89 | J24: 93 | K24: 90 | L24: 97 | M24: 99 | N24: 92 | O24: =SUM(C24:N24)/12 -> 94.083333 | P24: =SUM(O24-O23) -> 12.666667 | Q24: =SUM(P24/O23) -> 0.1555783
B25: FY02 | C25: 90 | D25: 91 | E25: 92 | F25: 100 | G25: 99 | H25: 111 | I25: 102 | J25: 94 | K25: 96 | L25: 98 | M25: 93 | N25: 89 | O25: =SUM(C25:N25)/12 -> 96.25 | P25: =SUM(O25-O24) -> 2.1666667 | Q25: =SUM(P25/O24) -> 0.023029229
B26: FY03 | C26: 72 | D26: 74 | E26: 73 | F26: 73 | G26: 73 | H26: 73 | I26: 73 | J26: 65 | K26: 65 | L26: 65 | M26: 65 | N26: 60 | O26: =SUM(C26:N26)/12 -> 69.25 | P26: =SUM(O26-O25) -> -27 | Q26: =SUM(P26/O25) -> -0.28051948
B27: FY04 | C27: 59 | D27: 58 | E27: 59 | F27: 60 | G27: 56 | H27: 54 | I27: 54 | J27: 51 | K27: 53 | L27: 59 | M27: 64 | N27: 62 | O27: =SUM(C27:N27)/12 -> 57.416667 | P27: =SUM(O27-O26) -> -11.833333 | Q27: =SUM(P27/O26) -> -0.17087846
B28: FY05 | C28: 66 | D28: 68 | E28: 66 | F28: 65 | G28: 63 | H28: 68 | I28: 63 | J28: 57 | K28: 45 | L28: 45 | M28: 47 | N28: 49 | O28: =SUM(C28:N28)/12 -> 58.5 | P28: =SUM(O28-O27) -> 1.0833333 | Q28: =SUM(P28/O27) -> 0.018867925
B29: FY06 | C29: 47 | D29: 45 | E29: 45 | F29: 47 | G29: 47 | H29: 42 | I29: 40 | J29: 42 | K29: 47 | L29: 46 | M29: 41 | N29: 39 | O29: =SUM(C29:N29)/12 -> 44 | P29: =SUM(O29-O28) -> -14.5 | Q29: =SUM(P29/O28) -> -0.24786325
B30: FY07 | C30: 40 | D30: 40 | E30: 40 | F30: 43 | G30: 37 | H30: 38 | I30: 37 | J30: 39 | K30: 41 | L30: 51 | M30: 50 | N30: 37 | O30: =SUM(C30:N30)/12 -> 41.083333 | P30: =SUM(O30-O29) -> -2.9166667 | Q30: =SUM(P30/O29) -> -0.066287879
B31: FY08 | C31: 39 | D31: 39 | E31: 44 | F31: 39 | G31: 42 | H31: 41 | I31: 40 | J31: 37 | K31: 36 | L31: 36 | M31: 40 | N31: 41 | O31: =SUM(C31:N31)/12 -> 39.5 | P31: =SUM(O31-O30) -> -1.5833333 | Q31: =SUM(P31/O30) -> -0.038539554
B32: FY09 | C32: 32 | D32: 34 | E32: 31 | F32: 32 | G32: 33 | H32: 31 | I32: 31 | J32: 31 | K32: 34 | L32: 36 | M32: 40 | N32: 39 | O32: =SUM(C32:N32)/12 -> 33.666667 | P32: =SUM(O32-O31) -> -5.8333333 | Q32: =SUM(P32/O31) -> -0.14767932
B33: FY10 | C33: 43 | D33: 43 | E33: 41 | F33: 0 | G33: 0 | H33: 0 | I33: 35 | J33: 35 | K33: 38 | L33: 36 | M33: 35 | N33: 32 | O33: =SUM(C33:N33)/9 -> 37.555556 | P33: =SUM(O33-O32) -> 3.8888889 | Q33: =SUM(P33/O32) -> 0.11551155
B34: FY11 | C34: 32 | D34: 33 | E34: 46 | F34: 60 | G34: 63 | H34: 62 | I34: 63 | J34: 64 | K34: 61 | L34: 60 | M34: 67 | N34: 70 | O34: =SUM(C34:N34)/12 -> 56.75 | P34: =SUM(O34-O33) -> 19.194444 | Q34: =SUM(P34/O33) -> 0.51109467
B35: FY12 | C35: 68 | D35: 65 | E35: 62 | F35: 61 | G35: 65 | H35: 66 | I35: 68 | J35: 66 | K35: 70 | L35: 68 | M35: 65 | N35: 68 | O35: =SUM(C35:N35)/12 -> 66 | P35: =SUM(O35-O34) -> 9.25 | Q35: =SUM(P35/O34) -> 0.16299559
B36: FY13 | C36: 70 | D36: 71 | E36: 74 | F36: 74 | G36: 74 | H36: 79 | I36: 77 | J36: 80 | K36: 70 | L36: 66 | M36: 65 | N36: 57 | O36: =SUM(C36:N36)/12 -> 71.416667 | P36: =SUM(O36-O35) -> 5.4166667 | Q36: =SUM(P36/O35) -> 0.082070707
B37: FY14 | C37: 55 | D37: 70 | E37: 75 | F37: 77 | G37: 78 | H37: 51 | I37: 46 | J37: 50 | K37: 52 | L37: 52 | M37: 53 | N37: 59 | O37: =SUM(C37:N37)/12 -> 59.833333 | P37: =SUM(O37-O36) -> -11.583333 | Q37: =SUM(P37/O36) -> -0.1621937
B38: FY15 | C38: 56 | D38: 56 | E38: 56 | F38: 60 | G38: 51 | H38: 50 | I38: 54 | J38: 54 | K38: 7 | L38: 7 | M38: 8 | N38: 8 | O38: =SUM(C38:N38)/12 -> 38.916667 | P38: =SUM(O38-O37) -> -20.916667 | Q38: =SUM(P38/O37) -> -0.34958217
B39: FY16 | C39: 8 | D39: 7 | E39: 7 | F39: 6 | G39: 4 | H39: 4 | I39: 5 | J39: 5 | K39: 5 | L39: 5 | M39: 32 | N39: 29 | O39: =SUM(C39:N39)/12 -> 9.75 | P39: =SUM(O39-O38) -> -29.166667 | Q39: =SUM(P39/O38) -> -0.74946467
B40: FY17 | C40: 30 | D40: 32 | E40: 34 | F40: 35 | G40: 33 | H40: 31 | I40: 31 | J40: 29 | K40: 29 | L40: 27 | M40: 26 | N40: 24 | O40: =SUM(C40:N40)/12 -> 30.083333 | P40: =SUM(O40-O39) -> 20.333333 | Q40: =SUM(P40/O39) -> 2.0854701
B41: FY18 | C41: 47 | D41: 45 | R41: Increase in July due to Bethel vacant cases being assigned to Barrow for coverage
A43: Bethel Probation Office | B43: Year | C43: Jul | D43: Aug | E43: Sep | F43: Oct | G43: Nov | H43: Dec | I43: Jan | J43: Feb | K43: Mar | L43: Apr | M43: May | N43: June
B44: FY00 | C44: 305 | D44: 299 | E44: 289 | F44: 276 | G44: 277 | H44: 295 | I44: 283 | J44: 273 | K44: 259 | L44: 249 | M44: 241 | N44: 237 | O44: =SUM(C44:N44)/12 -> 273.58333
B45: FY01 | C45: 237 | D45: 230 | E45: 230 | F45: 230 | G45: 231 | H45: 215 | I45: 218 | J45: 212 | K45: 214 | L45: 217 | M45: 220 | N45: 218 | O45: =SUM(C45:N45)/12 -> 222.66667 | P45: =SUM(O45-O44) -> -50.916667 | Q45: =SUM(P45/O44) -> -0.18611027
B46: FY02 | C46: 231 | D46: 230 | E46: 234 | F46: 229 | G46: 230 | H46: 240 | I46: 245 | J46: 250 | K46: 255 | L46: 260 | M46: 265 | N46: 270 | O46: =SUM(C46:N46)/12 -> 244.91667 | P46: =SUM(O46-O45) -> 22.25 | Q46: =SUM(P46/O45) -> 0.09992515
B47: FY03 | C47: 280 | D47: 237 | E47: 253 | F47: 253 | G47: 253 | H47: 253 | I47: 253 | J47: 253 | K47: 253 | L47: 260 | M47: 265 | N47: 270 | O47: =SUM(C47:N47)/12 -> 256.91667 | P47: =SUM(O47-O46) -> 12 | Q47: =SUM(P47/O46) -> 0.048996257
B48: FY04 | C48: 288 | D48: 261 | E48: 258 | F48: 267 | G48: 259 | H48: 267 | I48: 272 | J48: 273 | K48: 300 | L48: 296 | M48: 319 | N48: 317 | O48: =SUM(C48:N48)/12 -> 281.41667 | P48: =SUM(O48-O47) -> 24.5 | Q48: =SUM(P48/O47) -> 0.095361661
B49: FY05 | C49: 297 | D49: 306 | E49: 312 | F49: 311 | G49: 312 | H49: 252 | I49: 312 | J49: 314 | K49: 316 | L49: 235 | M49: 248 | N49: 323 | O49: =SUM(C49:N49)/12 -> 294.83333 | P49: =SUM(O49-O48) -> 13.416667 | Q49: =SUM(P49/O48) -> 0.047675452
B50: FY06 | C50: 322 | D50: 318 | E50: 302 | F50: 299 | G50: 301 | H50: 296 | I50: 286 | J50: 290 | K50: 283 | L50: 284 | M50: 289 | N50: 279 | O50: =SUM(C50:N50)/12 -> 295.75 | P50: =SUM(O50-O49) -> 0.91666667 | Q50: =SUM(P50/O49) -> 0.0031091012
B51: FY07 | C51: 278 | D51: 270 | E51: 262 | F51: 253 | G51: 261 | H51: 259 | I51: 254 | J51: 255 | K51: 249 | L51: 267 | M51: 263 | N51: 250 | O51: =SUM(C51:N51)/12 -> 260.08333 | P51: =SUM(O51-O50) -> -35.666667 | Q51: =SUM(P51/O50) -> -0.12059735
B52: FY08 | C52: 247 | D52: 250 | E52: 240 | F52: 238 | G52: 230 | H52: 228 | I52: 230 | J52: 228 | K52: 226 | L52: 224 | M52: 228 | N52: 233 | O52: =SUM(C52:N52)/12 -> 233.5 | P52: =SUM(O52-O51) -> -26.583333 | Q52: =SUM(P52/O51) -> -0.10221083
B53: FY09 | C53: 212 | D53: 216 | E53: 221 | F53: 228 | G53: 226 | H53: 230 | I53: 222 | J53: 225 | K53: 236 | L53: 242 | M53: 246 | N53: 252 | O53: =SUM(C53:N53)/12 -> 229.66667 | P53: =SUM(O53-O52) -> -3.8333333 | Q53: =SUM(P53/O52) -> -0.016416845
B54: FY10 | C54: 247 | D54: 248 | E54: 247 | F54: 247 | G54: 254 | H54: 258 | I54: 257 | J54: 255 | K54: 252 | L54: 251 | M54: 249 | N54: 259 | O54: =SUM(C54:N54)/12 -> 252 | P54: =SUM(O54-O53) -> 22.333333 | Q54: =SUM(P54/O53) -> 0.09724238
B55: FY11 | C55: 264 | D55: 260 | E55: 262 | F55: 259 | G55: 247 | H55: 238 | I55: 224 | J55: 232 | K55: 239 | L55: 243 | M55: 246 | N55: 247 | O55: =SUM(C55:N55)/12 -> 246.75 | P55: =SUM(O55-O54) -> -5.25 | Q55: =SUM(P55/O54) -> -0.020833333 | R55: 15 SO cases shifted to Kenai
B56: FY12 | C56: 257 | D56: 248 | E56: 250 | F56: 264 | G56: 265 | H56: 270 | I56: 279 | J56: 279 | K56: 266 | L56: 260 | M56: 260 | N56: 272 | O56: =SUM(C56:N56)/12 -> 264.16667 | P56: =SUM(O56-O55) -> 17.416667 | Q56: =SUM(P56/O55) -> 0.070584262
B57: FY13 | C57: 276 | D57: 277 | E57: 283 | F57: 298 | G57: 294 | H57: 295 | I57: 289 | J57: 284 | K57: 288 | L57: 290 | M57: 303 | N57: 300 | O57: =SUM(C57:N57)/12 -> 289.75 | P57: =SUM(O57-O56) -> 25.583333 | Q57: =SUM(P57/O56) -> 0.096845426
B58: FY14 | C58: 305 | D58: 296 | E58: 293 | F58: 294 | G58: 286 | H58: 283 | I58: 274 | J58: 260 | K58: 259 | L58: 266 | M58: 259 | N58: 266 | O58: =SUM(C58:N58)/12 -> 278.41667 | P58: =SUM(O58-O57) -> -11.333333 | Q58: =SUM(P58/O57) -> -0.039114179
B59: FY15 | C59: 256 | D59: 252 | E59: 248 | F59: 249 | G59: 253 | H59: 244 | I59: 234 | J59: 221 | K59: 233 | L59: 230 | M59: 238 | N59: 251 | O59: =SUM(C59:N59)/12 -> 242.41667 | P59: =SUM(O59-O58) -> -36 | Q59: =SUM(P59/O58) -> -0.1293026
B60: FY16 | C60: 254 | D60: 242 | E60: 239 | F60: 236 | G60: 231 | H60: 238 | I60: 229 | J60: 248 | K60: 244 | L60: 254 | M60: 257 | N60: 258 | O60: =SUM(C60:N60)/12 -> 244.16667 | P60: =SUM(O60-O59) -> 1.75 | Q60: =SUM(P60/O59) -> 0.0072189756
B61: FY17 | C61: 255 | D61: 254 | E61: 247 | F61: 241 | G61: 243 | H61: 231 | I61: 230 | J61: 227 | K61: 234 | L61: 233 | M61: 238 | N61: 233 | O61: =SUM(C61:N61)/12 -> 238.83333 | P61: =SUM(O61-O60) -> -5.3333333 | Q61: =SUM(P61/O60) -> -0.021843003
B62: FY18 | C62: 209 | D62: 206
A63: Dillingham Probation Office | B63: Year | C63: Jul | D63: Aug | E63: Sep | F63: Oct | G63: Nov | H63: Dec | I63: Jan | J63: Feb | K63: Mar | L63: Apr | M63: May | N63: June
B64: FY00 | C64: 65 | D64: 62 | E64: 57 | F64: 56 | G64: 52 | H64: 51 | I64: 49 | J64: 55 | K64: 59 | L64: 55 | M64: 54 | N64: 66 | O64: =SUM(C64:N64)/12 -> 56.75
B65: FY01 | C65: 67 | D65: 72 | E65: 72 | F65: 73 | G65: 71 | H65: 74 | I65: 74 | J65: 74 | K65: 70 | L65: 66 | M65: 62 | N65: 63 | O65: =SUM(C65:N65)/12 -> 69.833333 | P65: =SUM(O65-O64) -> 13.083333 | Q65: =SUM(P65/O64) -> 0.23054332
B66: FY02 | C66: 68 | D66: 75 | E66: 74 | F66: 79 | G66: 75 | H66: 74 | I66: 64 | J66: 75 | K66: 76 | L66: 78 | M66: 79 | N66: 81 | O66: =SUM(C66:N66)/12 -> 74.833333 | P66: =SUM(O66-O65) -> 5 | Q66: =SUM(P66/O65) -> 0.071599045
B67: FY03 | C67: 76 | D67: 79 | E67: 76 | F67: 74 | G67: 72 | H67: 70 | I67: 68 | J67: 59 | K67: 67 | L67: 66 | M67: 67 | N67: 64 | O67: =SUM(C67:N67)/12 -> 69.833333 | P67: =SUM(O67-O66) -> -5 | Q67: =SUM(P67/O66) -> -0.066815145
B68: FY04 | C68: 67 | D68: 57 | E68: 57 | F68: 58 | G68: 57 | H68: 60 | I68: 55 | J68: 55 | K68: 64 | L68: 61 | M68: 68 | N68: 67 | O68: =SUM(C68:N68)/12 -> 60.5 | P68: =SUM(O68-O67) -> -9.3333333 | Q68: =SUM(P68/O67) -> -0.13365155
B69: FY05 | C69: 71 | D69: 62 | E69: 61 | F69: 59 | G69: 54 | H69: 56 | I69: 56 | J69: 58 | K69: 60 | L69: 65 | M69: 72 | N69: 75 | O69: =SUM(C69:N69)/12 -> 62.416667 | P69: =SUM(O69-O68) -> 1.9166667 | Q69: =SUM(P69/O68) -> 0.031680441
B70: FY06 | C70: 76 | D70: 73 | E70: 67 | F70: 66 | G70: 66 | H70: 68 | I70: 69 | J70: 72 | K70: 69 | L70: 75 | M70: 73 | N70: 74 | O70: =SUM(C70:N70)/12 -> 70.666667 | P70: =SUM(O70-O69) -> 8.25 | Q70: =SUM(P70/O69) -> 0.13217623
B71: FY07 | C71: 72 | D71: 72 | E71: 71 | F71: 73 | G71: 77 | H71: 76 | I71: 76 | J71: 78 | K71: 74 | L71: 88 | M71: 92 | N71: 76 | O71: =SUM(C71:N71)/12 -> 77.083333 | P71: =SUM(O71-O70) -> 6.4166667 | Q71: =SUM(P71/O70) -> 0.090801887
B72: FY08 | C72: 76 | D72: 79 | E72: 94 | F72: 75 | G72: 79 | H72: 77 | I72: 83 | J72: 83 | K72: 86 | L72: 85 | M72: 82 | N72: 89 | O72: =SUM(C72:N72)/12 -> 82.333333 | P72: =SUM(O72-O71) -> 5.25 | Q72: =SUM(P72/O71) -> 0.068108108
B73: FY09 | C73: 92 | D73: 91 | E73: 95 | F73: 93 | G73: 96 | H73: 94 | I73: 91 | J73: 90 | K73: 91 | L73: 95 | M73: 96 | N73: 73 | O73: =SUM(C73:N73)/12 -> 91.416667 | P73: =SUM(O73-O72) -> 9.0833333 | Q73: =SUM(P73/O72) -> 0.11032389
B74: FY10 | C74: 72 | D74: 72 | E74: 65 | F74: 62 | G74: 61 | H74: 65 | I74: 68 | J74: 70 | K74: 68 | L74: 70 | M74: 71 | N74: 73 | O74: =SUM(C74:N74)/12 -> 68.083333 | P74: =SUM(O74-O73) -> -23.333333 | Q74: =SUM(P74/O73) -> -0.25524157
B75: FY11 | C75: 72 | D75: 70 | E75: 73 | F75: 77 | G75: 74 | H75: 74 | I75: 76 | J75: 75 | K75: 77 | L75: 82 | M75: 85 | N75: 88 | O75: =SUM(C75:N75)/12 -> 76.916667 | P75: =SUM(O75-O74) -> 8.8333333 | Q75: =SUM(P75/O74) -> 0.12974296
B76: FY12 | C76: 88 | D76: 84 | E76: 81 | F76: 81 | G76: 79 | H76: 79 | I76: 77 | J76: 82 | K76: 80 | L76: 73 | M76: 76 | N76: 76 | O76: =SUM(C76:N76)/12 -> 79.666667 | P76: =SUM(O76-O75) -> 2.75 | Q76: =SUM(P76/O75) -> 0.035752979
... B81: FY17 | C81: 52 | D81: 53 | E81: 56 | F81: 51 | G81: 48 | H81: 50 | I81: 51 | J81: 48 | K81: 50 | L81: 52 | M81: 53 | N81: 53 | O81: =SUM(C81:N81)/12 -> 51.416667 | P81: =SUM(O81-O80) -> -10.5 | Q81: =SUM(P81/O80) -> -0.16958277
B82: FY18 | C82: 47 | D82: 47
A84: Fairbanks Probation Office | B84: Year | C84: Jul | D84: Aug | E84: Sep | F84: Oct | G84: Nov | H84: Dec | I84: Jan | J84: Feb | K84: Mar | L84: Apr | M84: May | N84: June
B85: FY00 | C85: 683 | D85: 675 | E85: 696 | F85: 659 | G85: 661 | H85: 650 | I85: 666 | J85: 688 | K85: 667 | L85: 670 | M85: 639 | N85: 653 | O85: =SUM(C85:N85)/12 -> 667.25
B86: FY01 | C86: 624 | D86: 643 | E86: 636 | F86: 670 | G86: 642 | H86: 655 | I86: 650 | J86: 660 | K86: 644 | L86: 672 | M86: 658 | N86: 659 | O86: =SUM(C86:N86)/12 -> 651.08333 | P86: =SUM(O86-O85) -> -16.166667 | Q86: =SUM(P86/O85) -> -0.0242288
B87: FY02 | C87: 661 | D87: 673 | E87: 672 | F87: 632 | G87: 611 | H87: 620 | I87: 633 | J87: 653 | K87: 659 | L87: 665 | M87: 671 | N87: 677 | O87: =SUM(C87:N87)/12 -> 652.25 | P87: =SUM(O87-O86) -> 1.1666667 | Q87: =SUM(P87/O86) -> 0.0017918853
B88: FY03 | C88: 561 | D88: 574 | E88: 593 | F88: 589 | G88: 589 | H88: 589 | I88: 589 | J88: 589 | K88: 589 | L88: 589 | M88: 589 | N88: 623 | O88: =SUM(C88:N88)/12 -> 588.58333 | P88: =SUM(O88-O87) -> -63.666667 | Q88: =SUM(P88/O87) -> -0.097610834
B89: FY04 | C89: 585 | D89: 542 | E89: 535 | F89: 545 | G89: 547 | H89: 584 | I89: 608 | J89: 604 | K89: 592 | L89: 599 | M89: 628 | N89: 595 | O89: =SUM(C89:N89)/12 -> 580.33333 | P89: =SUM(O89-O88) -> -8.25 | Q89: =SUM(P89/O88) -> -0.014016707
B90: FY05 | C90: 601 | D90: 626 | E90: 662 | F90: 646 | G90: 635 | H90: 634 | I90: 628 | J90: 656 | K90: 666 | L90: 657 | M90: 576 | N90: 650 | O90: =SUM(C90:N90)/12 -> 636.41667 | P90: =SUM(O90-O89) -> 56.083333 | Q90: =SUM(P90/O89) -> 0.096639862
B91: FY06 | C91: 648 | D91: 660 | E91: 652 | F91: 651 | G91: 646 | H91: 659 | I91: 646 | J91: 702 | K91: 699 | L91: 703 | M91: 711 | N91: 718 | O91: =SUM(C91:N91)/12 -> 674.58333 | P91: =SUM(O91-O90) -> 38.166667 | Q91: =SUM(P91/O90) -> 0.059971193
B92: FY07 | C92: 731 | D92: 726 | E92: 720 | F92: 696 | G92: 731 | H92: 721 | I92: 713 | J92: 701 | K92: 691 | L92: 789 | M92: 764 | N92: 691 | O92: =SUM(C92:N92)/12 -> 722.83333 | P92: =SUM(O92-O91) -> 48.25 | Q92: =SUM(P92/O91) -> 0.071525633
B93: FY08 | C93: 684 | D93: 691 | E93: 716 | F93: 676 | G93: 671 | H93: 676 | I93: 674 | J93: 667 | K93: 669 | L93: 676 | M93: 714 | N93: 718 | O93: =SUM(C93:N93)/12 -> 686 | P93: =SUM(O93-O92) -> -36.833333 | Q93: =SUM(P93/O92) -> -0.050956883
B94: FY09 | C94: 681 | D94: 689 | E94: 680 | F94: 661 | G94: 661 | H94: 678 | I94: 672 | J94: 687 | K94: 677 | L94: 674 | M94: 674 | N94: 691 | O94: =SUM(C94:N94)/12 -> 677.08333 | P94: =SUM(O94-O93) -> -8.9166667 | Q94: =SUM(P94/O93) -> -0.012998056
B95: FY10 | C95: 685 | D95: 703 | E95: 697 | F95: 714 | G95: 713 | H95: 746 | I95: 722 | J95: 724 | K95: 728 | L95: 696 | M95: 695 | N95: 676 | O95: =SUM(C95:N95)/12 -> 708.25 | P95: =SUM(O95-O94) -> 31.166667 | Q95: =SUM(P95/O94) -> 0.046030769
B96: FY11 | C96: 691 | D96: 666 | E96: 624 | F96: 670 | G96: 672 | H96: 675 | I96: 651 | J96: 642 | K96: 588 | L96: 663 | M96: 660 | N96: 646 | O96: =SUM(C96:N96)/12 -> 654 | P96: =SUM(O96-O95) -> -54.25 | Q96: =SUM(P96/O95) -> -0.076597247
B97: FY12 | C97: 652 | D97: 655 | E97: 667 | F97: 658 | G97: 671 | H97: 681 | I97: 677 | J97: 673 | K97: 663 | L97: 656 | M97: 662 | N97: 679 | O97: =SUM(C97:N97)/12 -> 666.16667 | P97: =SUM(O97-O96) -> 12.166667 | Q97: =SUM(P97/O96) -> 0.018603466
... B102: FY17 | C102: 512 | D102: 549 | E102: 569 | F102: 581 | G102: 582 | H102: 541 | I102: 539 | J102: 533 | K102: 554 | L102: 553 | M102: 556 | N102: 563 | O102: =SUM(C102:N102)/12 -> 552.66667 | P102: =SUM(O102-O101) -> -9.6666667 | Q102: =SUM(P102/O101) -> -0.017190279
B103: FY18 | C103: 553 | D103: 524
A104: Juneau Probation Office | B104: Year | C104: Jul | D104: Aug | E104: Sep | F104: Oct | G104: Nov | H104: Dec | I104: Jan | J104: Feb | K104: Mar | L104: Apr | M104: May | N104: June
B105: FY00 | C105: 227 | D105: 238 | E105: 241 | F105: 237 | G105: 237 | H105: 245 | I105: 239 | J105: 232 | K105: 228 | L105: 226 | M105: 226 | N105: 238 | O105: =SUM(C105:N105)/12 -> 234.5
B106: FY01 | C106: 227 | D106: 234 | E106: 235 | F106: 220 | G106: 231 | H106: 222 | I106: 209 | J106: 216 | K106: 219 | L106: 212 | M106: 211 | N106: 211 | O106: =SUM(C106:N106)/12 -> 220.58333 | P106: =SUM(O106-O105) -> -13.916667 | Q106: =SUM(P106/O105) -> -0.059346127
B107: FY02 | C107: 210 | D107: 212 | E107: 205 | F107: 205 | G107: 220 | H107: 221 | I107: 223 | J107: 227 | K107: 230 | L107: 204 | M107: 178 | N107: 152 | O107: =SUM(C107:N107)/12 -> 207.25 | P107: =SUM(O107-O106) -> -13.333333 | Q107: =SUM(P107/O106) -> -0.060445788
B108: FY03 | C108: 257 | D108: 269 | E108: 265 | F108: 244 | G108: 244 | H108: 244 | I108: 244 | J108: 244 | K108: 244 | L108: 244 | M108: 244 | N108: 244 | O108: =SUM(C108:N108)/12 -> 248.91667 | P108: =SUM(O108-O107) -> 41.666667 | Q108: =SUM(P108/O107) -> 0.20104544
B109: FY04 | C109: 239 | D109: 224 | E109: 226 | F109: 219 | G109: 227 | H109: 220 | I109: 214 | J109: 214 | K109: 205 | L109: 216 | M109: 210 | N109: 213 | O109: =SUM(C109:N109)/12 -> 218.91667 | P109: =SUM(O109-O108) -> -30 | Q109: =SUM(P109/O108) -> -0.12052226
B110: FY05 | C110: 214 | D110: 211 | E110: 207 | F110: 229 | G110: 243 | H110: 240 | I110: 243 | J110: 245 | K110: 245 | L110: 259 | M110: 261 | N110: 263 | O110: =SUM(C110:N110)/12 -> 238.33333 | P110: =SUM(O110-O109) -> 19.416667 | Q110: =SUM(P110/O109) -> 0.088694328
B111: FY06 | C111: 264 | D111: 263 | E111: 264 | F111: 259 | G111: 262 | H111: 259 | I111: 244 | J111: 246 | K111: 253 | L111: 249 | M111: 248 | N111: 256 | O111: =SUM(C111:N111)/12 -> 255.58333 | P111: =SUM(O111-O110) -> 17.25 | Q111: =SUM(P111/O110) -> 0.072377622
B112: FY07 | C112: 259 | D112: 269 | E112: 262 | F112: 281 | G112: 292 | H112: 287 | I112: 285 | J112: 271 | K112: 263 | L112: 304 | M112: 301 | N112: 256 | O112: =SUM(C112:N112)/12 -> 277.5 | P112: =SUM(O112-O111) -> 21.916667 | Q112: =SUM(P112/O111) -> 0.085751549
B113: FY08 | C113: 263 | D113: 269 | E113: 260 | F113: 254 | G113: 247 | H113: 251 | I113: 244 | J113: 235 | K113: 233 | L113: 251 | M113: 278 | N113: 279 | O113: =SUM(C113:N113)/12 -> 255.33333 | P113: =SUM(O113-O112) -> -22.166667 | Q113: =SUM(P113/O112) -> -0.07987988
B114: FY09 | C114: 271 | D114: 264 | E114: 264 | F114: 265 | G114: 260 | H114: 261 | I114: 266 | J114: 257 | K114: 261 | L114: 270 | M114: 273 | N114: 267 | O114: =SUM(C114:N114)/12 -> 264.91667 | P114: =SUM(O114-O113) -> 9.5833333 | Q114: =SUM(P114/O113) -> 0.037532637
B115: FY10 | C115: 267 | D115: 266 | E115: 268 | F115: 273 | G115: 266 | H115: 255 | I115: 256 | J115: 248 | K115: 253 | L115: 255 | M115: 251 | N115: 255 | O115: =SUM(C115:N115)/12 -> 259.41667 | P115: =SUM(O115-O114) -> -5.5 | Q115: =SUM(P115/O114) -> -0.020761246
...

Sheet Qtrly's-Cntsht Book
A2: ANNUAL TOTAL MANDAYS
A3: FY2017 | B3: AVERAGE DAILY INMATE POPULATION
B4: Max | C4: Gen Capacity | G4: AVERAGE QTRLY | H4: Total Quarterly Mandays | L4: AVERAGE QTRLY | M4: Total Quarterly Mandays | Q4: AVERAGE QTRLY | R4: Total Quarterly Mandays | V4: AVERAGE QTRLY | W4: Total Quarterly Mandays | X4: ANNUAL AVERAGE DAILY POPULATION | Y4: ANNUAL TOTAL MANDAYS
A5: Institutions | B5: Capactiy | D5: 42552 | E5: 42583 | F5: 42614 | I5: 42644 | J5: 42675 | K5: 42705 | N5: 42736 | O5: 42767 | P5: 42795 | S5: 42826 | T5: 42856 | U5: 42887
A6: Anchorage Complex | B6: 863 | C6: 829 | D6: 822.4 | E6: 823 | F6: 813 | G6: =SUM(D6:F6)/3 -> 819.46667 | H6: =G6*92 -> 75390.933 | I6: 973 | J6: 874.1 | K6: 860.7 | L6: =SUM(I6:K6)/3 -> 902.6 | M6: =L6*92 -> 83039.2 | N6: 845.2 | O6: 844.3 | P6: 863 | Q6: =SUM(N6:P6)/3 -> 850.83333 | R6: =Q6*90 -> 76575 | S6: 857 | T6: 868.2 | U6: 862.5 | V6: =SUM(S6:U6)/3 -> 862.56667 | W6: =V6*91 -> 78493.567 | X6: =SUM(D6+E6+F6+I6+J6+K6+N6+O6+P6+S6+T6+U6)/12 -> 858.86667 | Y6: =X6*365 -> 313486.33
A7: Anvil Mountain CC | B7: 128 | C7: 126 | D7: 107.5 | E7: 98 | F7: 100 | G7: =SUM(D7:F7)/3 -> 101.83333 | H7: =G7*92 -> 9368.6667 | I7: 100 | J7: 104 | K7: 105.1 | L7: =SUM(I7:K7)/3 -> 103.03333 | M7: =L7*92 -> 9479.0667 | N7: 97 | O7: 105.9 | P7: 111.3 | Q7: =SUM(N7:P7)/3 -> 104.73333 | R7: =Q7*90 -> 9426 | S7: 105 | T7: 100.6 | U7: 111 | V7: =SUM(S7:U7)/3 -> 105.53333 | W7: =V7*91 -> 9603.5333 | X7: =SUM(D7+E7+F7+I7+J7+K7+N7+O7+P7+S7+T7+U7)/12 -> 103.78333 | Y7: =X7*365 -> 37880.917
A8: Fairbanks CC | B8: 259 | C8: 248 | D8: 288.9 | E8: 284 | F8: 262 | G8: =SUM(D8:F8)/3 -> 278.3 | H8: =G8*92 -> 25603.6 | I8: 252 | J8: 240.2 | K8: 242.9 | L8: =SUM(I8:K8)/3 -> 245.03333 | M8: =L8*92 -> 22543.067 | N8: 255.4 | O8: 262 | P8: 270.8 | Q8: =SUM(N8:P8)/3 -> 262.73333 | R8: =Q8*90 -> 23646 | S8: 283 | T8: 294.5 | U8: 289.8 | V8: =SUM(S8:U8)/3 -> 289.1 | W8: =V8*91 -> 26308.1 | X8: =SUM(D8+E8+F8+I8+J8+K8+N8+O8+P8+S8+T8+U8)/12 -> 268.79167 | Y8: =X8*365 -> 98108.958
A9: Goose Creek CC | B9: 1472 | C9: 1408 | D9: 1145.8 | E9: 1238 | F9: 1268 | G9: =SUM(D9:F9)/3 -> 1217.2667 | H9: =G9*92 -> 111988.53 | I9: 1311 | J9: 1334.8 | K9: 1326.3 | L9: =SUM(I9:K9)/3 -> 1324.0333 | M9: =L9*92 -> 121811.07 | N9: 1271.3 | O9: 1250 | P9: 1242.9 | Q9: =SUM(N9:P9)/3 -> 1254.7333 | R9: =Q9*90 -> 112926 | S9: 1257 | T9: 1240.6 | U9: 1295.6 | V9: =SUM(S9:U9)/3 -> 1264.4 | W9: =V9*91 -> 115060.4 | X9: =SUM(D9+E9+F9+I9+J9+K9+N9+O9+P9+S9+T9+U9)/12 -> 1265.1083 | Y9: =X9*365 -> 461764.54
A10: Combined Hiland Mtn CC | B10: 404 | C10: 395 | D10: 348.5 | E10: 349 | F10: 347 | G10: =SUM(D10:F10)/3 -> 348.16667 | H10: =G10*92 -> 32031.333 | I10: 325 | J10: 304.9 | K10: 291.6 | L10: =SUM(I10:K10)/3 -> 307.16667 | M10: =L10*92 -> 28259.333 | N10: 275.4 | O10: 264 | P10: 267.5 | Q10: =SUM(N10:P10)/3 -> 268.96667 | R10: =Q10*90 -> 24207 | S10: 269 | T10: 297.9 | U10: 298.1 | V10: =SUM(S10:U10)/3 -> 288.33333 | W10: =V10*91 -> 26238.333 | X10: =SUM(D10+E10+F10+I10+J10+K10+N10+O10+P10+S10+T10+U10)/12 -> 303.15833 | Y10: =X10*365 -> 110652.79 | AB10: 31
A11: Ketchikan CC | B11: 58 | C11: 52 | D11: 50 | E11: 50 | F11: 47 | G11: =SUM(D11:F11)/3 -> 49 | H11: =G11*92 -> 4508 | I11: 53 | J11: 49 | K11: 46.1 | L11: =SUM(I11:K11)/3 -> 49.366667 | M11: =L11*92 -> 4541.7333 | N11: 46.1 | O11: 55 | P11: 58 | Q11: =SUM(N11:P11)/3 -> 53.033333 | R11: =Q11*90 -> 4773 | S11: 56 | T11: 56.5 | U11: 51.8 | V11: =SUM(S11:U11)/3 -> 54.766667 | W11: =V11*91 -> 4983.7667 | X11: =SUM(D11+E11+F11+I11+J11+K11+N11+O11+P11+S11+T11+U11)/12 -> 51.541667 | Y11: =X11*365 -> 18812.708 | AB11: 31
A12: Lemon Creek CC | B12: 232 | C12: 226 | D12: 216.2 | E12: 220 | F12: 229 | G12: =SUM(D12:F12)/3 -> 221.73333 | H12: =G12*92 -> 20399.467 | I12: 230 | J12: 216 | K12: 216.8 | L12: =SUM(I12:K12)/3 -> 220.93333 | M12: =L12*92 -> 20325.867 | N12: 208.4 | O12: 202 | P12: 195.3 | Q12: =SUM(N12:P12)/3 -> 201.9 | R12: =Q12*90 -> 18171 | S12: 208 | T12: 205.1 | U12: 193.5 | V12: =SUM(S12:U12)/3 -> 202.2 | W12: =V12*91 -> 18400.2 | X12: =SUM(D12+E12+F12+I12+J12+K12+N12+O12+P12+S12+T12+U12)/12 -> 211.69167 | Y12: =X12*365 -> 77267.458 | AB12: 31
A13: Mat-Su CC | B13: 102 | C13: 98 | D13: 101.3 | E13: 100 | F13: 91 | G13: =SUM(D13:F13)/3 -> 97.433333 | H13: =G13*92 -> 8963.8667 | I13: 102 | J13: 101.5 | K13: 98.4 | L13: =SUM(I13:K13)/3 -> 100.63333 | M13: =L13*92 -> 9258.2667 | N13: 87.8 | O13: 89 | P13: 98.2 | Q13: =SUM(N13:P13)/3 -> 91.666667 | R13: =Q13*90 -> 8250 | S13: 90 | T13: 92 | U13: 93.3 | V13: =SUM(S13:U13)/3 -> 91.766667 | W13: =V13*91 -> 8350.7667 | X13: =SUM(D13+E13+F13+I13+J13+K13+N13+O13+P13+S13+T13+U13)/12 -> 95.375 | Y13: =X13*365 -> 34811.875 | AB13: 30
A14: Combined Palmer CC | B14: =338+176 -> 514 | C14: =327+176 -> 503 | D14: =302+175.7 -> 477.7 | E14: =298+59 -> 357 | F14: 279 | G14: =SUM(D14:F14)/3 -> 371.23333 | H14: =G14*92 -> 34153.467 | I14: 110 | J14: 0 | K14: 0 | L14: =SUM(I14:K14)/1 -> 110 | M14: =L14*31 -> 3410 | N14: 0 | O14: 0 | P14: 0 | Q14: =SUM(N14:P14)/3 -> 0 | R14: =Q14*90 -> 0 | S14: 0 | T14: 0 | U14: 0 | V14: =SUM(S14:U14)/3 -> 0 | W14: =V14*91 -> 0 | X14: =SUM(D14+E14+F14+I14+J14+K14+N14+O14+P14+S14+T14+U14)/4 -> 305.925 | Y14: =X14*123 -> 37628.775 | AB14: =SUM(AB10:AB13) -> 123
A15: Pt. MacKenzie | B15: 128 | C15: 50 | D15: 52.8 | E15: 54 | F15: 57 | G15: =SUM(D15:F15)/3 -> 54.6 | H15: =G15*92 -> 5023.2 | I15: 69 | J15: 108.9 | K15: 125.3 | L15: =SUM(I15:K15)/3 -> 101.06667 | M15: =L15*92 -> 9298.1333 | N15: 125 | O15: 125 | P15: 123.2 | Q15: =SUM(N15:P15)/3 -> 124.4 | R15: =Q15*90 -> 11196 | S15: 119 | T15: 110.8 | U15: 88 | V15: =SUM(S15:U15)/3 -> 105.93333 | W15: =V15*91 -> 9639.9333 | X15: =SUM(D15+E15+F15+I15+J15+K15+N15+O15+P15+S15+T15+U15)/12 -> 96.5 | Y15: =X15*365 -> 35222.5
A16: Spring Creek CC | B16: 551 | C16: 535 | D16: 523.6 | E16: 516 | F16: 518 | G16: =SUM(D16:F16)/3 -> 519.2 | H16: =G16*92 -> 47766.4 | I16: 520 | J16: 494.8 | K16: 491.1 | L16: =SUM(I16:K16)/3 -> 501.96667 | M16: =L16*92 -> 46180.933 | N16: 484 | O16: 491 | P16: 485.5 | Q16: =SUM(N16:P16)/3 -> 486.83333 | R16: =Q16*90 -> 43815 | S16: 485 | T16: 463 | U16: 396.9 | V16: =SUM(S16:U16)/3 -> 448.3 | W16: =V16*91 -> 40795.3 | X16: =SUM(D16+E16+F16+I16+J16+K16+N16+O16+P16+S16+T16+U16)/12 -> 489.075 | Y16: =X16*365 -> 178512.38
A17: Combined Wildwood CC* | B17: =326+115 -> 441 | C17: =320+110 -> 430 | D17: =270+102.5 -> 372.5 | E17: =304+85 -> 389 | F17: =305+74 -> 379 | G17: =SUM(D17:F17)/3 -> 380.16667 | H17: =G17*92 -> 34975.333 | I17: =313+77 -> 390 | J17: =322.5+77.6 -> 400.1 | K17: =322+72.2 -> 394.2 | L17: =SUM(I17:K17)/3 -> 394.76667 | M17: =L17*92 -> 36318.533 | N17: 394 | O17: =297.4+77.5 -> 374.9 | P17: =291+77.9 -> 368.9 | Q17: =SUM(N17:P17)/3 -> 379.26667 | R17: =Q17*90 -> 34134 | S17: 376 | T17: 377.7 | U17: 410.2 | V17: =SUM(S17:U17)/3 -> 387.96667 | W17: =V17*91 -> 35304.967 | X17: =SUM(D17+E17+F17+I17+J17+K17+N17+O17+P17+S17+T17+U17)/12 -> 385.54167 | Y17: =X17*365 -> 140722.71
A18: Yukon-Kuskokwim CC | B18: 200 | C18: 189 | D18: 177.7 | E18: 158 | F18: 166 | G18: =SUM(D18:F18)/3 -> 167.23333 | H18: =G18*92 -> 15385.467 | I18: 175 | J18: 181.1 | K18: 172.9 | L18: =SUM(I18:K18)/3 -> 176.33333 | M18: =L18*92 -> 16222.667 | N18: 167.4 | O18: 150 | P18: 139.5 | Q18: =SUM(N18:P18)/3 -> 152.3 | R18: =Q18*90 -> 13707 | S18: 149 | T18: 152.8 | U18: 159.8 | V18: =SUM(S18:U18)/3 -> 153.86667 | W18: =V18*91 -> 14001.867 | X18: =SUM(D18+E18+F18+I18+J18+K18+N18+O18+P18+S18+T18+U18)/12 -> 162.43333 | Y18: =X18*365 -> 59288.167
A19: Tents | D19: 0 | E19: 0 | F19: 0 | G19: =SUM(D19:F19)/3 -> 0 | H19: =G19*92 -> 0 | I19: 0 | J19: 0 | K19: 0 | L19: =SUM(I19:K19)/3 -> 0 | M19: =L19*92 -> 0 | N19: 0 | O19: 0 | P19: 0 | Q19: =SUM(N19:P19)/3 -> 0 | R19: =Q19*90 -> 0 | S19: - | T19: - | U19: - | V19: =SUM(S19:U19)/3 -> 0 | W19: =V19*91 -> 0 | X19: 0 | Y19: =X19*365 -> 0
A20: TOTAL INSTITUTIONS | D20: =SUM(D6:D19) -> 4684.9 | E20: =SUM(E6:E19) -> 4636 | F20: =SUM(F6:F19) -> 4556 | G20: =SUM(D20:F20)/3 -> 4625.6333 | H20: =G20*92 -> 425558.27 | I20: =SUM(I6:I19) -> 4610 | J20: =SUM(J6:J19) -> 4409.4 | K20: =SUM(K6:K19) -> 4371.4 | L20: =SUM(I20:K20)/3 -> 4463.6 | M20: =L20*92 -> 410651.2 | N20: =SUM(N6:N19) -> 4257 | O20: =SUM(O6:O19) -> 4213.1 | P20: =SUM(P6:P19) -> 4224.1 | Q20: =SUM(N20:P20)/3 -> 4231.4 | R20: =Q20*90 -> 380826 | S20: =SUM(S6:S19) -> 4254 | T20: =SUM(T6:T18) -> 4259.7 | U20: =SUM(U6:U19) -> 4250.5 | V20: =SUM(S20:U20)/3 -> 4254.7333 | W20: =V20*91 -> 387180.73 | X20: =SUM(D20+E20+F20+I20+J20+K20+N20+O20+P20+S20+T20+U20)/12 -> 4393.8417 | Y20: =SUM(Y6:Y19) -> 1604160.1
A21: Other
A22: CRC's | B22: 839 | C22: - | D22: 495.61 | E22: 470 | F22: 476 | G22: =SUM(D22:F22)/3 -> 480.53667 | H22: =G22*92 -> 44209.373 | I22: 430 | J22: 435 | K22: 424 | L22: =SUM(I22:K22)/3 -> 429.66667 | M22: =L22*92 -> 39529.333 | N22: 412 | O22: 432 | P22: 398 | Q22: =SUM(N22:P22)/3 -> 414 | R22: =Q22*90 -> 37260 | S22: 408 | T22: 396.97 | U22: 386 | V22: =SUM(S22:U22)/3 -> 396.99 | W22: =V22*91 -> 36126.09 | X22: =SUM(D22+E22+F22+I22+J22+K22+N22+O22+P22+S22+T22+U22)/12 -> 430.29833 | Y22: =X22*365 -> 157058.89
A23: CRC Offender Supervision | B23: 35 | C23: - | D23: =9.81+5.68 -> 15.49 | E23: 9 | F23: 10 | G23: =SUM(D23:F23)/3 -> 11.496667 | H23: =G23*92 -> 1057.6933 | I23: 12 | J23: 16 | K23: 14 | L23: =SUM(I23:K23)/3 -> 14 | M23: =L23*92 -> 1288 | N23: =11+4 -> 15 | O23: =11+4 -> 15 | P23: =11+4 -> 15 | Q23: =SUM(N23:P23)/3 -> 15 | R23: =Q23*90 -> 1350 | S23: 15 | T23: =9.55+4 -> 13.55 | U23: 12 | V23: =SUM(S23:U23)/3 -> 13.516667 | W23: =V23*91 -> 1230.0167 | X23: =SUM(D23+E23+F23+I23+J23+K23+N23+O23+P23+S23+T23+U23)/12 -> 13.503333 | Y23: =X23*365 -> 4928.7167
A24: Treatment Beds | B24: 26 | C24: - | D24: 14 | E24: 15 | F24: 15 | G24: =SUM(D24:F24)/3 -> 14.666667 | H24: =G24*92 -> 1349.3333 | I24: 15 | J24: 15 | K24: 16 | L24: =SUM(I24:K24)/3 -> 15.333333 | M24: =L24*92 -> 1410.6667 | N24: 14 | O24: 14 | P24: 17 | Q24: =SUM(N24:P24)/3 -> 15 | R24: =Q24*90 -> 1350 | S24: 21 | T24: 23.13 | U24: 21 | V24: =SUM(S24:U24)/3 -> 21.71 | W24: =V24*91 -> 1975.61 | X24: =SUM(D24+E24+F24+I24+J24+K24+N24+O24+P24+S24+T24+U24)/12 -> 16.6775 | Y24: =X24*365 -> 6087.2875
A25: Electronic Monitoring | B25: n/a | C25: - | D25: 335 | E25: 303 | F25: 291 | G25: =SUM(D25:F25)/3 -> 309.66667 | H25: =G25*92 -> 28489.333 | I25: 282 | J25: 279 | K25: 286 | L25: =SUM(I25:K25)/3 -> 282.33333 | M25: =L25*92 -> 25974.667 | N25: 275 | O25: 263 | P25: 253 | Q25: =SUM(N25:P25)/3 -> 263.66667 | R25: =Q25*90 -> 23730 | S25: 290 | T25: 299 | U25: 286 | V25: =SUM(S25:U25)/3 -> 291.66667 | W25: =V25*91 -> 26541.667 | X25: =SUM(D25+E25+F25+I25+J25+K25+N25+O25+P25+S25+T25+U25)/12 -> 286.83333 | Y25: =X25*365 -> 104694.17
A26: Colorado | B26: 1050 | C26: - | D26: N/A | E26: N/A | F26: N/A | G26: =SUM(D26:F26)/3 -> 0 | H26: =G26*92 -> 0 | I26: N/A | J26: N/A | K26: N/A | L26: =SUM(I26:K26)/3 -> 0 | M26: =L26*92 -> 0 | N26: N/A | O26: N/A | P26: N/A | Q26: =SUM(N26:P26)/3 -> 0 | R26: =Q26*90 -> 0 | S26: N/A | T26: N/A | U26: N/A | V26: =SUM(S26:U26)/3 -> 0 | W26: =V26*91 -> 0 | X26: 0 | Y26: =X26*365 -> 0
A27: Other Out Of State | B27: n/a | C27: - | D27: 9 | E27: 9 | F27: 9 | G27: =SUM(D27:F27)/3 -> 9 | H27: =G27*92 -> 828 | I27: 9 | J27: 9 | K27: 9 | L27: =SUM(I27:K27)/3 -> 9 | M27: =L27*92 -> 828 | N27: 9 | O27: 9 | P27: 9 | Q27: =SUM(N27:P27)/3 -> 9 | R27: =Q27*90 -> 810 | S27: 9 | T27: 9 | U27: 9 | V27: =SUM(S27:U27)/3 -> 9 | W27: =V27*91 -> 819 | X27: =SUM(D27+E27+F27+I27+J27+K27+N27+O27+P27+S27+T27+U27)/12 -> 9 | Y27: =X27*365 -> 3285
A28: TOTAL OTHER | D28: =SUM(D22:D27) -> 869.1 | E28: =SUM(E22:E27) -> 806 | F28: =SUM(F22:F27) -> 801 | G28: =SUM(D28:F28)/3 -> 825.36667 | H28: =G28*92 -> 75933.733 | I28: =SUM(I22:I27) -> 748 | J28: =SUM(J22:J27) -> 754 | K28: =SUM(K22:K27) -> 749 | L28: =SUM(I28:K28)/3 -> 750.33333 | M28: =L28*92 -> 69030.667 | N28: =SUM(N22:N27) -> 725 | O28: =SUM(O22:O27) -> 733 | P28: =SUM(P22:P27) -> 692 | Q28: =SUM(N28:P28)/3 -> 716.66667 | R28: =Q28*90 -> 64500 | S28: =SUM(S22:S27) -> 743 | T28: =SUM(T22:T27) -> 741.65 | U28: =SUM(U22:U27) -> 714 | V28: =SUM(S28:U28)/3 -> 732.88333 | W28: =V28*91 -> 66692.383 | X28: =SUM(X22:X27) -> 756.3125 | Y28: =SUM(Y22:Y27) -> 276054.06
A29: GRAND TOTAL | D29: =D20+D28 -> 5554 | E29: =E20+E28 -> 5442 | F29: =F20+F28 -> 5357 | G29: =G20+G28 -> 5451 | H29: =SUM(H20+H28) -> 501492 | I29: =I20+I28 -> 5358 | J29: =J20+J28 -> 5163.4 | K29: =K20+K28 -> 5120.4 | L29: =SUM(I29:K29)/3 -> 5213.9333 | M29: =SUM(M20+M28) -> 479681.87 | N29: =N20+N28 -> 4982 | O29: =O20+O28 -> 4946.1 | P29: =P20+P28 -> 4916.1 | Q29: =SUM(N29:P29)/3 -> 4948.0667 | R29: =SUM(R20+R28) -> 445326 | S29: =S20+S28 -> 4997 | T29: =T20+T28 -> 5001.35 | U29: =U20+U28 -> 4964.5 | V29: =SUM(S29:U29)/3 -> 4987.6167 | W29: =SUM(W20+W28) -> 453873.12 | X29: =X20+X28 -> 5150.1542 | Y29: =Y20+Y28 -> 1880214.2
A30: *PCC Closed end October 2016
A31: *PT. Mac separated from GCCC November 2016
A34: FY2016 | B34: AVERAGE DAILY INMATE POPULATION
B35: Max | C35: Gen Capacity | G35: AVERAGE QTRLY | H35: Total Quarterly Mandays | L35: AVERAGE QTRLY | M35: Total Quarterly Mandays | Q35: AVERAGE QTRLY | R35: Total Quarterly Mandays | V35: AVERAGE QTRLY | W35: Total Quarterly Mandays | X35: ANNUAL AVERAGE DAILY POPULATION | Y35: ANNUAL TOTAL MANDAYS
A36: Institutions | B36: Capactiy | D36: 42186 | E36: 42217 | F36: 42248 | I36: 42278 | J36: 42309 | K36: 42339 | N36: 42370 | O36: 42401 | P36: 42430 | S36: 42461 | T36: 42491 | U36: 42522
A37: Anchorage Complex | B37: 863 | C37: 829 | D37: 844.8 | E37: 857.9 | F37: 798.3 | G37: =SUM(D37:F37)/3 -> 833.66667 | H37: =G37*92 -> 76697.333 | I37: 832.8 | J37: 871 | K37: 857.8 | L37: =SUM(I37:K37)/3 -> 853.86667 | M37: =L37*92 -> 78555.733 | N37: 842 | O37: 819.6 | P37: 797.3 | Q37: =SUM(N37:P37)/3 -> 819.63333 | R37: =Q37*90 -> 73767 | S37: 806.6 | T37: 770.6 | U37: 811 | V37: =SUM(S37:U37)/3 -> 796.06667 | W37: =V37*91 -> 72442.067 | X37: =SUM(D37+E37+F37+I37+J37+K37+N37+O37+P37+S37+T37+U37)/12 -> 825.80833 | Y37: =X37*365 -> 301420.04
A38: Anvil Mountain CC | B38: 128 | C38: 126 | D38: 103.5 | E38: 107.7 | F38: 116.4 | G38: =SUM(D38:F38)/3 -> 109.2 | H38: =G38*92 -> 10046.4 | I38: 120.5 | J38: 118.1 | K38: 92.5 | L38: =SUM(I38:K38)/3 -> 110.36667 | M38: =L38*92 -> 10153.733 | N38: 98.8 | O38: 110.4 | P38: 123 | Q38: =SUM(N38:P38)/3 -> 110.73333 | R38: =Q38*90 -> 9966 | S38: 119.4 | T38: 116.4 | U38: 108.6 | V38: =SUM(S38:U38)/3 -> 114.8 | W38: =V38*91 -> 10446.8 | X38: =SUM(D38+E38+F38+I38+J38+K38+N38+O38+P38+S38+T38+U38)/12 -> 111.275 | Y38: =X38*365 -> 40615.375
A39: Fairbanks CC | B39: 259 | C39: 248 | D39: 265.7 | E39: 269.7 | F39: 255.4 | G39: =SUM(D39:F39)/3 -> 263.6 | H39: =G39*92 -> 24251.2 | I39: 265.7 | J39: 266.7 | K39: 262.3 | L39: =SUM(I39:K39)/3 -> 264.9 | M39: =L39*92 -> 24370.8 | N39: 268.9 | O39: 274.1 | P39: 265.8 | Q39: =SUM(N39:P39)/3 -> 269.6 | R39: =Q39*90 -> 24264 | S39: 283.4 | T39: 293.3 | U39: 281.1 | V39: =SUM(S39:U39)/3 -> 285.93333 | W39: =V39*91 -> 26019.933 | X39: =SUM(D39+E39+F39+I39+J39+K39+N39+O39+P39+S39+T39+U39)/12 -> 271.00833 | Y39: =X39*365 -> 98918.042
A40: Goose Creek CC | B40: 1472 | C40: 1408 | D40: 1322.1 | E40: 1316.7 | F40: 1359.4 | G40: =SUM(D40:F40)/3 -> 1332.7333 | H40: =G40*92 -> 122611.47 | I40: 1285 | J40: 1290.6 | K40: 1258.9 | L40: =SUM(I40:K40)/3 -> 1278.1667 | M40: =L40*92 -> 117591.33 | N40: 1219.4 | O40: 1263.4 | P40: 1224 | Q40: =SUM(N40:P40)/3 -> 1235.6 | R40: =Q40*90 -> 111204 | S40: 1220.8 | T40: 1210 | U40: 1127.5 | V40: =SUM(S40:U40)/3 -> 1186.1 | W40: =V40*91 -> 107935.1 | X40: =SUM(D40+E40+F40+I40+J40+K40+N40+O40+P40+S40+T40+U40)/12 -> 1258.15 | Y40: =X40*365 -> 459224.75
A41: Combined Hiland Mtn CC | B41: 404 | C41: 395 | D41: 407.6 | E41: 397.9 | F41: 408.3 | G41: =SUM(D41:F41)/3 -> 404.6 | H41: =G41*92 -> 37223.2 | I41: 384 | J41: 363.6 | K41: 346 | L41: =SUM(I41:K41)/3 -> 364.53333 | M41: =L41*92 -> 33537.067 | N41: 349.5 | O41: 365.4 | P41: 365.5 | Q41: =SUM(N41:P41)/3 -> 360.13333 | R41: =Q41*90 -> 32412 | S41: 360.5 | T41: 359.7 | U41: 360.1 | V41: =SUM(S41:U41)/3 -> 360.1 | W41: =V41*91 -> 32769.1 | X41: =SUM(D41+E41+F41+I41+J41+K41+N41+O41+P41+S41+T41+U41)/12 -> 372.34167 | Y41: =X41*365 -> 135904.71
A42: Ketchikan CC | B42: 58 | C42: 52 | D42: 57.1 | E42: 59.2 | F42: 56.4 | G42: =SUM(D42:F42)/3 -> 57.566667 | H42: =G42*92 -> 5296.1333 | I42: 57.8 | J42: 49.9 | K42: 46.7 | L42: =SUM(I42:K42)/3 -> 51.466667 | M42: =L42*92 -> 4734.9333 | N42: 47.7 | O42: 54.7 | P42: 55.7 | Q42: =SUM(N42:P42)/3 -> 52.7 | R42: =Q42*90 -> 4743 | S42: 55.3 | T42: 51 | U42: 51.1 | V42: =SUM(S42:U42)/3 -> 52.466667 | W42: =V42*91 -> 4774.4667 | X42: =SUM(D42+E42+F42+I42+J42+K42+N42+O42+P42+S42+T42+U42)/12 -> 53.55 | Y42: =X42*365 -> 19545.75
A43: Lemon Creek CC | B43: 232 | C43: 226 | D43: 232.6 | E43: 234.1 | F43: 226.9 | G43: =SUM(D43:F43)/3 -> 231.2 | H43: =G43*92 -> 21270.4 | I43: 220.9 | J43: 229 | K43: 227.2 | L43: =SUM(I43:K43)/3 -> 225.7 | M43: =L43*92 -> 20764.4 | N43: 229.1 | O43: 234.4 | P43: 224.3 | Q43: =SUM(N43:P43)/3 -> 229.26667 | R43: =Q43*90 -> 20634 | S43: 210.7 | T43: 206.3 | U43: 208.8 | V43: =SUM(S43:U43)/3 -> 208.6 | W43: =V43*91 -> 18982.6 | X43: =SUM(D43+E43+F43+I43+J43+K43+N43+O43+P43+S43+T43+U43)/12 -> 223.69167 | Y43: =X43*365 -> 81647.458
A44: Mat-Su CC | B44: 102 | C44: 98 | D44: 99.5 | E44: 101.7 | F44: 100.2 | G44: =SUM(D44:F44)/3 -> 100.46667 | H44: =G44*92 -> 9242.9333 | I44: 102.6 | J44: 99.6 | K44: 99.3 | L44: =SUM(I44:K44)/3 -> 100.5 | M44: =L44*92 -> 9246 | N44: 104.3 | O44: 103.5 | P44: 96.3 | Q44: =SUM(N44:P44)/3 -> 101.36667 | R44: =Q44*90 -> 9123 | S44: 101.9 | T44: 100.3 | U44: 95.1 | V44: =SUM(S44:U44)/3 -> 99.1 | W44: =V44*91 -> 9018.1 | X44: =SUM(D44+E44+F44+I44+J44+K44+N44+O44+P44+S44+T44+U44)/12 -> 100.35833 | Y44: =X44*365 -> 36630.792
A45: Combined Palmer CC | B45: =338+176 -> 514 | C45: =327+176 -> 503 | D45: =300.8+176 -> 476.8 | E45: =311.9+176 -> 487.9 | F45: =322.2+175.7 -> 497.9 | G45: =SUM(D45:F45)/3 -> 487.53333 | H45: =G45*92 -> 44853.067 | I45: =320.9+176 -> 496.9 | J45: =312.4+176 -> 488.4 | K45: =313.6+175.9 -> 489.5 | L45: =SUM(I45:K45)/3 -> 491.6 | M45: =L45*92 -> 45227.2 | N45: =316.5+175.9 -> 492.4 | O45: =325.2+175.8 -> 501 | P45: =323.7+175.9 -> 499.6 | Q45: =SUM(N45:P45)/3 -> 497.66667 | R45: =Q45*90 -> 44790 | S45: =323.7+175.9 -> 499.6 | T45: =323.7+176 -> 499.7 | U45: =316.1+175.8 -> 491.9 | V45: =SUM(S45:U45)/3 -> 497.06667 | W45: =V45*91 -> 45233.067 | X45: =SUM(D45+E45+F45+I45+J45+K45+N45+O45+P45+S45+T45+U45)/12 -> 493.46667 | Y45: =X45*365 -> 180115.33
A46: Pt. MacKenzie | B46: 128 | C46: 128 | D46: 0 | E46: 0 | F46: 0 | G46: =SUM(D46:F46)/3 -> 0 | H46: =G46*92 -> 0 | I46: 0 | J46: 0 | K46: 0 | L46: =SUM(I46:K46)/3 -> 0 | M46: =L46*92 -> 0 | N46: 0 | O46: 0 | P46: 0 | Q46: =SUM(N46:P46)/3 -> 0 | R46: =Q46*90 -> 0 | S46: 0 | T46: 0 | U46: 48 | V46: =SUM(S46:U46)/3 -> 16 | W46: =V46*91 -> 1456 | X46: =SUM(D46+E46+F46+I46+J46+K46+N46+O46+P46+S46+T46+U46)/12 -> 4 | Y46: =X46*365 -> 1460
A47: Spring Creek CC | B47: 551 | C47: 535 | D47: 523.4 | E47: 519.2 | F47: 522.8 | G47: =SUM(D47:F47)/3 -> 521.8 | H47: =G47*92 -> 48005.6 | I47: 515 | J47: 505.2 | K47: 497.1 | L47: =SUM(I47:K47)/3 -> 505.76667 | M47: =L47*92 -> 46530.533 | N47: 503.1 | O47: 511.1 | P47: 514.5 | Q47: =SUM(N47:P47)/3 -> 509.56667 | R47: =Q47*90 -> 45861 | S47: 514.4 | T47: 523.7 | U47: 521.6 | V47: =SUM(S47:U47)/3 -> 519.9 | W47: =V47*91 -> 47310.9 | X47: =SUM(D47+E47+F47+I47+J47+K47+N47+O47+P47+S47+T47+U47)/12 -> 514.25833 | Y47: =X47*365 -> 187704.29
A48: Combined Wildwood CC* | B48: =326+115 -> 441 | C48: =320+110 -> 430 | D48: =332.1+101.6 -> 433.7 | E48: =340.5+99.6 -> 440.1 | F48: =322.9+102.5 -> 425.4 | G48: =SUM(D48:F48)/3 -> 433.06667 | H48: =G48*92 -> 39842.133 | I48: =309.3+100.4 -> 409.7 | J48: =295+108.8 -> 403.8 | K48: =279.1+105.3 -> 384.4 | L48: =SUM(I48:K48)/3 -> 399.3 | M48: =L48*92 -> 36735.6 | N48: =289.2+108.6 -> 397.8 | O48: =286.3+106.1 -> 392.4 | P48: =272+106 -> 378 | Q48: =SUM(N48:P48)/3 -> 389.4 | R48: =Q48*90 -> 35046 | S48: =275.3+110.6 -> 385.9 | T48: =280+100.6 -> 380.6 | U48: =278.5+118.4 -> 396.9 | V48: =SUM(S48:U48)/3 -> 387.8 | W48: =V48*91 -> 35289.8 | X48: =SUM(D48+E48+F48+I48+J48+K48+N48+O48+P48+S48+T48+U48)/12 -> 402.39167 | Y48: =X48*365 -> 146872.96
A49: Yukon-Kuskokwim CC | B49: 200 | C49: 189 | D49: 171.9 | E49: 185.8 | F49: 190.7 | G49: =SUM(D49:F49)/3 -> 182.8 | H49: =G49*92 -> 16817.6 | I49: 196.5 | J49: 190.2 | K49: 187.2 | L49: =SUM(I49:K49)/3 -> 191.3 | M49: =L49*92 -> 17599.6 | N49: 194.2 | O49: 182.8 | P49: 180.8 | Q49: =SUM(N49:P49)/3 -> 185.93333 | R49: =Q49*90 -> 16734 | S49: 176.7 | T49: 175.5 | U49: 172.1 | V49: =SUM(S49:U49)/3 -> 174.76667 | W49: =V49*91 -> 15903.767 | X49: =SUM(D49+E49+F49+I49+J49+K49+N49+O49+P49+S49+T49+U49)/12 -> 183.7 | Y49: =X49*365 -> 67050.5
A50: Tents | D50: 0 | E50: 0 | F50: 0 | G50: =SUM(D50:F50)/3 -> 0 | H50: =G50*92 -> 0 | I50: 0 | J50: 0 | K50: 0 | L50: =SUM(I50:K50)/3 -> 0 | M50: =L50*92 -> 0 | N50: 0 | O50: 0 | P50: 0 | Q50: =SUM(N50:P50)/3 -> 0 | R50: =Q50*90 -> 0 | S50: - | T50: - | U50: - | V50: =SUM(S50:U50)/3 -> 0 | W50: =V50*91 -> 0 | X50: 0 | Y50: =X50*365 -> 0
A51: TOTAL INSTITUTIONS | D51: =SUM(D37:D50) -> 4938.7 | E51: =SUM(E37:E50) -> 4977.9 | F51: =SUM(F37:F50) -> 4958.1 | G51: =SUM(D51:F51)/3 -> 4958.2333 | H51: =G51*92 -> 456157.47 | I51: =SUM(I37:I50) -> 4887.4 | J51: =SUM(J37:J50) -> 4876.1 | K51: =SUM(K37:K50) -> 4748.9 | L51: =SUM(I51:K51)/3 -> 4837.4667 | M51: =L51*92 -> 445046.93 | N51: =SUM(N37:N50) -> 4747.2 | O51: =SUM(O37:O50) -> 4812.8 | P51: =SUM(P37:P50) -> 4724.8 | Q51: =SUM(N51:P51)/3 -> 4761.6 | R51: =Q51*90 -> 428544 | S51: =SUM(S37:S50) -> 4735.2 | T51: =SUM(T37:T49) -> 4687.1 | U51: =SUM(U37:U50) -> 4673.8 | V51: =SUM(S51:U51)/3 -> 4698.7 | W51: =V51*91 -> 427581.7 | X51: =SUM(D51+E51+F51+I51+J51+K51+N51+O51+P51+S51+T51+U51)/12 -> 4814 | Y51: =SUM(Y37:Y50) -> 1757110
A52: Other
A53: CRC's | B53: 839 | C53: - | D53: 672.81 | E53: 677.1 | F53: 681.9 | G53: =SUM(D53:F53)/3 -> 677.27 | H53: =G53*92 -> 62308.84 | I53: 648 | J53: 633.63 | K53: 647.29 | L53: =SUM(I53:K53)/3 -> 642.97333 | M53: =L53*92 -> 59153.547 | N53: =547.74+77.9 -> 625.64 | O53: 607.83 | P53: =563.77+86.23 -> 650 | Q53: =SUM(N53:P53)/3 -> 627.82333 | R53: =Q53*90 -> 56504.1 | S53: =552.63+74.57 -> 627.2 | T53: 587.65 | U53: =502.5+59.23 -> 561.73 | V53: =SUM(S53:U53)/3 -> 592.19333 | W53: =V53*91 -> 53889.593 | X53: =SUM(D53+E53+F53+I53+J53+K53+N53+O53+P53+S53+T53+U53)/12 -> 635.065 | Y53: =X53*365 -> 231798.72
A54: CRC Offender Supervision | B54: 35 | C54: - | D54: 5 | E54: 7.23 | F54: =1+8 -> 9 | G54: =SUM(D54:F54)/3 -> 7.0766667 | H54: =G54*92 -> 651.05333 | I54: =1+8.1 -> 9.1 | J54: =1+8.1 -> 9.1 | K54: =1+8.71 -> 9.71 | L54: =SUM(I54:K54)/3 -> 9.3033333 | M54: =L54*92 -> 855.90667 | N54: =1+8 -> 9 | O54: =1+7.31 -> 8.31 | P54: =1+7 -> 8 | Q54: =SUM(N54:P54)/3 -> 8.4366667 | R54: =Q54*90 -> 759.3 | S54: =1+7.07 -> 8.07 | T54: =2.48+7.52 -> 10 | U54: =7.5+6 -> 13.5 | V54: =SUM(S54:U54)/3 -> 10.523333 | W54: =V54*91 -> 957.62333 | X54: =SUM(D54+E54+F54+I54+J54+K54+N54+O54+P54+S54+T54+U54)/12 -> 8.835 | Y54: =X54*365 -> 3224.775
A55: Treatment Beds | B55: 26 | C55: - | D55: 15 | E55: 17 | F55: 16 | G55: =SUM(D55:F55)/3 -> 16 | H55: =G55*92 -> 1472 | I55: 17 | J55: 17 | K55: 16 | L55: =SUM(I55:K55)/3 -> 16.666667 | M55: =L55*92 -> 1533.3333 | N55: 19 | O55: 18 | P55: 17 | Q55: =SUM(N55:P55)/3 -> 18 | R55: =Q55*90 -> 1620 | S55: 15 | T55: 16 | U55: 16 | V55: =SUM(S55:U55)/3 -> 15.666667 | W55: =V55*91 -> 1425.6667 | X55: =SUM(D55+E55+F55+I55+J55+K55+N55+O55+P55+S55+T55+U55)/12 -> 16.583333 | Y55: =X55*365 -> 6052.9167
A56: Electronic Monitoring | B56: n/a | C56: - | D56: 437 | E56: 420 | F56: 429 | G56: =SUM(D56:F56)/3 -> 428.66667 | H56: =G56*92 -> 39437.333 | I56: 447 | J56: 466 | K56: 437 | L56: =SUM(I56:K56)/3 -> 450 | M56: =L56*92 -> 41400 | N56: 419 | O56: 404 | P56: 410 | Q56: =SUM(N56:P56)/3 -> 411 | R56: =Q56*90 -> 36990 | S56: 404 | T56: 383 | U56: 373 | V56: =SUM(S56:U56)/3 -> 386.66667 | W56: =V56*91 -> 35186.667 | X56: =SUM(D56+E56+F56+I56+J56+K56+N56+O56+P56+S56+T56+U56)/12 -> 419.08333 | Y56: =X56*365 -> 152965.42
A57: Colorado | B57: 1050 | C57: - | D57: N/A | E57: N/A | F57: N/A | G57: =SUM(D57:F57)/3 -> 0 | H57: =G57*92 -> 0 | I57: N/A | J57: N/A | K57: N/A | L57: =SUM(I57:K57)/3 -> 0 | M57: =L57*92 -> 0 | N57: N/A | O57: N/A | P57: N/A | Q57: =SUM(N57:P57)/3 -> 0 | R57: =Q57*90 -> 0 | S57: N/A | T57: N/A | U57: N/A | V57: =SUM(S57:U57)/3 -> 0 | W57: =V57*91 -> 0 | X57: 0 | Y57: =X57*365 -> 0
A58: Other Out Of State | B58: n/a | C58: - | D58: 12 | E58: 12 | F58: 12 | G58: =SUM(D58:F58)/3 -> 12 | H58: =G58*92 -> 1104 | I58: 12 | J58: 11 | K58: 11 | L58: =SUM(I58:K58)/3 -> 11.333333 | M58: =L58*92 -> 1042.6667 | N58: 10 | O58: 9 | P58: 9 | Q58: =SUM(N58:P58)/3 -> 9.3333333 | R58: =Q58*90 -> 840 | S58: 9 | T58: 9 | U58: 9 | V58: =SUM(S58:U58)/3 -> 9 | W58: =V58*91 -> 819 | X58: =SUM(D58+E58+F58+I58+J58+K58+N58+O58+P58+S58+T58+U58)/12 -> 10.416667 | Y58: =X58*365 -> 3802.0833
A59: TOTAL OTHER | D59: =SUM(D53:D58) -> 1141.81 | E59: =SUM(E53:E58) -> 1133.33 | F59: =SUM(F53:F58) -> 1147.9 | G59: =SUM(D59:F59)/3 -> 1141.0133 | H59: =G59*92 -> 104973.23 | I59: =SUM(I53:I58) -> 1133.1 | J59: =SUM(J53:J58) -> 1136.73 | K59: =SUM(K53:K58) -> 1121 | L59: =SUM(I59:K59)/3 -> 1130.2767 | M59: =L59*92 -> 103985.45 | N59: =SUM(N53:N58) -> 1082.64 | O59: =SUM(O53:O58) -> 1047.14 | P59: =SUM(P53:P58) -> 1094 | Q59: =SUM(N59:P59)/3 -> 1074.5933 | R59: =Q59*90 -> 96713.4 | S59: =SUM(S53:S58) -> 1063.27 | T59: =SUM(T53:T58) -> 1005.65 | U59: =SUM(U53:U58) -> 973.23 | V59: =SUM(S59:U59)/3 -> 1014.05 | W59: =V59*91 -> 92278.55 | X59: =SUM(X53:X58) -> 1089.9833 | Y59: =SUM(Y53:Y58) -> 397843.92
A60: GRAND TOTAL | D60: =D51+D59 -> 6080.51 | E60: =E51+E59 -> 6111.23 | F60: =F51+F59 -> 6106 | G60: =G51+G59 -> 6099.2467 | H60: =SUM(H51+H59) -> 561130.69 | I60: =I51+I59 -> 6020.5 | J60: =J51+J59 -> 6012.83 | K60: =K51+K59 -> 5869.9 | L60: =SUM(I60:K60)/3 -> 5967.7433 | M60: =SUM(M51+M59) -> 549032.39 | N60: =N51+N59 -> 5829.84 | O60: =O51+O59 -> 5859.94 | P60: =P51+P59 -> 5818.8 | Q60: =SUM(N60:P60)/3 -> 5836.1933 | R60: =SUM(R51+R59) -> 525257.4 | S60: =S51+S59 -> 5798.47 | T60: =T51+T59 -> 5692.75 | U60: =U51+U59 -> 5647.03 | V60: =SUM(S60:U60)/3 -> 5712.75 | W60: =SUM(W51+W59) -> 519860.25 | X60: =X51+X59 -> 5903.9833 | Y60: =Y51+Y59 -> 2154953.9
A61: *Colorado contrat ended Sept 2013
A62: *PT. Mac combined with GCCC June 30
A63: *GCCC Beds ramp-up to 1480 by June 30
A64: *ACCE & ACCW combined totals for FY14
A65: ANNUAL TOTAL MANDAYS
A66: ANNUAL TOTAL MANDAYS
A69: ANNUAL TOTAL MANDAYS
A70: FY2015 | B70: AVERAGE DAILY INMATE POPULATION
B71: Capacity | F71: AVERAGE QTRLY | G71: Total Quarterly Mandays | K71: AVERAGE QTRLY | L71: Total Quarterly Mandays | P71: AVERAGE QTRLY | Q71: Total Quarterly Mandays | U71: AVERAGE QTRLY | V71: Total Quarterly Mandays | W71: ANNUAL AVERAGE DAILY POPULATION | X71: ANNUAL TOTAL MANDAYS
A72: Institutions | B72: GEN/Max | C72: 41821 | D72: 41852 | E72: 41883 | H72: 41913 | I72: 41944 | J72: 41974 | M72: 42005 | N72: 42036 | O72: 42064 | R72: 42095 | S72: 42125 | T72: 42156
A73: Anchorage Complex | B73: 863./829 | C73: 839.9 | D73: 851.6 | E73: 853.9 | F73: =SUM(C73:E73)/3 -> 848.46667 | G73: =F73*92 -> 78058.933 | H73: 843.4 | I73: 852.8 | J73: 853.2 | K73: =SUM(H73:J73)/3 -> 849.8 | L73: =K73*92 -> 78181.6 | M73: 871.8 | N73: 857.3 | O73: 830.4 | P73: =SUM(M73:O73)/3 -> 853.16667 | Q73: =P73*90 -> 76785 | R73: 837.8 | S73: 849.1 | T73: 843.6 | U73: =SUM(R73:T73)/3 -> 843.5 | V73: =U73*91 -> 76758.5 | W73: =SUM(C73+D73+E73+H73+I73+J73+M73+N73+O73+R73+S73+T73)/12 -> 848.73333 | X73: =W73*365 -> 309787.67
A74: Anvil Mountain CC | B74: 128/126 | C74: 121.1 | D74: 118.2 | E74: 119.4 | F74: =SUM(C74:E74)/3 -> 119.56667 | G74: =F74*92 -> 11000.133 | H74: 110.9 | I74: 105.6 | J74: 106.7 | K74: =SUM(H74:J74)/3 -> 107.73333 | L74: =K74*92 -> 9911.4667 | M74: 114.6 | N74: 117.9 | O74: 94.3 | P74: =SUM(M74:O74)/3 -> 108.93333 | Q74: =P74*90 -> 9804 | R74: 95.7 | S74: 126.2 | T74: 114.7 | U74: =SUM(R74:T74)/3 -> 112.2 | V74: =U74*91 -> 10210.2 | W74: =SUM(C74+D74+E74+H74+I74+J74+M74+N74+O74+R74+S74+T74)/12 -> 112.10833 | X74: =W74*365 -> 40919.542
A75: Fairbanks CC | B75: 259/248 | C75: 263.9 | D75: 249.5 | E75: 258.7 | F75: =SUM(C75:E75)/3 -> 257.36667 | G75: =F75*92 -> 23677.733 | H75: 248.3 | I75: 268.3 | J75: 265 | K75: =SUM(H75:J75)/3 -> 260.53333 | L75: =K75*92 -> 23969.067 | M75: 277.5 | N75: 292.3 | O75: 273.3 | P75: =SUM(M75:O75)/3 -> 281.03333 | Q75: =P75*90 -> 25293 | R75: 280.7 | S75: 286.5 | T75: 272.6 | U75: =SUM(R75:T75)/3 -> 279.93333 | V75: =U75*91 -> 25473.933 | W75: =SUM(C75+D75+E75+H75+I75+J75+M75+N75+O75+R75+S75+T75)/12 -> 269.71667 | X75: =W75*365 -> 98446.583
A76: Goose Creek CC | B76: 1472/1408 | C76: 1388.4 | D76: 1411.3 | E76: 1411.3 | F76: =SUM(C76:E76)/3 -> 1403.6667 | G76: =F76*92 -> 129137.33 | H76: 1411.9 | I76: 1424.9 | J76: 1416.8 | K76: =SUM(H76:J76)/3 -> 1417.8667 | L76: =K76*92 -> 130443.73 | M76: 1421 | N76: 1423.6 | O76: 1422.7 | P76: =SUM(M76:O76)/3 -> 1422.4333 | Q76: =P76*90 -> 128019 | R76: 1393 | S76: 1378.3 | T76: 1367.1 | U76: =SUM(R76:T76)/3 -> 1379.4667 | V76: =U76*91 -> 125531.47 | W76: =SUM(C76+D76+E76+H76+I76+J76+M76+N76+O76+R76+S76+T76)/12 -> 1405.8583 | X76: =W76*365 -> 513138.29
A77: Combined Hiland Mtn CC | B77: 404/395 | C77: 414.8 | D77: 409.1 | E77: 439.9 | F77: =SUM(C77:E77)/3 -> 421.26667 | G77: =F77*92 -> 38756.533 | H77: 423.5 | I77: 413.7 | J77: 407.7 | K77: =SUM(H77:J77)/3 -> 414.96667 | L77: =K77*92 -> 38176.933 | M77: 441.6 | N77: 429.2 | O77: 433.3 | P77: =SUM(M77:O77)/3 -> 434.7 | Q77: =P77*90 -> 39123 | R77: 421.7 | S77: 425 | T77: 426 | U77: =SUM(R77:T77)/3 -> 424.23333 | V77: =U77*91 -> 38605.233 | W77: =SUM(C77+D77+E77+H77+I77+J77+M77+N77+O77+R77+S77+T77)/12 -> 423.79167 | X77: =W77*365 -> 154683.96
A78: Ketchikan CC | B78: 58/52 | C78: 66.2 | D78: 72.6 | E78: 69 | F78: =SUM(C78:E78)/3 -> 69.266667 | G78: =F78*92 -> 6372.5333 | H78: 75 | I78: 61.9 | J78: 57.8 | K78: =SUM(H78:J78)/3 -> 64.9 | L78: =K78*92 -> 5970.8 | M78: 59 | N78: 62.9 | O78: 55.2 | P78: =SUM(M78:O78)/3 -> 59.033333 | Q78: =P78*90 -> 5313 | R78: 62.2 | S78: 55.8 | T78: 58.4 | U78: =SUM(R78:T78)/3 -> 58.8 | V78: =U78*91 -> 5350.8 | W78: =SUM(C78+D78+E78+H78+I78+J78+M78+N78+O78+R78+S78+T78)/12 -> 63 | X78: =W78*365 -> 22995
A79: Lemon Creek CC | B79: 232/226 | C79: 231.5 | D79: 231.6 | E79: 225.7 | F79: =SUM(C79:E79)/3 -> 229.6 | G79: =F79*92 -> 21123.2 | H79: 229.4 | I79: 237.3 | J79: 244.4 | K79: =SUM(H79:J79)/3 -> 237.03333 | L79: =K79*92 -> 21807.067 | M79: 253 | N79: 248.4 | O79: 243.2 | P79: =SUM(M79:O79)/3 -> 248.2 | Q79: =P79*90 -> 22338 | R79: 233 | S79: 228.4 | T79: 236.7 | U79: =SUM(R79:T79)/3 -> 232.7 | V79: =U79*91 -> 21175.7 | W79: =SUM(C79+D79+E79+H79+I79+J79+M79+N79+O79+R79+S79+T79)/12 -> 236.88333 | X79: =W79*365 -> 86462.417
A80: Mat-Su CC | B80: 102/98 | C80: 110.1 | D80: 107.3 | E80: 110.1 | F80: =SUM(C80:E80)/3 -> 109.16667 | G80: =F80*92 -> 10043.333 | H80: 112.2 | I80: 112.1 | J80: 105 | K80: =SUM(H80:J80)/3 -> 109.76667 | L80: =K80*92 -> 10098.533 | M80: 108.2 | N80: 110.9 | O80: 103.6 | P80: =SUM(M80:O80)/3 -> 107.56667 | Q80: =P80*90 -> 9681 | R80: 102.6 | S80: 101.1 | T80: 99 | U80: =SUM(R80:T80)/3 -> 100.9 | V80: =U80*91 -> 9181.9 | W80: =SUM(C80+D80+E80+H80+I80+J80+M80+N80+O80+R80+S80+T80)/12 -> 106.85 | X80: =W80*365 -> 39000.25
A81: Combined Palmer CC | B81: 514/503 | C81: =318.4+175.9 -> 494.3 | D81: =333.5+175.9 -> 509.4 | E81: =330+175.9 -> 505.9 | F81: =SUM(C81:E81)/3 -> 503.2 | G81: =F81*92 -> 46294.4 | H81: =333.6+175.6 -> 509.2 | I81: =333.4+175.7 -> 509.1 | J81: =331.5+175.9 -> 507.4 | K81: =SUM(H81:J81)/3 -> 508.56667 | L81: =K81*92 -> 46788.133 | M81: =330+175.9 -> 505.9 | N81: =334.2+176 -> 510.2 | O81: =325.2+175.8 -> 501 | P81: =SUM(M81:O81)/3 -> 505.7 | Q81: =P81*90 -> 45513 | R81: =322.3+175.9 -> 498.2 | S81: =321.4+175.7 -> 497.1 | T81: =310.7+175.6 -> 486.3 | U81: =SUM(R81:T81)/3 -> 493.86667 | V81: =U81*91 -> 44941.867 | W81: =SUM(C81+D81+E81+H81+I81+J81+M81+N81+O81+R81+S81+T81)/12 -> 502.83333 | X81: =W81*365 -> 183534.17
A82: Pt. MacKenzie | B82: 128/128 | C82: 0 | D82: 0 | E82: 0 | F82: 0 | G82: =F82*92 -> 0 | H82: 0 | I82: 0 | J82: 0 | K82: =SUM(H82:J82)/3 -> 0 | L82: =K82*92 -> 0 | M82: 0 | N82: 0 | O82: 0 | P82: =SUM(M82:O82)/3 -> 0 | Q82: =P82*90 -> 0 | R82: 0 | S82: 0 | T82: 0 | U82: =SUM(R82:T82)/3 -> 0 | V82: =U82*91 -> 0 | W82: =SUM(C82+D82+E82+H82+I82+J82+M82+N82+O82+R82+S82+T82)/12 -> 0 | X82: =W82*365 -> 0
A83: Spring Creek CC | B83: 551/535 | C83: 527.5 | D83: 525.8 | E83: 536.1 | F83: =SUM(C83:E83)/3 -> 529.8 | G83: =F83*92 -> 48741.6 | H83: 527.1 | I83: 527 | J83: 523.7 | K83: =SUM(H83:J83)/3 -> 525.93333 | L83: =K83*92 -> 48385.867 | M83: 525 | N83: 523 | O83: 527.5 | P83: =SUM(M83:O83)/3 -> 525.16667 | Q83: =P83*90 -> 47265 | R83: 532 | S83: 529.2 | T83: 529.2 | U83: =SUM(R83:T83)/3 -> 530.13333 | V83: =U83*91 -> 48242.133 | W83: =SUM(C83+D83+E83+H83+I83+J83+M83+N83+O83+R83+S83+T83)/12 -> 527.75833 | X83: =W83*365 -> 192631.79
A84: Combined Wildwood CC* | B84: 441/430 | C84: =311.6+96.8 -> 408.4 | D84: =310.5+102.5 -> 413 | E84: =321.3+111.1 -> 432.4 | F84: =SUM(C84:E84)/3 -> 417.93333 | G84: =F84*92 -> 38449.867 | H84: =315.6+121.3 -> 436.9 | I84: =308+122 -> 430 | J84: =294.8+124.6 -> 419.4 | K84: =SUM(H84:J84)/3 -> 428.76667 | L84: =K84*92 -> 39446.533 | M84: =311.7+127.5 -> 439.2 | N84: =311.1+124.9 -> 436 | O84: =323.3+116.3 -> 439.6 | P84: =SUM(M84:O84)/3 -> 438.26667 | Q84: =P84*90 -> 39444 | R84: =332.3+107.1 -> 439.4 | S84: =343.1+107.9 -> 451 | T84: =326.3+101.3 -> 427.6 | U84: =SUM(R84:T84)/3 -> 439.33333 | V84: =U84*91 -> 39979.333 | W84: =SUM(C84+D84+E84+H84+I84+J84+M84+N84+O84+R84+S84+T84)/12 -> 431.075 | X84: =W84*365 -> 157342.38
A85: Yukon-Kuskokwim CC | B85: 200/189 | C85: 204.2 | D85: 191.2 | E85: 197 | F85: =SUM(C85:E85)/3 -> 197.46667 | G85: =F85*92 -> 18166.933 | H85: 194.9 | I85: 194.2 | J85: 195.5 | K85: =SUM(H85:J85)/3 -> 194.86667 | L85: =K85*92 -> 17927.733 | M85: 204.8 | N85: 191.9 | O85: 199.9 | P85: =SUM(M85:O85)/3 -> 198.86667 | Q85: =P85*90 -> 17898 | R85: 191.4 | S85: 182.6 | T85: 170.3 | U85: =SUM(R85:T85)/3 -> 181.43333 | V85: =U85*91 -> 16510.433 | W85: =SUM(C85+D85+E85+H85+I85+J85+M85+N85+O85+R85+S85+T85)/12 -> 193.15833 | X85: =W85*365 -> 70502.792
A86: Tents | C86: 0 | D86: 0 | E86: 0 | F86: =SUM(C86:E86)/3 -> 0 | G86: =F86*92 -> 0 | H86: 0 | I86: 0 | J86: 0 | K86: =SUM(H86:J86)/3 -> 0 | L86: =K86*92 -> 0 | M86: 0 | N86: 0 | O86: 0 | P86: =SUM(M86:O86)/3 -> 0 | Q86: =P86*90 -> 0 | R86: - | S86: - | T86: - | U86: =SUM(R86:T86)/3 -> 0 | V86: =U86*91 -> 0 | W86: 0 | X86: =W86*365 -> 0
A87: TOTAL INSTITUTIONS | C87: =SUM(C73:C86) -> 5070.3 | D87: =SUM(D73:D86) -> 5090.6 | E87: =SUM(E73:E86) -> 5159.4 | F87: =SUM(C87:E87)/3 -> 5106.7667 | G87: =F87*92 -> 469822.53 | H87: =SUM(H73:H86) -> 5122.7 | I87: =SUM(I73:I86) -> 5136.9 | J87: =SUM(J73:J86) -> 5102.6 | K87: =SUM(H87:J87)/3 -> 5120.7333 | L87: =K87*92 -> 471107.47 | M87: =SUM(M73:M86) -> 5221.6 | N87: =SUM(N73:N86) -> 5203.6 | O87: =SUM(O73:O86) -> 5124 | P87: =SUM(M87:O87)/3 -> 5183.0667 | Q87: =P87*90 -> 466476 | R87: =SUM(R73:R86) -> 5087.7 | S87: =SUM(S73:S86) -> 5110.3 | T87: =SUM(T73:T86) -> 5031.5 | U87: =SUM(R87:T87)/3 -> 5076.5 | V87: =U87*91 -> 461961.5 | W87: =SUM(C87+D87+E87+H87+I87+J87+M87+N87+O87+R87+S87+T87)/12 -> 5121.7667 | X87: =SUM(X73:X86) -> 1869444.8
A88: Other
A89: CRC's | B89: 839 | C89: 739.16 | D89: 734 | E89: 727.13 | F89: =SUM(C89:E89)/3 -> 733.43 | G89: =F89*92 -> 67475.56 | H89: =655.87+53 -> 708.87 | I89: 686.93 | J89: 643 | K89: =SUM(H89:J89)/3 -> 679.6 | L89: =K89*92 -> 62523.2 | M89: 633.03 | N89: 647 | O89: 708.84 | P89: =SUM(M89:O89)/3 -> 662.95667 | Q89: =P89*90 -> 59666.1 | R89: 694.6 | S89: 682.87 | T89: 683.07 | U89: =SUM(R89:T89)/3 -> 686.84667 | V89: =U89*91 -> 62503.047 | W89: =SUM(C89+D89+E89+H89+I89+J89+M89+N89+O89+R89+S89+T89)/12 -> 690.70833 | X89: =W89*365 -> 252108.54
A90: CRC Offender Supervision | B90: 35 | C90: 11 | D90: 10.71 | E90: 9.97 | F90: =SUM(C90:E90)/3 -> 10.56 | G90: =F90*92 -> 971.52 | H90: 10 | I90: 10 | J90: 9.52 | K90: =SUM(H90:J90)/3 -> 9.84 | L90: =K90*92 -> 905.28 | M90: 8.35 | N90: 6 | O90: 5.71 | P90: =SUM(M90:O90)/3 -> 6.6866667 | Q90: =P90*90 -> 601.8 | R90: 5.53 | S90: 5.84 | T90: 5.2 | U90: =SUM(R90:T90)/3 -> 5.5233333 | V90: =U90*91 -> 502.62333 | W90: =SUM(C90+D90+E90+H90+I90+J90+M90+N90+O90+R90+S90+T90)/12 -> 8.1525 | X90: =W90*365 -> 2975.6625
A91: Treatment Beds | B91: 26 | C91: 13 | D91: 14 | E91: 16 | F91: =SUM(C91:E91)/3 -> 14.333333 | G91: =F91*92 -> 1318.6667 | H91: 18 | I91: 19 | J91: 19 | K91: =SUM(H91:J91)/3 -> 18.666667 | L91: =K91*92 -> 1717.3333 | M91: 15 | N91: 13 | O91: 11 | P91: =SUM(M91:O91)/3 -> 13 | Q91: =P91*90 -> 1170 | R91: 11 | S91: 11 | T91: 12 | U91: =SUM(R91:T91)/3 -> 11.333333 | V91: =U91*91 -> 1031.3333 | W91: =SUM(C91+D91+E91+H91+I91+J91+M91+N91+O91+R91+S91+T91)/12 -> 14.333333 | X91: =W91*365 -> 5231.6667
A92: Electronic Monitoring | B92: n/a | C92: 426 | D92: 416 | E92: 425 | F92: =SUM(C92:E92)/3 -> 422.33333 | G92: =F92*92 -> 38854.667 | H92: 428 | I92: 427 | J92: 441 | K92: =SUM(H92:J92)/3 -> 432 | L92: =K92*92 -> 39744 | M92: 452 | N92: 467 | O92: 449 | P92: =SUM(M92:O92)/3 -> 456 | Q92: =P92*90 -> 41040 | R92: 449 | S92: 448 | T92: 455 | U92: =SUM(R92:T92)/3 -> 450.66667 | V92: =U92*91 -> 41010.667 | W92: =SUM(C92+D92+E92+H92+I92+J92+M92+N92+O92+R92+S92+T92)/12 -> 440.25 | X92: =W92*365 -> 160691.25
A93: Colorado | B93: 1050 | C93: N/A | D93: N/A | E93: N/A | F93: =SUM(C93:E93)/3 -> 0 | G93: =F93*92 -> 0 | H93: N/A | I93: N/A | J93: N/A | K93: =SUM(H93:J93)/3 -> 0 | L93: =K93*92 -> 0 | M93: N/A | N93: N/A | O93: N/A | P93: =SUM(M93:O93)/3 -> 0 | Q93: =P93*90 -> 0 | R93: N/A | S93: N/A | T93: N/A | U93: =SUM(R93:T93)/3 -> 0 | V93: =U93*91 -> 0 | W93: 0 | X93: =W93*365 -> 0
A94: Other Out Of State | B94: n/a | C94: 14 | D94: 13 | E94: 13 | F94: =SUM(C94:E94)/3 -> 13.333333 | G94: =F94*92 -> 1226.6667 | H94: 13 | I94: 13 | J94: 12 | K94: =SUM(H94:J94)/3 -> 12.666667 | L94: =K94*92 -> 1165.3333 | M94: 12 | N94: 12 | O94: 12 | P94: =SUM(M94:O94)/3 -> 12 | Q94: =P94*90 -> 1080 | R94: 12 | S94: 12 | T94: 12 | U94: =SUM(R94:T94)/3 -> 12 | V94: =U94*91 -> 1092 | W94: =SUM(C94+D94+E94+H94+I94+J94+M94+N94+O94+R94+S94+T94)/12 -> 12.5 | X94: =W94*365 -> 4562.5
A95: TOTAL OTHER | C95: =SUM(C89:C94) -> 1203.16 | D95: =SUM(D89:D94) -> 1187.71 | E95: =SUM(E89:E94) -> 1191.1 | F95: =SUM(C95:E95)/3 -> 1193.99 | G95: =F95*92 -> 109847.08 | H95: =SUM(H89:H94) -> 1177.87 | I95: =SUM(I89:I94) -> 1155.93 | J95: =SUM(J89:J94) -> 1124.52 | K95: =SUM(H95:J95)/3 -> 1152.7733 | L95: =K95*92 -> 106055.15 | M95: =SUM(M89:M94) -> 1120.38 | N95: =SUM(N89:N94) -> 1145 | O95: =SUM(O89:O94) -> 1186.55 | P95: =SUM(M95:O95)/3 -> 1150.6433 | Q95: =P95*90 -> 103557.9 | R95: =SUM(R89:R94) -> 1172.13 | S95: =SUM(S89:S94) -> 1159.71 | T95: =SUM(T89:T94) -> 1167.27 | U95: =SUM(R95:T95)/3 -> 1166.37 | V95: =U95*91 -> 106139.67 | W95: =SUM(W89:W94) -> 1165.9442 | X95: =SUM(X89:X94) -> 425569.62
A96: GRAND TOTAL | C96: =C87+C95 -> 6273.46 | D96: =D87+D95 -> 6278.31 | E96: =E87+E95 -> 6350.5 | F96: =F87+F95 -> 6300.7567 | G96: =SUM(G87+G95) -> 579669.61 | H96: =H87+H95 -> 6300.57 | I96: =I87+I95 -> 6292.83 | J96: =J87+J95 -> 6227.12 | K96: =SUM(H96:J96)/3 -> 6273.5067 | L96: =SUM(L87+L95) -> 577162.61 | M96: =M87+M95 -> 6341.98 | N96: =N87+N95 -> 6348.6 | O96: =O87+O95 -> 6310.55 | P96: =SUM(M96:O96)/3 -> 6333.71 | Q96: =SUM(Q87+Q95) -> 570033.9 | R96: =R87+R95 -> 6259.83 | S96: =S87+S95 -> 6270.01 | T96: =T87+T95 -> 6198.77 | U96: =SUM(R96:T96)/3 -> 6242.87 | V96: =SUM(V87+V95) -> 568101.17 | W96: =W87+W95 -> 6287.7108 | X96: =X87+X95 -> 2295014.5
A97: *Colorado contrat ended Sept 2013
A98: *PT. Mac combined with GCCC June 30
A99: *GCCC Beds ramp-up to 1480 by June 30
A100: *ACCE & ACCW combined totals for FY14
A103: ANNUAL TOTAL MANDAYS
A104: FY2014 | B104: AVERAGE DAILY INMATE POPULATION
B105: Capacity | F105: AVERAGE QTRLY | G105: Total Quarterly Mandays | K105: AVERAGE QTRLY | L105: Total Quarterly Mandays | P105: AVERAGE QTRLY | Q105: Total Quarterly Mandays | U105: AVERAGE QTRLY | V105: Total Quarterly Mandays | W105: ANNUAL AVERAGE DAILY POPULATION | X105: ANNUAL TOTAL MANDAYS
A106: Institutions | B106: GEN/Max | C106: 41456 | D106: 41487 | E106: 41518 | H106: 41548 | I106: 41579 | J106: 41609 | M106: 41640 | N106: 41671 | O106: 41699 | R106: 41730 | S106: 41760 | T106: 41791
A107: Anchorage Complex | B107: 863./829 | C107: 941.97 | D107: 957.77 | E107: 933.83 | F107: =SUM(C107:E107)/3 -> 944.52333 | G107: =F107*92 -> 86896.147 | H107: 918.42 | I107: 899.6 | J107: 866.23 | K107: =SUM(H107:J107)/3 -> 894.75 | L107: =K107*92 -> 82317 | M107: 899.3 | N107: 927.3 | O107: 896.5 | P107: =SUM(M107:O107)/3 -> 907.7 | Q107: =P107*90 -> 81693 | R107: 793.4 | S107: 764.2 | T107: 819.9 | U107: =SUM(R107:T107)/3 -> 792.5 | V107: =U107*91 -> 72117.5 | W107: =SUM(C107+D107+E107+H107+I107+J107+M107+N107+O107+R107+S107+T107)/12 -> 884.86833 | X107: =W107*365 -> 322976.94
...

Sheet CRC Avg Info by FY
A1: COMMUNITY RESIDENTIAL CENTERS | B1: FY2017 AVERAGE YEAR TO DATE INMATE POPULATION | N1: ANNUAL AVERAGE POPULATION | O1: FY2004 ANNUAL TOTAL MANDAYS
B2: 42560 | C2: 42591 | D2: 42622 | E2: 42652 | F2: 42683 | G2: 42713 | H2: 42744 | I2: 42775 | J2: 42803 | K2: 42834 | L2: 42864 | M2: 42895
A3: Community Residential Centers | B3: ='Qtrly''s-Cntsht Book'!D22 -> 495.61 | C3: ='Qtrly''s-Cntsht Book'!E22 -> 470 | D3: ='Qtrly''s-Cntsht Book'!F22 -> 476 | E3: ='Qtrly''s-Cntsht Book'!I22 -> 430 | F3: ='Qtrly''s-Cntsht Book'!J22 -> 435 | G3: ='Qtrly''s-Cntsht Book'!K22 -> 424 | H3: ='Qtrly''s-Cntsht Book'!N22 -> 412 | I3: ='Qtrly''s-Cntsht Book'!O22 -> 432 | J3: ='Qtrly''s-Cntsht Book'!P22 -> 398 | K3: ='Qtrly''s-Cntsht Book'!S22 -> 408 | L3: ='Qtrly''s-Cntsht Book'!T22 -> 396.97 | M3: ='Qtrly''s-Cntsht Book'!U22 -> 386 | N3: =SUM(B3:M3)/12 -> 430.29833 | O3: ='Qtrly''s-Cntsht Book'!Y22 -> 157058.89
A5: COMMUNITY RESIDENTIAL CENTERS | B5: FY2016 AVERAGE YEAR TO DATE INMATE POPULATION | N5: ANNUAL AVERAGE POPULATION | O5: FY2004 ANNUAL TOTAL MANDAYS
B6: 42194 | C6: 42225 | D6: 42256 | E6: 42286 | F6: 42317 | G6: 42347 | H6: 42378 | I6: 42409 | J6: 42438 | K6: 42469 | L6: 42499 | M6: 42530
A7: Community Residential Centers | B7: ='Qtrly''s-Cntsht Book'!D53 -> 672.81 | C7: ='Qtrly''s-Cntsht Book'!E53 -> 677.1 | D7: ='Qtrly''s-Cntsht Book'!F53 -> 681.9 | E7: ='Qtrly''s-Cntsht Book'!I53 -> 648 | F7: ='Qtrly''s-Cntsht Book'!J53 -> 633.63 | G7: ='Qtrly''s-Cntsht Book'!K53 -> 647.29 | H7: ='Qtrly''s-Cntsht Book'!N53 -> 625.64 | I7: ='Qtrly''s-Cntsht Book'!O53 -> 607.83 | J7: ='Qtrly''s-Cntsht Book'!P53 -> 650 | K7: ='Qtrly''s-Cntsht Book'!S53 -> 627.2 | L7: ='Qtrly''s-Cntsht Book'!T53 -> 587.65 | M7: ='Qtrly''s-Cntsht Book'!U53 -> 561.73 | N7: =SUM(B7:M7)/12 -> 635.065 | O7: ='Qtrly''s-Cntsht Book'!Y53 -> 231798.72
A9: COMMUNITY RESIDENTIAL CENTERS | B9: FY2015 AVERAGE YEAR TO DATE INMATE POPULATION | N9: ANNUAL AVERAGE POPULATION | O9: FY2004 ANNUAL TOTAL MANDAYS
B10: 41829 | C10: 41860 | D10: 41891 | E10: 41921 | F10: 41952 | G10: 41982 | H10: 42013 | I10: 42044 | J10: 42072 | K10: 42103 | L10: 42133 | M10: 42164
A11: Community Residential Centers | B11: ='Qtrly''s-Cntsht Book'!C89 -> 739.16 | C11: ='Qtrly''s-Cntsht Book'!D89 -> 734 | D11: ='Qtrly''s-Cntsht Book'!E89 -> 727.13 | E11: ='Qtrly''s-Cntsht Book'!H89 -> 708.87 | F11: ='Qtrly''s-Cntsht Book'!I89 -> 686.93 | G11: ='Qtrly''s-Cntsht Book'!J89 -> 643 | H11: ='Qtrly''s-Cntsht Book'!M89 -> 633.03 | I11: ='Qtrly''s-Cntsht Book'!N89 -> 647 | J11: ='Qtrly''s-Cntsht Book'!O89 -> 708.84 | K11: ='Qtrly''s-Cntsht Book'!R89 -> 694.6 | L11: ='Qtrly''s-Cntsht Book'!S89 -> 682.87 | M11: ='Qtrly''s-Cntsht Book'!T89 -> 683.07 | N11: =SUM(B11:M11)/12 -> 690.70833 | O11: ='Qtrly''s-Cntsht Book'!X89 -> 252108.54
A13: COMMUNITY RESIDENTIAL CENTERS | B13: FY2014 AVERAGE YEAR TO DATE INMATE POPULATION | N13: ANNUAL AVERAGE POPULATION | O13: FY2004 ANNUAL TOTAL MANDAYS
B14: 41464 | C14: 41495 | D14: 41526 | E14: 41556 | F14: 41587 | G14: 41617 | H14: 41648 | I14: 41679 | J14: 41707 | K14: 41738 | L14: 41768 | M14: 41799
A15: Community Residential Centers | B15: ='Qtrly''s-Cntsht Book'!C123 -> 779.06 | C15: ='Qtrly''s-Cntsht Book'!D123 -> 776.29 | D15: ='Qtrly''s-Cntsht Book'!E123 -> 789.97 | E15: ='Qtrly''s-Cntsht Book'!H123 -> 756.94 | F15: ='Qtrly''s-Cntsht Book'!I123 -> 766.6 | G15: ='Qtrly''s-Cntsht Book'!J123 -> 741.45 | H15: ='Qtrly''s-Cntsht Book'!M123 -> 742.32 | I15: ='Qtrly''s-Cntsht Book'!N123 -> 764 | J15: ='Qtrly''s-Cntsht Book'!O123 -> 776.68 | K15: ='Qtrly''s-Cntsht Book'!R123 -> 753.07 | L15: ='Qtrly''s-Cntsht Book'!S123 -> 741.45 | M15: ='Qtrly''s-Cntsht Book'!T123 -> 739.17 | N15: =SUM(B15:M15)/12 -> 760.58333 | O15: ='Qtrly''s-Cntsht Book'!X123 -> 277612.92
A17: COMMUNITY RESIDENTIAL CENTERS | B17: FY2013 AVERAGE YEAR TO DATE INMATE POPULATION | N17: ANNUAL AVERAGE POPULATION | O17: FY2004 ANNUAL TOTAL MANDAYS
B18: 41099 | C18: 41130 | D18: 41161 | E18: 41191 | F18: 41222 | G18: 41252 | H18: 41283 | I18: 41314 | J18: 41342 | K18: 41373 | L18: 41403 | M18: 41434
A19: Community Residential Centers | B19: ='Qtrly''s-Cntsht Book'!C154 -> 750.68 | C19: ='Qtrly''s-Cntsht Book'!D154 -> 754.87 | D19: ='Qtrly''s-Cntsht Book'!E154 -> 733.8 | E19: ='Qtrly''s-Cntsht Book'!H154 -> 732.16 | F19: ='Qtrly''s-Cntsht Book'!I154 -> 769.5 | G19: ='Qtrly''s-Cntsht Book'!J154 -> 753 | H19: ='Qtrly''s-Cntsht Book'!M154 -> 762.26 | I19: ='Qtrly''s-Cntsht Book'!N154 -> 778.68 | J19: ='Qtrly''s-Cntsht Book'!O154 -> 781.61 | K19: ='Qtrly''s-Cntsht Book'!R154 -> 765.3 | L19: ='Qtrly''s-Cntsht Book'!S154 -> 756.16 | M19: ='Qtrly''s-Cntsht Book'!T154 -> 771.93 | N19: =SUM(B19:M19)/12 -> 759.1625 | O19: ='Qtrly''s-Cntsht Book'!X154 -> 277094.31
A21: COMMUNITY RESIDENTIAL CENTERS | B21: FY2012 AVERAGE YEAR TO DATE INMATE POPULATION | N21: ANNUAL AVERAGE POPULATION | O21: FY2004 ANNUAL TOTAL MANDAYS
B22: 40733 | C22: 40764 | D22: 40795 | E22: 40825 | F22: 40856 | G22: 40886 | H22: 40917 | I22: 40948 | J22: 40977 | K22: 41008 | L22: 41038 | M22: 41069
A23: Community Residential Centers | B23: ='Qtrly''s-Cntsht Book'!C186 -> 740 | C23: ='Qtrly''s-Cntsht Book'!D186 -> 749.84 | D23: ='Qtrly''s-Cntsht Book'!E186 -> 737.57 | E23: ='Qtrly''s-Cntsht Book'!H186 -> 743 | F23: ='Qtrly''s-Cntsht Book'!I186 -> 733.03 | G23: ='Qtrly''s-Cntsht Book'!J186 -> 738 | H23: ='Qtrly''s-Cntsht Book'!M186 -> 727.32 | I23: ='Qtrly''s-Cntsht Book'!N186 -> 744.34 | J23: ='Qtrly''s-Cntsht Book'!O186 -> 748.45 | K23: ='Qtrly''s-Cntsht Book'!R186 -> 744.97 | L23: ='Qtrly''s-Cntsht Book'!S186 -> 744.97 | M23: ='Qtrly''s-Cntsht Book'!T186 -> 740.87 | N23: =SUM(B23:M23)/12 -> 741.03 | O23: ='Qtrly''s-Cntsht Book'!X186 -> 271216.98
A25: COMMUNITY RESIDENTIAL CENTERS | B25: FY2011 AVERAGE YEAR TO DATE INMATE POPULATION | N25: ANNUAL AVERAGE POPULATION | O25: FY2004 ANNUAL TOTAL MANDAYS
B26: 40368 | C26: 40399 | D26: 40430 | E26: 40460 | F26: 40491 | G26: 40521 | H26: 40552 | I26: 40583 | J26: 40611 | K26: 40642 | L26: 40672 | M26: 40703
A27: Community Residential Centers | B27: ='Qtrly''s-Cntsht Book'!C215 -> 734.97 | C27: ='Qtrly''s-Cntsht Book'!D215 -> 733.74 | D27: ='Qtrly''s-Cntsht Book'!E215 -> 732.27 | E27: ='Qtrly''s-Cntsht Book'!H215 -> 737.87 | F27: ='Qtrly''s-Cntsht Book'!I215 -> 714 | G27: ='Qtrly''s-Cntsht Book'!J215 -> 713.77 | H27: ='Qtrly''s-Cntsht Book'!M215 -> 723.81 | I27: ='Qtrly''s-Cntsht Book'!N215 -> 730.89 | J27: ='Qtrly''s-Cntsht Book'!O215 -> 737.55 | K27: ='Qtrly''s-Cntsht Book'!R215 -> 751 | L27: ='Qtrly''s-Cntsht Book'!S215 -> 719.4 | M27: ='Qtrly''s-Cntsht Book'!T215 -> 754 | N27: =SUM(B27:M27)/12 -> 731.93917 | O27: ='Qtrly''s-Cntsht Book'!X215 -> 267157.8
A29: COMMUNITY RESIDENTIAL CENTERS | B29: FY2008 AVERAGE YEAR TO DATE INMATE POPULATION | N29: ANNUAL AVERAGE POPULATION | O29: FY2004 ANNUAL TOTAL MANDAYS
B30: 39264 | C30: 39295 | D30: 39326 | E30: 39356 | F30: 39387 | G30: 39417 | H30: 39448 | I30: 39479 | J30: 39508 | K30: 39539 | L30: 39569 | M30: 39600
A31: Community Residential Centers | B31: 546 | C31: 550 | D31: 604 | E31: 624 | F31: 648 | G31: 622 | H31: 637 | I31: 647 | J31: 630 | K31: 629 | L31: 612 | M31: 609 | N31: =SUM(B31:M31)/12 -> 613.16667 | O31: ='Qtrly''s-Cntsht Book'!$X$305 -> 224419
A33: COMMUNITY RESIDENTIAL CENTERS | B33: FY2007 AVERAGE YEAR TO DATE INMATE POPULATION | N33: ANNUAL AVERAGE POPULATION | O33: FY2004 ANNUAL TOTAL MANDAYS
B34: 38899 | C34: 38930 | D34: 38961 | E34: 38991 | F34: 39022 | G34: 39052 | H34: 39083 | I34: 39114 | J34: 39142 | K34: 39173 | L34: 39203 | M34: 39234
A35: Community Residential Centers | B35: 507 | C35: 509 | D35: 517 | E35: 505 | F35: 510 | G35: 477 | H35: 511 | I35: 533 | J35: 523 | K35: 536 | L35: 531 | M35: 531 | N35: =SUM(B35:M35)/12 -> 515.83333 | O35: ='Qtrly''s-Cntsht Book'!$X$335 -> 188279.17
A37: COMMUNITY RESIDENTIAL CENTERS | B37: FY2006 AVERAGE YEAR TO DATE INMATE POPULATION | N37: ANNUAL AVERAGE POPULATION | O37: FY2004 ANNUAL TOTAL MANDAYS
B38: 38538 | C38: 38569 | D38: 38600 | E38: 38630 | F38: 38661 | G38: 38691 | H38: 38718 | I38: 38749 | J38: 38777 | K38: 38808 | L38: 38838 | M38: 38869
A39: Community Residential Centers | B39: 615 | C39: 614 | D39: 622 | E39: 671 | F39: 640 | G39: 580 | H39: 607 | I39: 617 | J39: 610 | K39: 639 | L39: 636 | M39: 543 | N39: =SUM(B39:M39)/12 -> 616.16667 | O39: ='Qtrly''s-Cntsht Book'!$X$365 -> 224900.83
A41: COMMUNITY RESIDENTIAL CENTERS | B41: FY2005 AVERAGE YEAR TO DATE INMATE POPULATION | N41: ANNUAL AVERAGE POPULATION | O41: FY2004 ANNUAL TOTAL MANDAYS
B42: 38169 | C42: 38200 | D42: 38231 | E42: 38261 | F42: 38292 | G42: 38322 | H42: 38353 | I42: 38384 | J42: 38412 | K42: 38443 | L42: 38473 | M42: 38504
A43: Community Residential Centers | B43: 636 | C43: 646 | D43: 644 | E43: 674 | F43: 652 | G43: 631 | H43: 641 | I43: 685 | J43: 653 | K43: 622 | L43: 612 | M43: 617 | N43: =SUM(B43:M43)/12 -> 642.75 | O43: ='Qtrly''s-Cntsht Book'!$X$395 -> 234603.75
A45: COMMUNITY RESIDENTIAL CENTERS | B45: FY2004 AVERAGE YEAR TO DATE INMATE POPULATION | N45: ANNUAL AVERAGE POPULATION | O45: FY2003 ANNUAL TOTAL MANDAYS
B46: 37803 | C46: 37834 | D46: 37865 | E46: 37895 | F46: 37926 | G46: 37956 | H46: 37987 | I46: 38018 | J46: 38047 | K46: 38078 | L46: 38108 | M46: 38139
A47: Community Residential Centers | B47: 668 | C47: 661 | D47: 682 | E47: 685 | F47: 686 | G47: 683 | H47: 696 | I47: 707 | J47: 705 | K47: 688 | L47: 684 | M47: 619 | N47: =SUM(B47:M47)/12 -> 680.33333 | O47: ='Qtrly''s-Cntsht Book'!$X$429 -> 248321.67
A49: COMMUNITY RESIDENTIAL CENTERS | B49: FY2003 AVERAGE YEAR TO DATE INMATE POPULATION | N49: ANNUAL AVERAGE POPULATION | O49: FY2003 ANNUAL TOTAL MANDAYS
B50: 37438 | C50: 37469 | D50: 37500 | E50: 37530 | F50: 37561 | G50: 37591 | H50: 37624 | I50: 37655 | J50: 37683 | K50: 37714 | L50: 37744 | M50: 37775
A51: Community Residential Centers | B51: 686 | C51: 686 | D51: 603 | E51: 700 | F51: 705 | G51: 686 | H51: 709 | I51: 709 | J51: 704 | K51: 688 | L51: 690 | M51: 688 | N51: =SUM(B51:M51)/12 -> 687.83333 | O51: ='Qtrly''s-Cntsht Book'!$X$459 -> 251120
A53: COMMUNITY RESIDENTIAL CENTERS | B53: FY2002 AVERAGE YEAR TO DATE INMATE POPULATION | N53: ANNUAL AVERAGE POPULATION | O53: FY2002 ANNUAL TOTAL MANDAYS
B54: 37073 | C54: 37104 | D54: 37135 | E54: 37165 | F54: 37196 | G54: 37226 | H54: 37258 | I54: 37289 | J54: 37317 | K54: 37348 | L54: 37378 | M54: 37409
A55: Community Residential Centers | B55: 680 | C55: 686 | D55: 693 | E55: 706 | F55: 703 | G55: 675 | H55: 669 | I55: 682 | J55: 693 | K55: 686 | L55: 707 | M55: 698 | N55: =SUM(B55:M55)/12 -> 689.83333 | O55: =N55*365 -> 251789.17
A57: COMMUNITY RESIDENTIAL CENTERS | B57: FY2001 AVERAGE YEAR TO DATE INMATE POPULATION | N57: ANNUAL AVERAGE POPULATION | O57: FY2001 ANNUAL TOTAL MANDAYS
B58: 36708 | C58: 36739 | D58: 36770 | E58: 36800 | F58: 36831 | G58: 36861 | H58: 36892 | I58: 36923 | J58: 36951 | K58: 36982 | L58: 37012 | M58: 37043
A59: Community Residential Centers | B59: 639 | C59: 633 | D59: 660 | E59: 675 | F59: 683 | G59: 653 | H59: 669 | I59: 675 | J59: 643 | K59: 669 | L59: 679 | M59: 662 | N59: =SUM(B59:M59)/12 -> 661.66667 | O59: =N59*365 -> 241508.33
A61: COMMUNITY RESIDENTIAL CENTERS | B61: FY2000 AVERAGE YEAR TO DATE INMATE POPULATION | N61: ANNUAL AVERAGE POPULATION | O61: FY2000 ANNUAL TOTAL MANDAYS
B62: 36342 | C62: 36373 | D62: 36404 | E62: 36434 | F62: 36465 | G62: 36495 | H62: 36526 | I62: 36557 | J62: 36586 | K62: 36617 | L62: 36647 | M62: 36678
A63: Community Residential Centers | B63: 618 | C63: 629 | D63: 677 | E63: 684 | F63: 683 | G63: 635 | H63: 630 | I63: 663 | J63: 669 | K63: 684 | L63: 662 | M63: 645 | N63: =SUM(B63:M63)/12 -> 656.58333 | O63: 239653
A65: COMMUNITY RESIDENTIAL CENTERS | B65: FY1999 AVERAGE YEAR TO DATE INMATE POPULATION | N65: ANNUAL AVERAGE DAILY POPULATION | O65: FY1999 ANNUAL TOTAL MANDAYS
B66: 35977 | C66: 36008 | D66: 36039 | E66: 36069 | F66: 36100 | G66: 36130 | H66: 36161 | I66: 36192 | J66: 36220 | K66: 36251 | L66: 36281 | M66: 36312
A67: Community Residential Centers | B67: 670 | C67: 626 | D67: 674 | E67: 634 | F67: 627 | G67: 625 | H67: 647 | I67: 657 | J67: 644 | K67: 658 | L67: 660 | M67: 617 | N67: =SUM(B67:M67)/12 -> 644.91667 | O67: =N67*365 -> 235394.58
A69: COMMUNITY RESIDENTIAL CENTERS | B69: FY1998 AVERAGE YEAR TO DATE INMATE POPULATION | N69: ANNUAL AVERAGE DAILY POPULATION | O69: FY1999 ANNUAL TOTAL MANDAYS
B70: 35612 | C70: 35643 | D70: 35674 | E70: 35704 | F70: 35735 | G70: 35765 | H70: 35796 | I70: 35827 | J70: 35855 | K70: 35886 | L70: 35916 | M70: 35947
A71: Community Residential Centers | B71: 543 | C71: 548 | D71: 574 | E71: 616 | F71: 623 | G71: 606 | H71: 621 | I71: 633 | J71: 640 | K71: 666 | L71: 671 | M71: 664 | N71: =SUM(B71:M71)/12 -> 617.08333 | O71: 225205

Sheet COC 2014-2017 COMPARISON
A1: Institutions | B1: 2002 COC | C1: Mandays | D1: Total | F1: 2003 COC | G1: Mandays | H1: Total | I1: 2004 COC | J1: Mandays | K1: Total | L1: 2005 COC | M1: Mandays | N1: Total | O1: 2006 COC | P1: Mandays | Q1: Total | R1: 2007 COC | S1: Mandays | T1: Total | U1: 2008 COC | V1: Mandays | W1: Total | X1: 2009 COC | Y1: Mandays | Z1: Total | AA1: 2010 COC | AB1: Mandays | AC1: Total | AD1: 2011 COC | AE1: Mandays | AF1: Total | AG1: 2012 COC | AH1: Mandays | AI1: Total | AJ1: 2013 COC | AK1: Mandays | AL1: Total | AM1: 2015 COC | AN1: Mandays | AO1: Total | AP1: 2016 COC | AQ1: Mandays | AR1: Total | AS1: 2017COC | AT1: Mandays | AU1: Total | AV1: 2018 COC | AW1: Mandays | AX1: Total
A2: Anchorage Jail | B2: 4207448.5 | C2: 26754.5 | D2: 193.5088 | F2: 10007491 | G2: 144625.56 | H2: 106.85322 | I2: 10007491 | J2: 144540 | K2: 105.90032 | L2: 19164084 | M2: 297558 | N2: 99.915962 | O2: 19934909 | P2: 305007.38 | Q2: 95.644882 | R2: 22246649 | S2: 318750.85 | T2: 111.08691 | U2: 24224260 | V2: 353157 | W2: 109.64 | X2: 24473571 | Y2: 356416 | Z2: 109.02 | AA2: 24826079 | AB2: 311948 | AC2: 79.584031 | AD2: 25829995 | AE2: ='Qtrly''s-Cntsht Book'!X229+'Qtrly''s-Cntsht Book'!X231 -> 330692.43 | AF2: =AD2/AE2 -> 78.108816 | AG2: 26198323 | AH2: ='Qtrly''s-Cntsht Book'!X199+'Qtrly''s-Cntsht Book'!X201 -> 333964.35 | AI2: =AG2/AH2 -> 78.446466 | AJ2: 28150656 | AK2: ='Qtrly''s-Cntsht Book'!X170+'Qtrly''s-Cntsht Book'!X172 -> 331376.4 | AL2: =AJ2/AK2 -> 84.950697 | AM2: 29509517 | AN2: 322976.94 | AO2: =AM2/AN2 -> 91.367256 | AP2: 29681655 | AQ2: 309788 | AR2: =AP2/AQ2 -> 95.812797 | AS2: 30526128 | AT2: 301420.04 | AU2: =AS2/AT2 -> 101.27438 | AV2: ='BILLING RATE CALC'!C27 -> 31089655 | AW2: ='BILLING RATE CALC'!D27 -> 313486.33 | AX2: =AV2/AW2 -> 99.173877
A3: Anvil Mt.CC | B3: 3827124.9 | C3: 36429.525 | D3: 141.30305 | F3: 3827124.9 | G3: 38165.586 | H3: 137.93421 | I3: 4077113.6 | J3: 38325 | K3: 143.0461 | L3: 4022696.3 | M3: 39162 | N3: 138.23081 | O3: 4453361.8 | P3: 40348.317 | Q3: 140.65903 | R3: 4921141.9 | S3: 42362.63 | T3: 157.46074 | U3: 5054874.1 | V3: 38831 | W3: 171.22 | X3: 5023661 | Y3: 42158 | Z3: 159.51 | AA3: 5044648.8 | AB3: 49993 | AC3: 100.9071 | AD3: 5649294.1 | AE3: ='Qtrly''s-Cntsht Book'!X230 -> 42563.258 | AF3: =AD3/AE3 -> 132.72701 | AG3: 5244350.9 | AH3: ='Qtrly''s-Cntsht Book'!X200 -> 41384.308 | AI3: =AG3/AH3 -> 126.72317 | AJ3: 6006266.8 | AK3: ='Qtrly''s-Cntsht Book'!X171 -> 44895.39 | AL3: =AJ3/AK3 -> 133.7836 | AM3: 6689614.8 | AN3: 44782.458 | AO3: =AM3/AN3 -> 149.38025 | AP3: 6383028.2 | AQ3: 40920 | AR3: =AP3/AQ3 -> 155.98798 | AS3: 6451551 | AT3: 40615.375 | AU3: =AS3/AT3 -> 158.84504 | AV3: ='BILLING RATE CALC'!C28 -> 6206787 | AW3: ='BILLING RATE CALC'!D28 -> 37880.917 | AX3: =AV3/AW3 -> 163.84997
A4: Cook Inlet | B4: 9521144.6 | C4: 149163.33 | D4: 100.07779 | F4: 9472493.1 | G4: 139848.53 | H4: 105.3913 | I4: 9472493.1 | J4: 139795 | K4: 104.42302 | L4: * * * * * * * * * * * * | M4: * * * * * * * | N4: * * * * * * * | O4: * * * * * * * * * * * * | P4: * * * * * * * | Q4: * * * * * * * | R4: * * * * * * * * * * * * | S4: * * * * * * * | T4: * * * * * * * | U4: * * * * * * * * * * * * | V4: * * * * * * * | W4: * * * * * * * | X4: * * * * * * * * * * * * | Y4: * * * * * * * | Z4: * * * * * * * | AA4: * * * * * * * * * * * * | AB4: * * * * * * * | AC4: * * * * * * * | AD4: * * * * * * * * * * * * * * | AE4: * * * * * * * | AF4: * * * * * * * | AG4: * * * * * * * * * * * * | AH4: * * * * * * * * * * * * * * | AI4: * * * * * * * * * * * * * * | AJ4: * * * * * * * * * * * * * * | AK4: * * * * * * * * * * * * * | AM4: * * * * * * * * * * * * * * | AN4: * * * * * * * * * * * * * * | AP4: * * * * * * * * * * * * * * | AQ4: * * * * * * * * * * * * * * | AS4: * * * * * * * * * * * * * * | AT4: * * * * * * * * * * * * * * | AV4: * * * * * * * * * * * * * * | AW4: * * * * * * * * * * * * * *
A5: Fairbanks CC | B5: 6843374.9 | C5: 76108.583 | D5: 126.1634 | F5: 7166991.1 | G5: 76595.645 | H5: 131.22653 | I5: 7295965.3 | J5: 78110 | K5: 130.06943 | L5: 7181711 | M5: 77958 | N5: 127.63425 | O5: 8221892.4 | P5: 81829.35 | Q5: 130.76219 | R5: 8758697.8 | S5: 103600.08 | T5: 125.83703 | U5: 10231801 | V5: 101283 | W5: 142.06 | X5: 10195356 | Y5: 109736 | Z5: 133.26 | AA5: 9743301 | AB5: 94790 | AC5: 102.78828 | AD5: 10284011 | AE5: ='Qtrly''s-Cntsht Book'!X232 -> 107202.93 | AF5: =AD5/AE5 -> 95.930318 | AG5: 10008008 | AH5: ='Qtrly''s-Cntsht Book'!X202 -> 101125.68 | AI5: =AG5/AH5 -> 98.96604 | AJ5: 11263994 | AK5: ='Qtrly''s-Cntsht Book'!X173 -> 101981.63 | AL5: =AJ5/AK5 -> 110.45121 | AM5: 11577122 | AN5: 100018.52 | AO5: =AM5/AN5 -> 115.74978 | AP5: 11514594 | AQ5: 98447 | AR5: =AP5/AQ5 -> 116.96237 | AS5: 11556642 | AT5: 98918.042 | AU5: =AS5/AT5 -> 116.83048 | AV5: ='BILLING RATE CALC'!C29 -> 11964771 | AW5: ='BILLING RATE CALC'!D29 -> 98108.958 | AX5: =AV5/AW5 -> 121.95391
A6: GCCC | U6: * * * * * * * * * * * * * * * * * * * * * * * * * * * * * * * * * * * * * * * * * * * * * * * * * * * * * * * * * * * * * * * * * * * * * * * * * * * * * * * * * * * * * * * * * * * * * * * * * * * * * * * * * * * * * * * * * * * * * * * * * * * * | X6: * * * * * * * * * * * * | Y6: * * * * * * * * * * * * | Z6: * * * * * * * * * * * * | AA6: * * * * * * * * * * * * | AB6: * * * * * * * * * * * * | AC6: * * * * * * * * * * * * | AD6: * * * * * * * * * * * * | AE6: * * * * * * * * * * * * | AF6: * * * * * * * * * * * * | AG6: * * * * * * * * * * * * | AH6: * * * * * * * * * * * * * * | AJ6: 0 | AK6: 0 | AL6: 0 | AM6: 46469735 | AN6: 453733.33 | AO6: =AM6/AN6 -> 102.4164 | AP6: 50543418 | AQ6: 513138 | AR6: =AP6/AQ6 -> 98.498684 | AS6: 44848434 | AT6: 459224.75 | AU6: =AS6/AT6 -> 97.661186 | AV6: ='BILLING RATE CALC'!C30 -> 41672576 | AW6: ='BILLING RATE CALC'!D30 -> 461764.54 | AX6: =AV6/AW6 -> 90.246376
A7: Hiland Mt.CC | B7: 7142287.1 | C7: 105991.13 | D7: 103.63317 | F7: 7299380 | G7: 103376.09 | H7: 108.2673 | I7: 7299380 | J7: 103295 | K7: 107.32851 | L7: 7398555.7 | M7: 107970 | N7: 104.03561 | O7: 7697246.9 | P7: 113687.98 | Q7: 97.991127 | R7: 8564813.8 | S7: 122196.68 | T7: 111.38408 | U7: 9796565.5 | V7: 121011 | W7: 122 | X7: 9668374.5 | Y7: 140284 | Z7: 109.27 | AA7: 9905372.2 | AB7: 129251 | AC7: 76.636716 | AD7: 10581089 | AE7: ='Qtrly''s-Cntsht Book'!X233 -> 139120.66 | AF7: =AD7/AE7 -> 76.056916 | AG7: 10367304 | AH7: ='Qtrly''s-Cntsht Book'!X203 -> 146938.35 | AI7: =AG7/AH7 -> 70.555468 | AJ7: 11545267 | AK7: ='Qtrly''s-Cntsht Book'!X174 -> 151887.25 | AL7: =AJ7/AK7 -> 76.012088 | AM7: 12740802 | AN7: 153873.96 | AO7: =AM7/AN7 -> 82.800245 | AP7: 12664955 | AQ7: 154684 | AR7: =AP7/AQ7 -> 81.876311 | AS7: 12729366 | AT7: 135904.71 | AU7: =AS7/AT7 -> 93.663904 | AV7: ='BILLING RATE CALC'!C31 -> 13492285 | AW7: ='BILLING RATE CALC'!D31 -> 110652.79 | AX7: =AV7/AW7 -> 121.93353
A8: Ketchikan CC | B8: 2759922.4 | C8: 20514.825 | D8: 170.78053 | F8: 2953749.7 | G8: 20327.367 | H8: 182.96637 | I8: 2953749.7 | J8: 20440 | K8: 181.17144 | L8: 2733184.2 | M8: 21594 | N8: 162.08289 | O8: 2914942.7 | P8: 23087.071 | Q8: 156.54477 | R8: 3148961.3 | S8: 23551.899 | T8: 174.99676 | U8: 3501265.6 | V8: 21658 | W8: 202.7 | X8: 3732359.2 | Y8: 21250 | Z8: 215.99 | AA8: 3618116.9 | AB8: 17189 | AC8: 210.49025 | AD8: 3935511.3 | AE8: ='Qtrly''s-Cntsht Book'!X234 -> 22008.04 | AF8: =AD8/AE8 -> 178.82153 | AG8: 4110405.2 | AH8: ='Qtrly''s-Cntsht Book'!X204 -> 23030.283 | AI8: =AG8/AH8 -> 178.47827 | AJ8: 4466229.4 | AK8: ='Qtrly''s-Cntsht Book'!X175 -> 23195.555 | AL8: =AJ8/AK8 -> 192.54678 | AM8: 4477204.5 | AN8: 24480.246 | AO8: =AM8/AN8 -> 182.8905 | AP8: 4520349.4 | AQ8: 22995 | AR8: =AP8/AQ8 -> 196.57967 | AS8: 4646328.2 | AT8: 19545.75 | AU8: =AS8/AT8 -> 237.71552 | AV8: ='BILLING RATE CALC'!C32 -> 4510730.7 | AW8: ='BILLING RATE CALC'!D32 -> 18812.708 | AX8: =AV8/AW8 -> 239.7704
A9: Lemon Creek | B9: 5827761.4 | C9: 61079.708 | D9: 131.65986 | F9: 6041167.7 | G9: 60596.175 | H9: 137.35289 | I9: 6041167.7 | J9: 60590 | K9: 136.36883 | L9: 5955706.8 | M9: 61854 | N9: 131.79796 | O9: 6103915.2 | P9: 65060.946 | Q9: 124.10453 | R9: 6622278 | S9: 72068.946 | T9: 133.18178 | U9: 7491800.2 | V9: 70195 | W9: 147.77 | X9: 7881180.7 | Y9: 75821 | Z9: 144.29 | AA9: 7690593.2 | AB9: 73065 | AC9: 105.25687 | AD9: 8262094.6 | AE9: ='Qtrly''s-Cntsht Book'!X235 -> 77820.738 | AF9: =AD9/AE9 -> 106.16829 | AG9: 8336468.5 | AH9: ='Qtrly''s-Cntsht Book'!X205 -> 83881.562 | AI9: =AG9/AH9 -> 99.3838 | AJ9: 9182902.7 | AK9: ='Qtrly''s-Cntsht Book'!X176 -> 85682.125 | AL9: =AJ9/AK9 -> 107.17408 | AM9: 10195510 | AN9: 87468.904 | AO9: =AM9/AN9 -> 116.56154 | AP9: 10029719 | AQ9: 86462 | AR9: =AP9/AQ9 -> 116.00147 | AS9: 9970901.7 | AT9: 81647.458 | AU9: =AS9/AT9 -> 122.1214 | AV9: ='BILLING RATE CALC'!C33 -> 10004180 | AW9: ='BILLING RATE CALC'!D33 -> 77267.458 | AX9: =AV9/AW9 -> 129.47469
A10: Mat-Su Pre-Trial | B10: 2699075.6 | C10: 30399.329 | D10: 125.03481 | F10: 2708207.8 | G10: 29603.234 | H10: 129.14087 | I10: 2708207.8 | J10: 29565 | K10: 128.26495 | L10: 2764083.2 | M10: 31842 | N10: 122.31763 | O10: 3048248.6 | P10: 34806.461 | Q10: 117.8632 | R10: 3317571.4 | S10: 36446.102 | T10: 132.32047 | U10: 3707178.2 | V10: 38410 | W10: 137.56 | X10: 3925122.1 | Y10: 41410 | Z10: 135.14 | AA10: 4091395.2 | AB10: 37712 | AC10: 108.49054 | AD10: 4241143.1 | AE10: ='Qtrly''s-Cntsht Book'!X236 -> 38900.118 | AF10: =AD10/AE10 -> 109.02648 | AG10: 4240361.4 | AH10: ='Qtrly''s-Cntsht Book'!X206 -> 37470.596 | AI10: =AG10/AH10 -> 113.16504 | AJ10: 4486136.9 | AK10: ='Qtrly''s-Cntsht Book'!X177 -> 35165.585 | AL10: =AJ10/AK10 -> 127.5718 | AM10: 4846980.1 | AN10: 38009.275 | AO10: =AM10/AN10 -> 127.52098 | AP10: 4898489.6 | AQ10: 39000 | AR10: =AP10/AQ10 -> 125.6023 | AS10: 5095669.4 | AT10: 36630.792 | AU10: =AS10/AT10 -> 139.10891 | AV10: ='BILLING RATE CALC'!C34 -> 6077488.1 | AW10: ='BILLING RATE CALC'!D34 -> 34811.875 | AX10: =AV10/AW10 -> 174.58089
A11: Palmer CC | B11: 8207261.6 | C11: 143569.71 | D11: 93.413154 | F11: 8311351.2 | G11: 140173.08 | H11: 96.950848 | I11: 8311351.2 | J11: 140160 | K11: 95.96216 | L11: 8446993.7 | M11: 140544 | N11: 95.613558 | O11: 8922253.4 | P11: 143667.65 | Q11: 92.389534 | R11: 9956649.9 | S11: 148299.5 | T11: 108.43248 | U11: 10900064 | V11: 143253 | W11: 117.13 | X11: 11838881 | Y11: 152147 | Z11: 118.16 | AA11: 12051610 | AB11: 161728 | AC11: 74.517768 | AD11: 12507800 | AE11: ='Qtrly''s-Cntsht Book'!X237 -> 182553.53 | AF11: =AD11/AE11 -> 68.515795 | AG11: 12108369 | AH11: ='Qtrly''s-Cntsht Book'!X207 -> 183526.56 | AI11: =AG11/AH11 -> 65.97611 | AJ11: 13367393 | AK11: ='Qtrly''s-Cntsht Book'!X178 -> 183184.52 | AL11: =AJ11/AK11 -> 72.972282 | AM11: 13418699 | AN11: 183310.91 | AO11: =AM11/AN11 -> 73.201859 | AP11: 13350500 | AQ11: 183534 | AR11: =AP11/AQ11 -> 72.74129 | AS11: 13075635 | AT11: 180115.33 | AU11: =AS11/AT11 -> 72.595901 | AV11: ='BILLING RATE CALC'!C35 -> 7181922.3 | AW11: ='BILLING RATE CALC'!D35 -> 37628.775 | AX11: =AV11/AW11 -> 190.86251
A12: Pt MacKenzie Farm | I12: 2330932.1 | J12: 34310 | K12: 104.60053 | L12: 2389598.3 | M12: 35136 | N12: 103.5214 | O12: 2644884.7 | P12: 35896.99 | Q12: 103.96595 | R12: 3089261.7 | S12: 35735.507 | T12: 127.74164 | U12: 3626206.7 | V12: 39250 | W12: 133.43 | X12: 3797182.2 | Y12: 44263 | Z12: 126.14 | AA12: 3906004.5 | AB12: 42940 | AC12: 90.964241 | AD12: 3769359.7 | AE12: ='Qtrly''s-Cntsht Book'!X238 -> 42361.596 | AF12: =AD12/AE12 -> 88.980588 | AG12: 3584193.9 | AH12: ='Qtrly''s-Cntsht Book'!X208 -> 43762.587 | AI12: =AG12/AH12 -> 81.900867 | AJ12: 3810247 | AK12: ='Qtrly''s-Cntsht Book'!X179 -> 40484.48 | AL12: =AJ12/AK12 -> 94.116238 | AM12: 3051517 | AN12: 32252.008 | AO12: =AM12/AN12 -> 94.61479 | AP12: 0 | AQ12: 0 | AR12: 0 | AS12: 206733.59 | AT12: 1460 | AU12: 0 | AV12: ='BILLING RATE CALC'!C36 -> 210708.57 | AW12: ='BILLING RATE CALC'!D36 -> 35222.5 | AX12: 0
A13: Sixth Avenue | B13: 3419265.2 | C13: 31338.596 | D13: 145.35462 | F13: * * * * * * * * * * * | G13: * * * * * * * | H13: * * * * * * * | I13: * * * * * * * * * * * | J13: * * * * * * * | K13: * * * * * * * | L13: * * * * * * * * * * * | M13: * * * * * * * | N13: * * * * * * * | O13: * * * * * * * * * * * | P13: * * * * * * * | Q13: * * * * * * * | R13: * * * * * * * * * * * | S13: * * * * * * * | T13: * * * * * * * | U13: * * * * * * * * * * * | V13: * * * * * * * | W13: * * * * * * * | X13: * * * * * * * * * * * * | Y13: * * * * * * * | Z13: * * * * * * * | AA13: * * * * * * * * * * * * | AB13: * * * * * * * | AC13: * * * * * * * | AD13: * * * * * * * * * * * * | AE13: * * * * * * * | AF13: * * * * * * * | AG13: * * * * * * * * * * * * | AH13: * * * * * * * * * * * * * * | AI13: * * * * * * * | AJ13: * * * * * * * * * * * * | AK13: * * * * * * * | AL13: * * * * * * * | AM13: * * * * * * * * * * * * | AN13: * * * * * * * | AO13: * * * * * * * | AP13: * * * * * * * * * * * * | AQ13: * * * * * * * | AR13: * * * * * * * | AS13: * * * * * * * * * * * * | AT13: * * * * * * * | AU13: * * * * * * * | AV13: * * * * * * * * * * * * | AW13: * * * * * * * | AX13: * * * * * * *
A14: Spring Creek | B14: 13586190 | C14: 188029.75 | D14: 108.50299 | F14: 13814499 | G14: 174111.45 | H14: 117.00021 | I14: 13814499 | J14: 174105 | K14: 116.00893 | L14: 14201185 | M14: 177144 | N14: 115.67889 | O14: 15053553 | P14: 173736.05 | Q14: 116.93222 | R14: 16269860 | S14: 177677.44 | T14: 132.86333 | U14: 18421022 | V14: 172897 | W14: 147.59 | X14: 19526928 | Y14: 196419 | Z14: 139.76 | AA14: 19044803 | AB14: 195304 | AC14: 97.513637 | AD14: 20860193 | AE14: ='Qtrly''s-Cntsht Book'!X239 -> 200418.15 | AF14: =AD14/AE14 -> 104.08335 | AG14: 21259253 | AH14: ='Qtrly''s-Cntsht Book'!X209 -> 200520.05 | AI14: =AG14/AH14 -> 106.02058 | AJ14: 23701558 | AK14: ='Qtrly''s-Cntsht Book'!X180 -> 198029.48 | AL14: =AJ14/AK14 -> 119.68701 | AM14: 23895860 | AN14: 168351.08 | AO14: =AM14/AN14 -> 141.94064 | AP14: 21565442 | AQ14: 192632 | AR14: =AP14/AQ14 -> 111.9515 | AS14: 22390189 | AT14: 187704.29 | AU14: =AS14/AT14 -> 119.28437 | AV14: ='BILLING RATE CALC'!C37 -> 22206670 | AW14: ='BILLING RATE CALC'!D37 -> 178512.38 | AX14: =AV14/AW14 -> 124.39849
A15: Wildwood CC | B15: 8134816.6 | C15: 130177.86 | D15: 98.73748 | F15: 8641325.7 | G15: 128241.29 | H15: 105.04069 | I15: 8641325.7 | J15: 128115 | K15: 104.11289 | L15: 8271519.8 | M15: 129930 | N15: 99.172782 | O15: 8861688.3 | P15: 129263.53 | Q15: 98.841315 | R15: 9695306.6 | S15: 134469.35 | T15: 113.39418 | U15: 10448269 | V15: 133648 | W15: 119.22 | X15: 10982562 | Y15: 136916 | Z15: 120.56 | AA15: 12067389 | AB15: 132834 | AC15: 90.845634 | AD15: 12779068 | AE15: ='Qtrly''s-Cntsht Book'!X240 -> 139381.94 | AF15: =AD15/AE15 -> 91.683817 | AG15: 12467852 | AH15: ='Qtrly''s-Cntsht Book'!X210 -> 146609.85 | AI15: =AG15/AH15 -> 85.04102 | AJ15: 14244441 | AK15: ='Qtrly''s-Cntsht Book'!X181 -> 157539.82 | AL15: =AJ15/AK15 -> 90.418036 | AM15: 15292805 | AN15: 158056.86 | AO15: =AM15/AN15 -> 96.755085 | AP15: 15360566 | AQ15: 157342 | AR15: =AP15/AQ15 -> 97.625341 | AS15: 15004487 | AT15: 146872.96 | AU15: =AS15/AT15 -> 102.15963 | AV15: ='BILLING RATE CALC'!C38 -> 14957571 | AW15: ='BILLING RATE CALC'!D38 -> 140722.71 | AX15: =AV15/AW15 -> 106.2911
A16: YKCC | B16: 3868924.8 | C16: 35373.062 | D16: 145.62235 | F16: 4147309.4 | G16: 39512.345 | H16: 142.61973 | I16: 4147309.4 | J16: 39420 | K16: 141.87139 | L16: 4309167.8 | M16: 43920 | N16: 133.62545 | O16: 4247216.1 | P16: 41160.776 | Q16: 133.47211 | R16: 4428785.9 | S16: 42733.592 | T16: 144.93079 | U16: 4844664.5 | V16: 40962 | W16: 159.31 | X16: 5212389.8 | Y16: 39962 | Z16: 170.78 | AA16: 5636452.8 | AB16: 43264 | AC16: 130.28044 | AD16: 5676041.7 | AE16: ='Qtrly''s-Cntsht Book'!X241 -> 46919.837 | AF16: =AD16/AE16 -> 120.97317 | AG16: 5845332 | AH16: ='Qtrly''s-Cntsht Book'!X211 -> 57401.421 | AI16: =AG16/AH16 -> 101.83253 | AJ16: 7724430.6 | AK16: ='Qtrly''s-Cntsht Book'!X182 -> 56705.905 | AL16: =AJ16/AK16 -> 136.21916 | AM16: 8442685.9 | AN16: 71491.029 | AO16: =AM16/AN16 -> 118.09434 | AP16: 8305514 | AQ16: 70503 | AR16: =AP16/AQ16 -> 117.8037 | AS16: 8415108.7 | AT16: 67050.5 | AU16: =AS16/AT16 -> 125.50404 | AV16: ='BILLING RATE CALC'!C39 -> 8388146.8 | AW16: ='BILLING RATE CALC'!D39 -> 59288.167 | AX16: =AV16/AW16 -> 141.48096
A17: Tents | B17: 165372.83 | C17: 5900.8333 | D17: 64.272798 | F17: 128974.18 | G17: 1520.8333 | H17: 122.4623 | I17: * * * * * * * * * * * | J17: * * * * * * * | K17: * * * * * * * | L17: * * * * * * * * * * * * | M17: * * * * * * * | N17: * * * * * * * | O17: * * * * * * * * * * * * | P17: * * * * * * * | Q17: * * * * * * * | R17: * * * * * * * * * * * * | S17: * * * * * * * | T17: * * * * * * * | U17: * * * * * * * * * * * * | V17: * * * * * * * | W17: * * * * * * * | X17: * * * * * * * * * * * * | Y17: * * * * * * * | Z17: * * * * * * * | AA17: * * * * * * * * * * * * | AB17: * * * * * * * | AC17: * * * * * * * | AD17: * * * * * * * * * * * * | AE17: * * * * * * * | AF17: * * * * * * * | AG17: * * * * * * * * * * * * | AH17: * * * * * * * * * * * * * * | AI17: * * * * * * * | AJ17: * * * * * * * * * * * * | AK17: * * * * * * * | AL17: * * * * * * * | AM17: * * * * * * * * * * * * | AN17: * * * * * * * | AO17: * * * * * * * | AP17: * * * * * * * * * * * * | AQ17: * * * * * * * | AR17: * * * * * * * | AS17: * * * * * * * * * * * * | AT17: * * * * * * * | AU17: * * * * * * * | AV17: * * * * * * * * * * * * | AW17: * * * * * * * | AX17: * * * * * * *
A18: Totals | B18: 80209970 | C18: 1040830.7 | D18: 113.31 | F18: 84520064 | G18: 1096697.2 | H18: 114.96 | I18: 87100985 | J18: 1130770 | K18: 113.69 | L18: 86838486 | M18: 1164612 | N18: 110.08 | O18: 92104112 | P18: 1187552.5 | Q18: 107.42 | R18: 1.0101998e+08 | S18: 1257892.6 | T18: 121.6 | U18: 1.1224797e+08 | V18: 1274555 | W18: 129.11 | X18: 1.1625757e+08 | Y18: 1356782 | Z18: 126.04 | AA18: 1.1762577e+08 | AB18: 1290018 | AC18: 134.21 | AD18: =SUM(AD2:AD17) -> 1.243756e+08 | AE18: =SUM(AE2:AE17) -> 1369943.2 | AF18: 136.44 | AG18: =SUM(AG2:AG17) -> 1.2377022e+08 | AH18: =SUM(AH2:AH17) -> 1399615.6 | AI18: 134.9 | AJ18: =SUM(AJ2:AJ17) -> 1.3794952e+08 | AK18: =SUM(AK2:AK17) -> 1410128.2 | AL18: 147.21 | AM18: =SUM(AM2:AM17) -> 1.9060805e+08 | AN18: =SUM(AN2:AN17) -> 1838805.5 | AO18: 142.66 | AP18: =SUM(AP2:AP17) -> 1.8881823e+08 | AQ18: =SUM(AQ2:AQ17) -> 1869445 | AR18: 141.17 | AS18: 1.8491717e+08 | AT18: 1757110 | AU18: 149.62 | AV18: =SUM(AV2:AV17) -> 1.7796349e+08 | AW18: =SUM(AW2:AW17) -> 1604160.1 | AX18: ='BILLING RATE CALC'!J40 -> 162.48569
AE19: 1369943 | AH19: 1399616 | AJ19: 1.3794952e+08 | AK19: 1410128 | AM19: 1.9060805e+08 | AN19: 1838806 | AP19: 1.8881823e+08 | AQ19: 1869445 | AS19: 1.8491717e+08 | AT19: 1757110 | AV19: 1.8491717e+08 | AW19: 1757110
A21: The "Total Cost" columns only represent costs associated with the Institutions and does not include other costs. The "Total" column should reflect "Inst. Cost" rate shown on BILLING RATE CALC tab.
A25: Revised: 10/26/17 lj
AC42: ; | AF42: ;

Sheet Sheet1
